Workbook

Sheet SUMMARY
F1: #VALUE!
D7: BILL OF QUANTITIES
D8: ACSA KSIA POWER FACTOR CORRECTION UPGRADE
D11: SUMMARY OF BILL OF QUANTITIES - Tender BoQ
D13: SECTION | E13: DESCRIPTION | G13: AMOUNT
D15: SECTION 1 | E15: PRELIMINARIES AND GENERAL | G15: ='SECTION 1-P&G'!H30 -> 70000
D16: SECTION 2 | E16: MSP LV Switchroom | G16: ='SECT 2- MSP LV SR'!$J$76 -> 0
D17: SECTION 3 | E17: ATC LV Switchroom | G17: 0
D18: SECTION 4 | E18: Airside Substation 1 | G18: ='SECT 4- AIRSIDE SS 1'!$J$76 -> 0
D19: SECTION 5 | E19: Airside Substation 2 | G19: ='SECT 5- AIRSIDE SS 2'!$J$72 -> 0
D20: SECTION 6 | E20: Airside Substation 3 | G20: ='SECT 6- AIRSIDE SS 3'!$J$65 -> 0
D21: SECTION 7 | E21: Airside Substation 4 | G21: ='SECT 7- AIRSIDE SS 4'!$J$80 -> 0
D22: SECTION 8 | E22: Terminal Building Substation A2 | G22: ='SECT 8- TERMINAL BDG SS A2'!$J$85 -> 0
D23: SECTION 9 | E23: Sky Tanking - Fuel Storage Depot MCC | G23: ='SECT 9- SKY TANK FSD 2'!$J$83 -> 0
D24: SECTION 10 | E24: Sky Tanking - Forward Fuel Depot MCC | G24: ='SECT 10 - SKY TANK FFD'!$J$68 -> 0
D25: SECTION 11 | E25: General | G25: ='SECT 11 - GENERAL'!$J$22 -> 1000000
E26: SUB-TOTAL | G26: =SUM($G$15:$G$25) -> 1070000
E27: Contract skills development goal (CSDG) @ 0.25% | G27: =G26*0.25% -> 2675
E28: Contingency @ 10% | G28: =0.1*$G$26 -> 107000
E29: TOTAL (Excl.VAT) | G29: =$G$26+$G$28+G27 -> 1179675
D30: ADD | E30: VAT @ 15% | G30: =$G$29*0.15 -> 176951.25
E31: TOTAL (INCL. VAT) | G31: =$G$29+$G$30 -> 1356626.2
D32: The Bill of Quantities (BoQ) shall be submitted in PRINTED PDF format, duly completed, signed and shall form part of the NEC3 Engineering and Construction Contract (ECC).
D34: BIDDING ENTITY/COMPANY : ___________________________________________ SIGNATURE (Duly Authorised) : __________________________________________ DATE: _______________ NAME: ____________________________________________________

Sheet SECTION 1-P&G
G1: #VALUE!
C7: BILL OF QUANTITIES
C8: =SUMMARY!D8 -> ACSA KSIA POWER FACTOR CORRECTION UPGRADE
C9: SECTION 1: PRELIMINARIES AND GENERAL
C11: ITEM No. | D11: DESCRIPTION | E11: UNIT | F11: QUANTITY | G11: RATE | H11: TOTAL EXCL VAT
D13: REFER TO ATTACHED DOCUMENTS FOR DETAILS:
D14: In accordance with the conditions of Contract, provide for all expenses, obligations and general items pertaining to such conditions and all items not specifically specified or mentioned to enable the works to be completed in a satisfactory manner.
C16: 1 | D16: Fixed Charge Items
C17: 1.1 | D17: Site camp establishment including fencing, clearing the area and project Notice Board | E17: Sum | F17: 1 | H17: =G17*F17 -> 0
C18: 1.2 | D18: Office and storage sheds/containers and Ablutions | E18: Sum | F18: 1 | H18: =G18*F18 -> 0
C19: 1.3 | D19: Travelling and Transportation costs | E19: Sum | F19: 1 | H19: =G19*F19 -> 0
C20: 1.4 | D20: Preparation of Health & Safety File, attendance of site Health and Safety meetings, and compliance with the Health and Safety Act. | E20: Sum | F20: 1 | H20: =G20*F20 -> 0
C21: 1.5 | D21: Provision of barricades, danger tape, warning signs, First Aid Kits etc. | E21: Sum | F21: 1 | H21: =G21*F21 -> 0
C22: 1.6 | D22: Contractors Design conducted by Electrical Engineer (ECSA registered) | E22: Sum | F22: 1 | H22: =G22*F22 -> 0
C23: 1.7 | D23: As-builts: Three sets of electronic and hard copies of "As- built" drawings, test certificates, operating and maintenance manuals and Commissioning report to be submitted to Engineer on hand-over. | E23: Sum | F23: 1 | H23: =G23*F23 -> 0
C24: 1.8 | D24: Training of employer’s staff (30 persons). Training to encompass full Operation & Maintenance procedures & activities | E24: Sum | F24: 1 | H24: =G24*F24 -> 0
C25: 1.9 | D25: Cleaning/Site Rehab of site upon completion, including de-establishment | E25: Sum | F25: 1 | H25: =G25*F25 -> 0
C26: 1.10 | D26: Provisional sum for ACSA safety inductions for access, permits and parking | E26: Sum | F26: 1 | G26: 70000 | H26: =G26*F26 -> 70000
C27: 2 | D27: Time Related Items
C28: 2.1 | D28: Provision of Full time Health & Safety Officer for duration of contract (SACPCMP registered) | E28: Months | F28: 24 | H28: =G28*F28 -> 0
C29: 2.2 | D29: Provision of security guards (24 hours per day, 7 days a week) | E29: Months | F29: 24 | H29: =G29*F29 -> 0
D30: TOTAL CARRIED TO SUMMARY PAGE (EXCL VAT) | H30: =SUM(H17:H29) -> 70000
C31: The Bill of Quantities (BoQ) shall be submitted in PRINTED PDF format, duly completed, signed and shall form part of the NEC3 Engineering and Construction Contract (ECC).
C32: BIDDING ENTITY/COMPANY : ___________________________________________ SIGNATURE (Duly Authorised) : __________________________________________ DATE: _______________ NAME: ____________________________________________________

Sheet SECT 2- L Block Old 
A1: BILL OF QUANTITIES
A2: ='[1]SECTION 1-P&G'!A2:K2 -> MUT - Alternative Energy supply
A3: SECTION 2: SOLAR PV / BATTERY SYSTEM
C4: A | D4: B | E4: C | F4: D | G4: E | H4: F | I4: G | J4: H | K4: I | L4: J | M4: K
A5: ITEM No. | B5: DESCRIPTION | C5: UNIT | D5: QUANTITY | E5: SUPPLY RATE (COST) | F5: MARK UP % | G5: SUPPLY RATE (MARKED UP) | H5: Install Rate | I5: MARK UP % | J5: INSTALL RATE (Marked up) | K5: LABOUR TOTAL | L5: RATE (E+H) | M5: TOTAL (BxJ)
A7: 2 | D7: INVERTERS, SOLAR PV MODULES, BATTERIES, AC EQUIPMENT & CABLING
A9: 2.1 | D9: Solar PV Panels
A11: 2.1.2 | B11: L block Old -Supply, Deliver, Install, Test & Commission 550W Canadian Solar Super High Power Mono PERC or Equivalent to Engineer's approval. Inclusive of earthing & bonding complete | C11: ea | D11: =109 -> 109 | E11: =1623.93 -> 1623.93 | F11: 0.25 | G11: =E11/(1-F11) -> 2165.24 | H11: 350 | I11: 0.15 | J11: =H11*(1+I11) -> 402.5 | K11: =J11*D11 -> 43872.5 | L11: =G11+J11 -> 2567.74 | M11: =D11*L11 -> 279883.66
A13: 2.2 | D13: Inverters
A14: 2.2.2 | B14: L Block Old-Supply, Deliver, Install, Test & Commission 50kW 3P Sunsynk hybrid inverter | C14: No. | D14: 2 | E14: 87286.19 | F14: 0.2 | G14: =E14/(1-F14) -> 109107.74 | H14: =(550*8)+3600 -> 8000 | I14: 0.15 | J14: =H14*(1+I14) -> 9200 | K14: =J14*D14 -> 18400 | L14: =G14+J14 -> 118307.74 | M14: =D14*L14 -> 236615.48
A16: 2.3 | D16: Automatic Transfer Switch (ATS)
A17: 2.3.2 | B17: L Block Old Supply, Deliver, Install, Test & Commission Changeover Switch | C17: No. | D17: 1 | E17: 20000 | F17: 0.2 | G17: =E17/(1-F17) -> 25000 | H17: =(550*4)+3500 -> 5700 | I17: 0.15 | J17: =H17*(1+I17) -> 6555 | K17: =J17*D17 -> 6555 | L17: =G17+J17 -> 31555 | M17: =D17*L17 -> 31555
A18: 2.3.3 | B18: L Block Old Supply, Deliver, Install, Test & Commission Elum SD Genset controller | C18: No. | D18: 1 | E18: 70000 | F18: 0.2 | G18: =E18/(1-F18) -> 87500 | H18: =(550*4)+3500 -> 5700 | I18: 0.15 | J18: =H18*(1+I18) -> 6555 | K18: =J18*D18 -> 6555 | L18: =G18+J18 -> 94055 | M18: =D18*L18 -> 94055
A19: 2.4 | D19: Battery System
A20: 2.4.1 | B20: L Block Old-Supply, Deliver, Install, Test & Commission Lithium Batteries to provide backup. 200/160 HV | C20: Sum | D20: 2 | E20: =906452.58*1.2 -> 1087743.1 | F20: 0.2 | G20: =E20/(1-F20) -> 1359678.9 | H20: =(550*8)+3600 -> 8000 | I20: 0.15 | J20: =H20*(1+I20) -> 9200 | K20: =J20*D20 -> 18400 | L20: =G20+J20 -> 1368878.9 | M20: =D20*L20 -> 2737757.7
A22: 2.4.4
B23: Supply, Deliver, Install, Test & Commission Fuse Disconnectors with 250A fuses for Battery | C23: No. | D23: 4 | E23: =1888.71*1.15 -> 2172.0165 | F23: 0.2 | G23: =E23/(1-F23) -> 2715.0206 | H23: =250*1 -> 250 | I23: 0.15 | J23: =H23*(1+I23) -> 287.5 | K23: =J23*D23 -> 1150 | L23: =G23+J23 -> 3002.5206 | M23: =D23*L23 -> 12010.082
A25: 2.5 | D25: Mounting Structure, Clamps & Walkways
A26: 2.5.1 | B26: Mounting Structures. Material to be aluminium and must include a 10 year warranty | C26: ea | D26: 109 | E26: 650 | F26: 0.2 | G26: =E26/(1-F26) -> 812.5 | H26: =(((5*200)*4)*1.2)/D26 -> 44.036697 | I26: 0.15 | J26: =H26*(1+I26) -> 50.642202 | K26: =J26*D26 -> 5520 | L26: =G26+J26 -> 863.1422 | M26: =D26*L26 -> 94082.5
B27: Cable Support/Wireways etc. Material to be galvanized steel | C27: Sum | D27: 1 | E27: =10000 -> 10000 | F27: 0.2 | G27: =E27/(1-F27) -> 12500 | H27: =2500*3 -> 7500 | I27: 0.15 | J27: =H27*(1+I27) -> 8625 | K27: =J27*D27 -> 8625 | L27: =G27+J27 -> 21125 | M27: =D27*L27 -> 21125
A29: 2.6 | D29: DC Cabling
A30: 2.6.1 | B30: 4mmsq Solar PV DC cables from panels to DC combiner box. Red cable for positive (+) and Black cable for negative (-) to SANS10142-1. UV resistant to EN50618 & TUV certified. Including MC4 connectors complete | C30: m | D30: 230 | E30: =14.85*1.15 -> 17.0775 | F30: 0.2 | G30: =E30/(1-F30) -> 21.346875 | H30: =39 -> 39 | I30: 0.15 | J30: =H30*(1+I30) -> 44.85 | K30: =J30*D30 -> 10315.5 | L30: =G30+J30 -> 66.196875 | M30: =D30*L30 -> 15225.281
A31: 2.6.2 | B31: 70mm2 Single core DC cable for Batteries | C31: m | D31: 6 | E31: =180*1.15 -> 207 | F31: 0.2 | G31: =E31/(1-F31) -> 258.75 | H31: =65 -> 65 | I31: 0.15 | J31: =H31*(1+I31) -> 74.75 | K31: =J31*D31 -> 448.5 | L31: =G31+J31 -> 333.5 | M31: =D31*L31 -> 2001
A32: 2.6.3 | B32: 50mm2 Single core DC cable for Batteries | C32: m | D32: 0 | E32: =190 -> 190 | F32: 0.2 | G32: =E32/(1-F32) -> 237.5 | H32: =65 -> 65 | I32: 0.15 | J32: =H32*(1+I32) -> 74.75 | K32: =J32*D32 -> 0 | L32: =G32+J32 -> 312.25 | M32: =D32*L32 -> 0
B33: 25mm2 Single core DC cable for Batteries | C33: m | D33: 0 | E33: =110 -> 110 | F33: 0.2 | G33: =E33/(1-F33) -> 137.5 | H33: =65 -> 65 | I33: 0.15 | J33: =H33*(1+I33) -> 74.75 | K33: =J33*D33 -> 0 | L33: =G33+J33 -> 212.25 | M33: =D33*L33 -> 0
A35: 2.7 | D35: DC Combiner Box
A36: 2.7.1 | B36: DC Combiner Box including the ffg components: 1000V rating, 1 X MPPT, 8 Inputs & 1 Output, 160A Isolator, Type 1 & 2 Surge Protection device, Inclusive of fuses. | C36: No. | D36: 1 | E36: =13501.37*1.2 -> 16201.644 | F36: 0.2 | G36: =E36/(1-F36) -> 20252.055 | H36: =250*2 -> 500 | I36: 0.15 | J36: =H36*(1+I36) -> 575 | K36: =J36*D36 -> 575 | L36: =G36+J36 -> 20827.055 | M36: =D36*L36 -> 20827.055
A37: 2.7.2 | B37: DC Combiner Box including the ffg components: 1000V rating, 4 X MPPT, 8 Inputs & 8 Output, 160A Isolator, Type 1 & 2 Surge Protection device, Inclusive of fuses. | C37: No. | D37: 0 | E37: =13501.37*1.2 -> 16201.644 | F37: 0.2 | G37: =E37/(1-F37) -> 20252.055 | H37: =250*2 -> 500 | I37: 0.15 | J37: =H37*(1+I37) -> 575 | K37: =J37*D37 -> 0 | L37: =G37+J37 -> 20827.055 | M37: =D37*L37 -> 0
A39: 2.8 | D39: Circuit Breakers
A41: 2.8.1 | B41: Supply, Deliver, Install new 400V, 200A, 6kA, 3P,adjustable MCCB | C41: No. | D41: 2 | E41: 2500 | F41: 0.2 | G41: =E41/(1-F41) -> 3125 | H41: =(250+100)*4 -> 1400 | I41: 0.15 | J41: =H41*(1+I41) -> 1610 | K41: =J41*D41 -> 3220 | L41: =G41+J41 -> 4735 | M41: =D41*L41 -> 9470
A43: 2.8.2 | B43: Supply, Deliver, Install new 400V, 150A, 6kA, 4P, adjustable MCCB | C43: No. | D43: 0 | E43: 1800 | F43: 0.2 | G43: =E43/(1-F43) -> 2250 | H43: =(250+100)*4 -> 1400 | I43: 0.15 | J43: =H43*(1+I43) -> 1610 | K43: =J43*D43 -> 0 | L43: =G43+J43 -> 3860 | M43: =D43*L43 -> 0
A45: 2.8.3 | B45: Supply, Deliver, Install new 400V, 80A, 6kA, 3P, MCB | C45: No. | D45: =2 + N("Isolators") -> 2 | E45: 1734.1 | F45: 0.2 | G45: =E45/(1-F45) -> 2167.625 | H45: =(250+100)*4 -> 1400 | I45: 0.15 | J45: =H45*(1+I45) -> 1610 | K45: =J45*D45 -> 3220 | L45: =G45+J45 -> 3777.625 | M45: =D45*L45 -> 7555.25
A47: 2.8.4 | B47: Supply, Deliver, Install new 400V, 80A, 4P N/O Contactor | C47: No. | D47: 1 | E47: =550*1.2 -> 660 | F47: 0.2 | G47: =E47/(1-F47) -> 825 | H47: =(250+100)*4 -> 1400 | I47: 0.15 | J47: =H47*(1+I47) -> 1610 | K47: =J47*D47 -> 1610 | L47: =G47+J47 -> 2435 | M47: =D47*L47 -> 2435
A49: 2.9 | D49: Distribution Boards
A51: 2.9.1 | B51: Supply, Deliver, Install new 8-way LV Distribution Board | C51: No. | D51: 0 | E51: 2500 | F51: 0.2 | G51: =E51/(1-F51) -> 3125 | H51: =250*1 -> 250 | I51: 0.15 | J51: =H51*(1+I51) -> 287.5 | K51: =J51*D51 -> 0 | L51: =G51+J51 -> 3412.5 | M51: =D51*L51 -> 0
A53: 2.9.2 | B53: Supply, Deliver, Install new 16-way LV Distribution Board | C53: No. | D53: 3 | E53: 5729 | F53: 0.2 | G53: =E53/(1-F53) -> 7161.25 | H53: 250 | I53: 0.15 | J53: =H53*(1+I53) -> 287.5 | K53: =J53*D53 -> 862.5 | L53: =G53+J53 -> 7448.75 | M53: =D53*L53 -> 22346.25
A55: 2.9.3 | B55: Supply, Deliver, Install Surge Arrestor Din 3 Pole+Neutral 20kA 1.3kV type 1 & 2 | C55: No. | D55: 1 | E55: =5729 -> 5729 | F55: 0.2 | G55: =E55/(1-F55) -> 7161.25 | H55: 250 | I55: 0.15 | J55: =H55*(1+I55) -> 287.5 | K55: =J55*D55 -> 287.5 | L55: =G55+J55 -> 7448.75 | M55: =D55*L55 -> 7448.75
A57: 2.9.4 | B57: Supply, Deliver, Install new 300/5A, 10VA Current transformers as required to integrate the new system | C57: No. | D57: 3 | E57: 350 | F57: 0.2 | G57: =E57/(1-F57) -> 437.5 | H57: 250 | I57: 0.15 | J57: =H57*(1+I57) -> 287.5 | K57: =J57*D57 -> 862.5 | L57: =G57+J57 -> 725 | M57: =D57*L57 -> 2175
A59: 2.9.5 | B59: Supply, Deliver, Install & Terminate 7C, 4mm control cable between CT's and Inverter | C59: m | D59: 2 | E59: =35 -> 35 | F59: 0.2 | G59: =E59/(1-F59) -> 43.75 | H59: =(65*3) -> 195 | I59: 0.15 | J59: =H59*(1+I59) -> 224.25 | K59: =J59*D59 -> 448.5 | L59: =G59+J59 -> 268 | M59: =D59*L59 -> 536
A61: 2.9.6 | B61: Disconnect & Remove existing equipment as per scope of works | C61: Sum | D61: 1 | E61: 1 | F61: 0.2 | G61: =E61/(1-F61) -> 1.25 | H61: =2500*3 -> 7500 | I61: 0.15 | J61: =H61*(1+I61) -> 8625 | K61: =J61*D61 -> 8625 | L61: =G61+J61 -> 8626.25 | M61: =D61*L61 -> 8626.25
A63: 2.1 | D63: Steel Stand for Equipment
A64: 2.10.1 | B64: Fabricate & Install galvanized steel stand for new Inverter. Dimensions: 1200 x 800 x 300mm (L X B X H) | C64: No. | D64: 3 | E64: 10000 | F64: 0.16 | G64: =E64/(1-F64) -> 11904.762 | H64: 200 | I64: 0.15 | J64: =H64*(1+I64) -> 230 | K64: =J64*D64 -> 690 | L64: =G64+J64 -> 12134.762 | M64: =D64*L64 -> 36404.286
A66: 2.10.2 | B66: Fabricate & Install galvanized steel stand for new ATS. Dimensions: 700 x 500 x 300mm (L X B X H) | C66: No. | D66: 0 | E66: 7500 | F66: 0.16 | G66: =E66/(1-F66) -> 8928.5714 | H66: 200 | I66: 0.15 | J66: =H66*(1+I66) -> 230 | K66: =J66*D66 -> 0 | L66: =G66+J66 -> 9158.5714 | M66: =D66*L66 -> 0
A68: 2.11 | D68: AC CABLING
B70: Supply, Deliver, Install & Test LV ECC CABLES (4 Core Cu PVC/SWA/PVC)
B72: Laid in ground or Clamped to cable ladder or cable tray with K clamps at 1500mm spacing or to manufacturers recommendations. Type: Aberdare, Africa Cables or equal and approved by Engineer
A74: 2.11.1 | B74: 70 mm² 4-core | C74: m | D74: 12 | E74: 947.75 | F74: 0.25 | G74: =E74/(1-F74) -> 1263.6667 | H74: 25 | I74: 0.15 | J74: =H74*(1+I74) -> 28.75 | K74: =J74*D74 -> 345 | L74: =G74+J74 -> 1292.4167 | M74: =D74*L74 -> 15509
A75: 2.11.2 | B75: 50 mm² 4-core | C75: m | D75: 0 | E75: 686.12 | F75: 0.25 | G75: =E75/(1-F75) -> 914.82667 | H75: 25 | I75: 0.15 | J75: =H75*(1+I75) -> 28.75 | K75: =J75*D75 -> 0 | L75: =G75+J75 -> 943.57667 | M75: =D75*L75 -> 0
A76: 2.11.3 | B76: 35 mm² 4-core | C76: m | D76: 0 | E76: 634 | F76: 0.25 | G76: =E76/(1-F76) -> 845.33333 | H76: 25 | I76: 0.15 | J76: =H76*(1+I76) -> 28.75 | K76: =J76*D76 -> 0 | L76: =G76+J76 -> 874.08333 | M76: =D76*L76 -> 0
A77: 2.11.4 | B77: 25 mm² 4-core | C77: m | D77: 0 | E77: 450 | F77: 0.25 | G77: =E77/(1-F77) -> 600 | H77: 25 | I77: 0.15 | J77: =H77*(1+I77) -> 28.75 | K77: =J77*D77 -> 0 | L77: =G77+J77 -> 628.75 | M77: =D77*L77 -> 0
A78: 2.11.5 | B78: 16 mm² 4-core | C78: m | D78: 0 | E78: 380 | F78: 0.25 | G78: =E78/(1-F78) -> 506.66667 | H78: 25 | I78: 0.15 | J78: =H78*(1+I78) -> 28.75 | K78: =J78*D78 -> 0 | L78: =G78+J78 -> 535.41667 | M78: =D78*L78 -> 0
A79: 2.11.6 | B79: 10 mm² 4-core | C79: m | D79: 0 | E79: =215 -> 215 | F79: 0.25 | G79: =E79/(1-F79) -> 286.66667 | H79: 25 | I79: 0.15 | J79: =H79*(1+I79) -> 28.75 | K79: =J79*D79 -> 0 | L79: =G79+J79 -> 315.41667 | M79: =D79*L79 -> 0
A81: 2.12 | D81: GENERAL PURPOSE WIRE
A83: 2.12.1 | B83: 35 mm² GPW | C83: m | D83: 8 | E83: 109.45 | F83: 0.2 | G83: =E83/(1-F83) -> 136.8125 | H83: 50 | I83: 0.15 | J83: =H83*(1+I83) -> 57.5 | K83: =J83*D83 -> 460 | L83: =G83+J83 -> 194.3125 | M83: =D83*L83 -> 1554.5
B84: 16 mm² GPW | C84: m | D84: 0 | E84: 70.6 | F84: 0.2 | G84: =E84/(1-F84) -> 88.25 | H84: 50 | I84: 0.15 | J84: =H84*(1+I84) -> 57.5 | K84: =J84*D84 -> 0 | L84: =G84+J84 -> 145.75 | M84: =D84*L84 -> 0
B85: 6 mm² GPW | C85: m | D85: 0 | E85: 22.91 | F85: 0.2 | G85: =E85/(1-F85) -> 28.6375 | H85: 50 | I85: 0.15 | J85: =H85*(1+I85) -> 57.5 | K85: =J85*D85 -> 0 | L85: =G85+J85 -> 86.1375 | M85: =D85*L85 -> 0
A87: 2.13 | D87: SURFIX
A89: 2.13.1 | B89: 1.5 mm² 2C + E Surfix | C89: m | D89: 0 | E89: 25 | F89: 0.2 | G89: =E89/(1-F89) -> 31.25 | I89: 0.15 | J89: =H89*(1+I89) -> 0 | K89: =J89*D89 -> 0 | L89: =G89+J89 -> 31.25 | M89: =D89*L89 -> 0
A90: 2.13.2 | B90: 2.5 mm² 2C + E Surfix | C90: m | D90: 0 | E90: 33 | F90: 0.2 | G90: =E90/(1-F90) -> 41.25 | I90: 0.15 | J90: =H90*(1+I90) -> 0 | K90: =J90*D90 -> 0 | L90: =G90+J90 -> 41.25 | M90: =D90*L90 -> 0
A91: 2.13.3 | B91: 4 mm² 2C + E Surfix | C91: m | D91: 0 | E91: 37 | F91: 0.2 | G91: =E91/(1-F91) -> 46.25 | I91: 0.15 | J91: =H91*(1+I91) -> 0 | K91: =J91*D91 -> 0 | L91: =G91+J91 -> 46.25 | M91: =D91*L91 -> 0
A93: 2.14 | D93: CABLE TERMINATIONS (1, or 4 Core Cu PVC/SWA/PVC or Flexible)
B95: Cable terminations complete with compatible glands, lugs and shrouds to suite cable type to SABS requirements & Specifications:
A97: 2.14.1 | B97: 70 mm² 4-core | C97: ea | D97: 6 | E97: =752.54*1.1 -> 827.794 | F97: 0.2 | G97: =E97/(1-F97) -> 1034.7425 | H97: =(250+100)*1.5 -> 525 | I97: 0.15 | J97: =H97*(1+I97) -> 603.75 | K97: =J97*D97 -> 3622.5 | L97: =G97+J97 -> 1638.4925 | M97: =D97*L97 -> 9830.955
A98: 2.14.2 | B98: 70 mm² 1-core | C98: ea | D98: 0 | E98: =350*1.1 -> 385 | F98: 0.2 | G98: =E98/(1-F98) -> 481.25 | H98: =(250+100)*1.5 -> 525 | I98: 0.15 | J98: =H98*(1+I98) -> 603.75 | K98: =J98*D98 -> 0 | L98: =G98+J98 -> 1085 | M98: =D98*L98 -> 0
A99: 2.14.3 | B99: 50 mm² 4-core | C99: ea | D99: 0 | E99: 550 | F99: 0.2 | G99: =E99/(1-F99) -> 687.5 | H99: =(250+100)*1.5 -> 525 | I99: 0.15 | J99: =H99*(1+I99) -> 603.75 | K99: =J99*D99 -> 0 | L99: =G99+J99 -> 1291.25 | M99: =D99*L99 -> 0
A100: 2.14.4 | B100: 35 mm² 4-core | C100: ea | D100: 0 | E100: 350 | F100: 0.2 | G100: =E100/(1-F100) -> 437.5 | H100: 525 | I100: 0.15 | J100: =H100*(1+I100) -> 603.75 | K100: =J100*D100 -> 0 | L100: =G100+J100 -> 1041.25 | M100: =D100*L100 -> 0
A101: 2.14.5 | B101: 25 mm² 4-core | C101: ea | D101: 0 | G101: =E101/(1-F101) -> 0 | H101: 525 | I101: 0.15 | J101: =H101*(1+I101) -> 603.75 | K101: =J101*D101 -> 0 | L101: =G101+J101 -> 603.75 | M101: =D101*L101 -> 0
A102: 2.14.6 | B102: 16 mm² 4-core | C102: ea | D102: 0 | E102: 350 | F102: 0.2 | G102: =E102/(1-F102) -> 437.5 | H102: 525 | I102: 0.15 | J102: =H102*(1+I102) -> 603.75 | K102: =J102*D102 -> 0 | L102: =G102+J102 -> 1041.25 | M102: =D102*L102 -> 0
A103: 2.14.7 | B103: 10 mm² 4-core | C103: ea | D103: 0 | E103: 350 | F103: 0.2 | G103: =E103/(1-F103) -> 437.5 | H103: 525 | I103: 0.15 | J103: =H103*(1+I103) -> 603.75 | K103: =J103*D103 -> 0 | L103: =G103+J103 -> 1041.25 | M103: =D103*L103 -> 0
A104: 2.14.8 | B104: 35 mm² 1-core | C104: ea | D104: 4 | G104: =E104/(1-F104) -> 0 | H104: 525 | I104: 0.15 | J104: =H104*(1+I104) -> 603.75 | K104: =J104*D104 -> 2415 | L104: =G104+J104 -> 603.75 | M104: =D104*L104 -> 2415
A105: 2.14.9 | B105: 25 mm² 1-core | C105: ea | D105: 0 | E105: 250 | F105: 0.2 | G105: =E105/(1-F105) -> 312.5 | H105: 525 | I105: 0.15 | J105: =H105*(1+I105) -> 603.75 | K105: =J105*D105 -> 0 | L105: =G105+J105 -> 916.25 | M105: =D105*L105 -> 0
A106: 2.14.10 | B106: 16 mm² 1-core | C106: ea | D106: 0 | E106: 500 | F106: 0.2 | G106: =E106/(1-F106) -> 625 | H106: 525 | I106: 0.15 | J106: =H106*(1+I106) -> 603.75 | K106: =J106*D106 -> 0 | L106: =G106+J106 -> 1228.75 | M106: =D106*L106 -> 0
A107: 2.14.11 | B107: 10 mm² 1-core | C107: ea | D107: 0 | E107: 500 | F107: 0.2 | G107: =E107/(1-F107) -> 625 | H107: 525 | I107: 0.15 | J107: =H107*(1+I107) -> 603.75 | K107: =J107*D107 -> 0 | L107: =G107+J107 -> 1228.75 | M107: =D107*L107 -> 0
A109: 2.15 | D109: INSULATED COPPER EARTH WIRE
B111: Black insulated stranded copper earth wire strapped to cable at 2000mm centres with PVC cable ties or approved method:
A113: 2.15.1 | B113: 35 mm² | C113: ea | D113: 0 | E113: =132*(15+10+10) -> 4620 | F113: 0.2 | G113: =E113/(1-F113) -> 5775 | H113: =9*(15+10+10) -> 315 | I113: 0.15 | J113: =H113*(1+I113) -> 362.25 | K113: =J113*D113 -> 0 | L113: =G113+J113 -> 6137.25 | M113: =D113*L113 -> 0
A114: 2.15.2 | B114: 6 mm² | C114: ea | D114: 18 | E114: =30 -> 30 | F114: 0.2 | G114: =E114/(1-F114) -> 37.5 | H114: =15 -> 15 | I114: 0.15 | J114: =H114*(1+I114) -> 17.25 | K114: =J114*D114 -> 310.5 | L114: =G114+J114 -> 54.75 | M114: =D114*L114 -> 985.5
A116: 2.16 | D116: COMMUNICATIONS CABLE
A118: 2.16.1 | B118: Supply, deliver, Install & terminate CAT 6 communications cable (including connectors) as per scope of work | C118: m | D118: 10 | E118: 5 | F118: 0.2 | G118: =E118/(1-F118) -> 6.25 | H118: =(100*3) -> 300 | I118: 0.15 | J118: =H118*(1+I118) -> 345 | K118: =J118*D118 -> 3450 | L118: =G118+J118 -> 351.25 | M118: =D118*L118 -> 3512.5
A120: 2.17 | D120: TRENCHING & BACKFILLING
B122: Trench depth to be 600mm deep
A124: 2.17.1 | B124: Trenching & backfilling of cables in soft pickable soil as per scope of work. Including importing of backfill material as required. Including cable warning tape | C124: Sum | D124: 0 | F124: 0.2 | G124: =E124/(1-F124) -> 0 | H124: =140*(20+60+200) -> 39200 | I124: 0.15 | J124: =H124*(1+I124) -> 45080 | K124: =J124*D124 -> 0 | L124: =G124+J124 -> 45080 | M124: =D124*L124 -> 0
A125: 2.17.2 | B125: Trenching & backfilling of cables in hard rock as per scope of work. Including importing of backfill material as required. Including cable warning tape | C125: Sum | D125: 0 | F125: 0.2 | G125: =E125/(1-F125) -> 0 | H125: =140*(20+60+200) -> 39200 | I125: 0.15 | J125: =H125*(1+I125) -> 45080 | K125: =J125*D125 -> 0 | L125: =G125+J125 -> 45080 | M125: =D125*L125 -> 0
A126: 2.17.3 | B126: Supply & Install 50mm diameter PVC sleeves including bends and connectors | C126: Sum | D126: 0 | E126: =35*(50+50) -> 3500 | F126: 0.2 | G126: =E126/(1-F126) -> 4375 | H126: =5*(50+50+50) -> 750 | I126: 0.15 | J126: =H126*(1+I126) -> 862.5 | K126: =J126*D126 -> 0 | L126: =G126+J126 -> 5237.5 | M126: =D126*L126 -> 0
A127: 2.17.4 | B127: Re-instatement of existing concrete surfaces | C127: Sum | D127: 0 | E127: =4500*3 -> 13500 | F127: 0.2 | G127: =E127/(1-F127) -> 16875 | H127: 5 | I127: 0.15 | J127: =H127*(1+I127) -> 5.75 | K127: =J127*D127 -> 0 | L127: =G127+J127 -> 16880.75 | M127: =D127*L127 -> 0
A129: 2.18 | D129: Tree cutting & trimming
A131: 2.18.1 | B131: Tree cutting & trimming as required | C131: Sum | D131: 0 | E131: 0 | F131: 0.2 | G131: =E131/(1-F131) -> 0 | H131: =2500*3 -> 7500 | K131: =H131*D131 -> 0 | L131: =G131+J131 -> 0 | M131: =D131*L131 -> 0
K132: =H132*D132 -> 0
A134: 2.19 | B134: Lighting Protection System | K134: =H134*D134 -> 0
A135: 2.19.1 | B135: Design, Supply, Test & Install Lighting Protection System by Specialist | C135: Sum | D135: 1 | E135: 25000 | F135: 0 | G135: =E135/(1-F135) -> 25000 | H135: 0 | K135: =H135*D135 -> 0 | L135: =G135+H135 -> 25000 | M135: =D135*L135 -> 25000
A137: 2.2 | B137: Earthing System | K137: =H137*D137 -> 0
A138: 2.20.1 | B138: Design, Supply, Test & Install Earthing System by Specialist | C138: Sum | D138: 1 | E138: =15000 -> 15000 | F138: 0 | G138: =E138/(1-F138) -> 15000 | H138: 0 | K138: =H138*D138 -> 0 | L138: =G138+H138 -> 15000 | M138: =D138*L138 -> 15000
A140: 2.21 | B140: Cerificate of Compliance | K140: =H140*D140 -> 0
A141: 2.21.1 | B141: Issuing of CoC for new system as per SANS 10142-1 | C141: Sum | D141: 1 | E141: =5000 -> 5000 | F141: 0 | G141: =E141/(1-F141) -> 5000 | H141: 0 | K141: =H141*D141 -> 0 | L141: =G141+H141 -> 5000 | M141: =D141*L141 -> 5000
A142: 2.21.2 | B142: Provisional Sum for rectification of existing defects in order to issue CoC | C142: Sum | D142: 1 | E142: =50000 -> 50000 | F142: 0 | G142: =E142/(1-F142) -> 50000 | H142: 0 | K142: =H142*D142 -> 0 | L142: =G142+H142 -> 50000 | M142: =D142*L142 -> 50000
A144: 2.22 | B144: SUNDRY ITEMS | K144: =H144*D144 -> 0
K145: =H145*D145 -> 0
A146: 2.22.1 | B146: All items such as bolts, nuts, mounting screws, scruits midget, connector blocks, cable ties, cable/tray clamps etc. to provide a fully functional and compliant system | C146: Sum | D146: 1 | E146: =5000*3 -> 15000 | F146: 0.2 | G146: =E146/(1-F146) -> 18750 | H146: 1 | K146: =H146*D146 -> 1 | L146: =G146+H146 -> 18751 | M146: =D146*L146 -> 18751
B148: Carried to summary | K148: =SUM(K11:K146) -> 150846.5 | M148: =SUM(M11:M147) -> 3789693

Sheet SECT 2- L Block Old - 0 PV
A1: BILL OF QUANTITIES
A2: ='[1]SECTION 1-P&G'!A2:K2 -> MUT - Alternative Energy supply
A3: SECTION 2: SOLAR PV / BATTERY SYSTEM
C4: A | D4: B | E4: C | F4: D | G4: E | H4: F | I4: G | J4: H | K4: I | L4: J | M4: K
A5: ITEM No. | B5: DESCRIPTION | C5: UNIT | D5: QUANTITY | E5: SUPPLY RATE (COST) | F5: MARK UP % | G5: SUPPLY RATE (MARKED UP) | H5: Install Rate | I5: MARK UP % | J5: INSTALL RATE (Marked up) | K5: LABOUR TOTAL | L5: RATE (E+H) | M5: TOTAL (BxJ)
A7: 2 | D7: INVERTERS, SOLAR PV MODULES, BATTERIES, AC EQUIPMENT & CABLING
A9: 2.1 | D9: Solar PV Panels
A11: 2.1.2 | B11: L block Old -Supply, Deliver, Install, Test & Commission 550W Canadian Solar Super High Power Mono PERC or Equivalent to Engineer's approval. Inclusive of earthing & bonding complete | C11: ea | D11: 1 | E11: =1623.93 -> 1623.93 | F11: 0.25 | G11: =E11/(1-F11) -> 2165.24 | H11: 350 | I11: 0.15 | J11: =H11*(1+I11) -> 402.5 | K11: =J11*D11 -> 402.5 | L11: =G11+J11 -> 2567.74 | M11: =D11*L11 -> 2567.74
A13: 2.2 | D13: Inverters
A14: 2.2.2 | B14: L Block Old-Supply, Deliver, Install, Test & Commission 50kW 3P Sunsynk hybrid inverter | C14: No. | D14: 2 | E14: 87286.19 | F14: 0.2 | G14: =E14/(1-F14) -> 109107.74 | H14: =(550*8)+3600 -> 8000 | I14: 0.15 | J14: =H14*(1+I14) -> 9200 | K14: =J14*D14 -> 18400 | L14: =G14+J14 -> 118307.74 | M14: =D14*L14 -> 236615.48
A16: 2.3 | D16: Automatic Transfer Switch (ATS)
A17: 2.3.2 | B17: L Block Old Supply, Deliver, Install, Test & Commission Changeover Switch | C17: No. | D17: 1 | E17: 20000 | F17: 0.2 | G17: =E17/(1-F17) -> 25000 | H17: =(550*4)+3500 -> 5700 | I17: 0.15 | J17: =H17*(1+I17) -> 6555 | K17: =J17*D17 -> 6555 | L17: =G17+J17 -> 31555 | M17: =D17*L17 -> 31555
A18: 2.3.3 | B18: L Block Old Supply, Deliver, Install, Test & Commission Elum SD Genset controller | C18: No. | D18: 1 | E18: 70000 | F18: 0.2 | G18: =E18/(1-F18) -> 87500 | H18: =(550*4)+3500 -> 5700 | I18: 0.15 | J18: =H18*(1+I18) -> 6555 | K18: =J18*D18 -> 6555 | L18: =G18+J18 -> 94055 | M18: =D18*L18 -> 94055
A19: 2.4 | D19: Battery System
A20: 2.4.1 | B20: L Block Old-Supply, Deliver, Install, Test & Commission Lithium Batteries to provide backup. 200/160 HV | C20: Sum | D20: 2 | E20: =906452.58*1.2 -> 1087743.1 | F20: 0.2 | G20: =E20/(1-F20) -> 1359678.9 | H20: =(550*8)+3600 -> 8000 | I20: 0.15 | J20: =H20*(1+I20) -> 9200 | K20: =J20*D20 -> 18400 | L20: =G20+J20 -> 1368878.9 | M20: =D20*L20 -> 2737757.7
A22: 2.4.4
B23: Supply, Deliver, Install, Test & Commission Fuse Disconnectors with 250A fuses for Battery | C23: No. | D23: 4 | E23: =1888.71*1.15 -> 2172.0165 | F23: 0.2 | G23: =E23/(1-F23) -> 2715.0206 | H23: =250*1 -> 250 | I23: 0.15 | J23: =H23*(1+I23) -> 287.5 | K23: =J23*D23 -> 1150 | L23: =G23+J23 -> 3002.5206 | M23: =D23*L23 -> 12010.082
A25: 2.5 | D25: Mounting Structure, Clamps & Walkways
A26: 2.5.1 | B26: Mounting Structures. Material to be aluminium and must include a 10 year warranty | C26: ea | D26: 1 | E26: 650 | F26: 0.2 | G26: =E26/(1-F26) -> 812.5 | H26: =(((5*200)*4)*1.2)/D26 -> 4800 | I26: 0.15 | J26: =H26*(1+I26) -> 5520 | K26: =J26*D26 -> 5520 | L26: =G26+J26 -> 6332.5 | M26: =D26*L26 -> 6332.5
B27: Cable Support/Wireways etc. Material to be galvanized steel | C27: Sum | D27: 1 | E27: =10000 -> 10000 | F27: 0.2 | G27: =E27/(1-F27) -> 12500 | H27: =2500*3 -> 7500 | I27: 0.15 | J27: =H27*(1+I27) -> 8625 | K27: =J27*D27 -> 8625 | L27: =G27+J27 -> 21125 | M27: =D27*L27 -> 21125
A29: 2.6 | D29: DC Cabling
A30: 2.6.1 | B30: 4mmsq Solar PV DC cables from panels to DC combiner box. Red cable for positive (+) and Black cable for negative (-) to SANS10142-1. UV resistant to EN50618 & TUV certified. Including MC4 connectors complete | C30: m | D30: 0 | E30: =14.85*1.15 -> 17.0775 | F30: 0.2 | G30: =E30/(1-F30) -> 21.346875 | H30: =39 -> 39 | I30: 0.15 | J30: =H30*(1+I30) -> 44.85 | K30: =J30*D30 -> 0 | L30: =G30+J30 -> 66.196875 | M30: =D30*L30 -> 0
A31: 2.6.2 | B31: 70mm2 Single core DC cable for Batteries | C31: m | D31: 6 | E31: =180*1.15 -> 207 | F31: 0.2 | G31: =E31/(1-F31) -> 258.75 | H31: =65 -> 65 | I31: 0.15 | J31: =H31*(1+I31) -> 74.75 | K31: =J31*D31 -> 448.5 | L31: =G31+J31 -> 333.5 | M31: =D31*L31 -> 2001
A32: 2.6.3 | B32: 50mm2 Single core DC cable for Batteries | C32: m | D32: 0 | E32: =190 -> 190 | F32: 0.2 | G32: =E32/(1-F32) -> 237.5 | H32: =65 -> 65 | I32: 0.15 | J32: =H32*(1+I32) -> 74.75 | K32: =J32*D32 -> 0 | L32: =G32+J32 -> 312.25 | M32: =D32*L32 -> 0
B33: 25mm2 Single core DC cable for Batteries | C33: m | D33: 0 | E33: =110 -> 110 | F33: 0.2 | G33: =E33/(1-F33) -> 137.5 | H33: =65 -> 65 | I33: 0.15 | J33: =H33*(1+I33) -> 74.75 | K33: =J33*D33 -> 0 | L33: =G33+J33 -> 212.25 | M33: =D33*L33 -> 0
A35: 2.7 | D35: DC Combiner Box
A36: 2.7.1 | B36: DC Combiner Box including the ffg components: 1000V rating, 1 X MPPT, 8 Inputs & 1 Output, 160A Isolator, Type 1 & 2 Surge Protection device, Inclusive of fuses. | C36: No. | D36: 0 | E36: =13501.37*1.2 -> 16201.644 | F36: 0.2 | G36: =E36/(1-F36) -> 20252.055 | H36: =250*2 -> 500 | I36: 0.15 | J36: =H36*(1+I36) -> 575 | K36: =J36*D36 -> 0 | L36: =G36+J36 -> 20827.055 | M36: =D36*L36 -> 0
A37: 2.7.2 | B37: DC Combiner Box including the ffg components: 1000V rating, 4 X MPPT, 8 Inputs & 8 Output, 160A Isolator, Type 1 & 2 Surge Protection device, Inclusive of fuses. | C37: No. | D37: 0 | E37: =13501.37*1.2 -> 16201.644 | F37: 0.2 | G37: =E37/(1-F37) -> 20252.055 | H37: =250*2 -> 500 | I37: 0.15 | J37: =H37*(1+I37) -> 575 | K37: =J37*D37 -> 0 | L37: =G37+J37 -> 20827.055 | M37: =D37*L37 -> 0
A39: 2.8 | D39: Circuit Breakers
A41: 2.8.1 | B41: Supply, Deliver, Install new 400V, 200A, 6kA, 3P,adjustable MCCB | C41: No. | D41: 2 | E41: 2500 | F41: 0.2 | G41: =E41/(1-F41) -> 3125 | H41: =(250+100)*4 -> 1400 | I41: 0.15 | J41: =H41*(1+I41) -> 1610 | K41: =J41*D41 -> 3220 | L41: =G41+J41 -> 4735 | M41: =D41*L41 -> 9470
A43: 2.8.2 | B43: Supply, Deliver, Install new 400V, 150A, 6kA, 4P, adjustable MCCB | C43: No. | D43: 0 | E43: 1800 | F43: 0.2 | G43: =E43/(1-F43) -> 2250 | H43: =(250+100)*4 -> 1400 | I43: 0.15 | J43: =H43*(1+I43) -> 1610 | K43: =J43*D43 -> 0 | L43: =G43+J43 -> 3860 | M43: =D43*L43 -> 0
A45: 2.8.3 | B45: Supply, Deliver, Install new 400V, 80A, 6kA, 3P, MCB | C45: No. | D45: =2 + N("Isolators") -> 2 | E45: 1734.1 | F45: 0.2 | G45: =E45/(1-F45) -> 2167.625 | H45: =(250+100)*4 -> 1400 | I45: 0.15 | J45: =H45*(1+I45) -> 1610 | K45: =J45*D45 -> 3220 | L45: =G45+J45 -> 3777.625 | M45: =D45*L45 -> 7555.25
A47: 2.8.4 | B47: Supply, Deliver, Install new 400V, 80A, 4P N/O Contactor | C47: No. | D47: 1 | E47: =550*1.2 -> 660 | F47: 0.2 | G47: =E47/(1-F47) -> 825 | H47: =(250+100)*4 -> 1400 | I47: 0.15 | J47: =H47*(1+I47) -> 1610 | K47: =J47*D47 -> 1610 | L47: =G47+J47 -> 2435 | M47: =D47*L47 -> 2435
A49: 2.9 | D49: Distribution Boards
A51: 2.9.1 | B51: Supply, Deliver, Install new 8-way LV Distribution Board | C51: No. | D51: 0 | E51: 2500 | F51: 0.2 | G51: =E51/(1-F51) -> 3125 | H51: =250*1 -> 250 | I51: 0.15 | J51: =H51*(1+I51) -> 287.5 | K51: =J51*D51 -> 0 | L51: =G51+J51 -> 3412.5 | M51: =D51*L51 -> 0
A53: 2.9.2 | B53: Supply, Deliver, Install new 16-way LV Distribution Board | C53: No. | D53: 3 | E53: 5729 | F53: 0.2 | G53: =E53/(1-F53) -> 7161.25 | H53: 250 | I53: 0.15 | J53: =H53*(1+I53) -> 287.5 | K53: =J53*D53 -> 862.5 | L53: =G53+J53 -> 7448.75 | M53: =D53*L53 -> 22346.25
A55: 2.9.3 | B55: Supply, Deliver, Install Surge Arrestor Din 3 Pole+Neutral 20kA 1.3kV type 1 & 2 | C55: No. | D55: 1 | E55: =5729 -> 5729 | F55: 0.2 | G55: =E55/(1-F55) -> 7161.25 | H55: 250 | I55: 0.15 | J55: =H55*(1+I55) -> 287.5 | K55: =J55*D55 -> 287.5 | L55: =G55+J55 -> 7448.75 | M55: =D55*L55 -> 7448.75
A57: 2.9.4 | B57: Supply, Deliver, Install new 300/5A, 10VA Current transformers as required to integrate the new system | C57: No. | D57: 3 | E57: 350 | F57: 0.2 | G57: =E57/(1-F57) -> 437.5 | H57: 250 | I57: 0.15 | J57: =H57*(1+I57) -> 287.5 | K57: =J57*D57 -> 862.5 | L57: =G57+J57 -> 725 | M57: =D57*L57 -> 2175
A59: 2.9.5 | B59: Supply, Deliver, Install & Terminate 7C, 4mm control cable between CT's and Inverter | C59: m | D59: 2 | E59: =35 -> 35 | F59: 0.2 | G59: =E59/(1-F59) -> 43.75 | H59: =(65*3) -> 195 | I59: 0.15 | J59: =H59*(1+I59) -> 224.25 | K59: =J59*D59 -> 448.5 | L59: =G59+J59 -> 268 | M59: =D59*L59 -> 536
A61: 2.9.6 | B61: Disconnect & Remove existing equipment as per scope of works | C61: Sum | D61: 1 | E61: 1 | F61: 0.2 | G61: =E61/(1-F61) -> 1.25 | H61: =2500*3 -> 7500 | I61: 0.15 | J61: =H61*(1+I61) -> 8625 | K61: =J61*D61 -> 8625 | L61: =G61+J61 -> 8626.25 | M61: =D61*L61 -> 8626.25
A63: 2.1 | D63: Steel Stand for Equipment
A64: 2.10.1 | B64: Fabricate & Install galvanized steel stand for new Inverter. Dimensions: 1200 x 800 x 300mm (L X B X H) | C64: No. | D64: 3 | E64: 10000 | F64: 0.16 | G64: =E64/(1-F64) -> 11904.762 | H64: 200 | I64: 0.15 | J64: =H64*(1+I64) -> 230 | K64: =J64*D64 -> 690 | L64: =G64+J64 -> 12134.762 | M64: =D64*L64 -> 36404.286
A66: 2.10.2 | B66: Fabricate & Install galvanized steel stand for new ATS. Dimensions: 700 x 500 x 300mm (L X B X H) | C66: No. | D66: 0 | E66: 7500 | F66: 0.16 | G66: =E66/(1-F66) -> 8928.5714 | H66: 200 | I66: 0.15 | J66: =H66*(1+I66) -> 230 | K66: =J66*D66 -> 0 | L66: =G66+J66 -> 9158.5714 | M66: =D66*L66 -> 0
A68: 2.11 | D68: AC CABLING
B70: Supply, Deliver, Install & Test LV ECC CABLES (4 Core Cu PVC/SWA/PVC)
B72: Laid in ground or Clamped to cable ladder or cable tray with K clamps at 1500mm spacing or to manufacturers recommendations. Type: Aberdare, Africa Cables or equal and approved by Engineer
A74: 2.11.1 | B74: 70 mm² 4-core | C74: m | D74: 12 | E74: 947.75 | F74: 0.25 | G74: =E74/(1-F74) -> 1263.6667 | H74: 25 | I74: 0.15 | J74: =H74*(1+I74) -> 28.75 | K74: =J74*D74 -> 345 | L74: =G74+J74 -> 1292.4167 | M74: =D74*L74 -> 15509
A75: 2.11.2 | B75: 50 mm² 4-core | C75: m | D75: 0 | E75: 686.12 | F75: 0.25 | G75: =E75/(1-F75) -> 914.82667 | H75: 25 | I75: 0.15 | J75: =H75*(1+I75) -> 28.75 | K75: =J75*D75 -> 0 | L75: =G75+J75 -> 943.57667 | M75: =D75*L75 -> 0
A76: 2.11.3 | B76: 35 mm² 4-core | C76: m | D76: 0 | E76: 634 | F76: 0.25 | G76: =E76/(1-F76) -> 845.33333 | H76: 25 | I76: 0.15 | J76: =H76*(1+I76) -> 28.75 | K76: =J76*D76 -> 0 | L76: =G76+J76 -> 874.08333 | M76: =D76*L76 -> 0
A77: 2.11.4 | B77: 25 mm² 4-core | C77: m | D77: 0 | E77: 450 | F77: 0.25 | G77: =E77/(1-F77) -> 600 | H77: 25 | I77: 0.15 | J77: =H77*(1+I77) -> 28.75 | K77: =J77*D77 -> 0 | L77: =G77+J77 -> 628.75 | M77: =D77*L77 -> 0
A78: 2.11.5 | B78: 16 mm² 4-core | C78: m | D78: 0 | E78: 380 | F78: 0.25 | G78: =E78/(1-F78) -> 506.66667 | H78: 25 | I78: 0.15 | J78: =H78*(1+I78) -> 28.75 | K78: =J78*D78 -> 0 | L78: =G78+J78 -> 535.41667 | M78: =D78*L78 -> 0
A79: 2.11.6 | B79: 10 mm² 4-core | C79: m | D79: 0 | E79: =215 -> 215 | F79: 0.25 | G79: =E79/(1-F79) -> 286.66667 | H79: 25 | I79: 0.15 | J79: =H79*(1+I79) -> 28.75 | K79: =J79*D79 -> 0 | L79: =G79+J79 -> 315.41667 | M79: =D79*L79 -> 0
A81: 2.12 | D81: GENERAL PURPOSE WIRE
A83: 2.12.1 | B83: 35 mm² GPW | C83: m | D83: 8 | E83: 109.45 | F83: 0.2 | G83: =E83/(1-F83) -> 136.8125 | H83: 50 | I83: 0.15 | J83: =H83*(1+I83) -> 57.5 | K83: =J83*D83 -> 460 | L83: =G83+J83 -> 194.3125 | M83: =D83*L83 -> 1554.5
B84: 16 mm² GPW | C84: m | D84: 0 | E84: 70.6 | F84: 0.2 | G84: =E84/(1-F84) -> 88.25 | H84: 50 | I84: 0.15 | J84: =H84*(1+I84) -> 57.5 | K84: =J84*D84 -> 0 | L84: =G84+J84 -> 145.75 | M84: =D84*L84 -> 0
B85: 6 mm² GPW | C85: m | D85: 0 | E85: 22.91 | F85: 0.2 | G85: =E85/(1-F85) -> 28.6375 | H85: 50 | I85: 0.15 | J85: =H85*(1+I85) -> 57.5 | K85: =J85*D85 -> 0 | L85: =G85+J85 -> 86.1375 | M85: =D85*L85 -> 0
A87: 2.13 | D87: SURFIX
A89: 2.13.1 | B89: 1.5 mm² 2C + E Surfix | C89: m | D89: 0 | E89: 25 | F89: 0.2 | G89: =E89/(1-F89) -> 31.25 | I89: 0.15 | J89: =H89*(1+I89) -> 0 | K89: =J89*D89 -> 0 | L89: =G89+J89 -> 31.25 | M89: =D89*L89 -> 0
A90: 2.13.2 | B90: 2.5 mm² 2C + E Surfix | C90: m | D90: 0 | E90: 33 | F90: 0.2 | G90: =E90/(1-F90) -> 41.25 | I90: 0.15 | J90: =H90*(1+I90) -> 0 | K90: =J90*D90 -> 0 | L90: =G90+J90 -> 41.25 | M90: =D90*L90 -> 0
A91: 2.13.3 | B91: 4 mm² 2C + E Surfix | C91: m | D91: 0 | E91: 37 | F91: 0.2 | G91: =E91/(1-F91) -> 46.25 | I91: 0.15 | J91: =H91*(1+I91) -> 0 | K91: =J91*D91 -> 0 | L91: =G91+J91 -> 46.25 | M91: =D91*L91 -> 0
A93: 2.14 | D93: CABLE TERMINATIONS (1, or 4 Core Cu PVC/SWA/PVC or Flexible)
B95: Cable terminations complete with compatible glands, lugs and shrouds to suite cable type to SABS requirements & Specifications:
A97: 2.14.1 | B97: 70 mm² 4-core | C97: ea | D97: 6 | E97: =752.54*1.1 -> 827.794 | F97: 0.2 | G97: =E97/(1-F97) -> 1034.7425 | H97: =(250+100)*1.5 -> 525 | I97: 0.15 | J97: =H97*(1+I97) -> 603.75 | K97: =J97*D97 -> 3622.5 | L97: =G97+J97 -> 1638.4925 | M97: =D97*L97 -> 9830.955
A98: 2.14.2 | B98: 70 mm² 1-core | C98: ea | D98: 0 | E98: =350*1.1 -> 385 | F98: 0.2 | G98: =E98/(1-F98) -> 481.25 | H98: =(250+100)*1.5 -> 525 | I98: 0.15 | J98: =H98*(1+I98) -> 603.75 | K98: =J98*D98 -> 0 | L98: =G98+J98 -> 1085 | M98: =D98*L98 -> 0
A99: 2.14.3 | B99: 50 mm² 4-core | C99: ea | D99: 0 | E99: 550 | F99: 0.2 | G99: =E99/(1-F99) -> 687.5 | H99: =(250+100)*1.5 -> 525 | I99: 0.15 | J99: =H99*(1+I99) -> 603.75 | K99: =J99*D99 -> 0 | L99: =G99+J99 -> 1291.25 | M99: =D99*L99 -> 0
A100: 2.14.4 | B100: 35 mm² 4-core | C100: ea | D100: 0 | E100: 350 | F100: 0.2 | G100: =E100/(1-F100) -> 437.5 | H100: 525 | I100: 0.15 | J100: =H100*(1+I100) -> 603.75 | K100: =J100*D100 -> 0 | L100: =G100+J100 -> 1041.25 | M100: =D100*L100 -> 0
A101: 2.14.5 | B101: 25 mm² 4-core | C101: ea | D101: 0 | G101: =E101/(1-F101) -> 0 | H101: 525 | I101: 0.15 | J101: =H101*(1+I101) -> 603.75 | K101: =J101*D101 -> 0 | L101: =G101+J101 -> 603.75 | M101: =D101*L101 -> 0
A102: 2.14.6 | B102: 16 mm² 4-core | C102: ea | D102: 0 | E102: 350 | F102: 0.2 | G102: =E102/(1-F102) -> 437.5 | H102: 525 | I102: 0.15 | J102: =H102*(1+I102) -> 603.75 | K102: =J102*D102 -> 0 | L102: =G102+J102 -> 1041.25 | M102: =D102*L102 -> 0
A103: 2.14.7 | B103: 10 mm² 4-core | C103: ea | D103: 0 | E103: 350 | F103: 0.2 | G103: =E103/(1-F103) -> 437.5 | H103: 525 | I103: 0.15 | J103: =H103*(1+I103) -> 603.75 | K103: =J103*D103 -> 0 | L103: =G103+J103 -> 1041.25 | M103: =D103*L103 -> 0
A104: 2.14.8 | B104: 35 mm² 1-core | C104: ea | D104: 4 | G104: =E104/(1-F104) -> 0 | H104: 525 | I104: 0.15 | J104: =H104*(1+I104) -> 603.75 | K104: =J104*D104 -> 2415 | L104: =G104+J104 -> 603.75 | M104: =D104*L104 -> 2415
A105: 2.14.9 | B105: 25 mm² 1-core | C105: ea | D105: 0 | E105: 250 | F105: 0.2 | G105: =E105/(1-F105) -> 312.5 | H105: 525 | I105: 0.15 | J105: =H105*(1+I105) -> 603.75 | K105: =J105*D105 -> 0 | L105: =G105+J105 -> 916.25 | M105: =D105*L105 -> 0
A106: 2.14.10 | B106: 16 mm² 1-core | C106: ea | D106: 0 | E106: 500 | F106: 0.2 | G106: =E106/(1-F106) -> 625 | H106: 525 | I106: 0.15 | J106: =H106*(1+I106) -> 603.75 | K106: =J106*D106 -> 0 | L106: =G106+J106 -> 1228.75 | M106: =D106*L106 -> 0
A107: 2.14.11 | B107: 10 mm² 1-core | C107: ea | D107: 0 | E107: 500 | F107: 0.2 | G107: =E107/(1-F107) -> 625 | H107: 525 | I107: 0.15 | J107: =H107*(1+I107) -> 603.75 | K107: =J107*D107 -> 0 | L107: =G107+J107 -> 1228.75 | M107: =D107*L107 -> 0
A109: 2.15 | D109: INSULATED COPPER EARTH WIRE
B111: Black insulated stranded copper earth wire strapped to cable at 2000mm centres with PVC cable ties or approved method:
A113: 2.15.1 | B113: 35 mm² | C113: ea | D113: 0 | E113: =132*(15+10+10) -> 4620 | F113: 0.2 | G113: =E113/(1-F113) -> 5775 | H113: =9*(15+10+10) -> 315 | I113: 0.15 | J113: =H113*(1+I113) -> 362.25 | K113: =J113*D113 -> 0 | L113: =G113+J113 -> 6137.25 | M113: =D113*L113 -> 0
A114: 2.15.2 | B114: 6 mm² | C114: ea | D114: 18 | E114: =30 -> 30 | F114: 0.2 | G114: =E114/(1-F114) -> 37.5 | H114: =15 -> 15 | I114: 0.15 | J114: =H114*(1+I114) -> 17.25 | K114: =J114*D114 -> 310.5 | L114: =G114+J114 -> 54.75 | M114: =D114*L114 -> 985.5
A116: 2.16 | D116: COMMUNICATIONS CABLE
A118: 2.16.1 | B118: Supply, deliver, Install & terminate CAT 6 communications cable (including connectors) as per scope of work | C118: m | D118: 10 | E118: 5 | F118: 0.2 | G118: =E118/(1-F118) -> 6.25 | H118: =(100*3) -> 300 | I118: 0.15 | J118: =H118*(1+I118) -> 345 | K118: =J118*D118 -> 3450 | L118: =G118+J118 -> 351.25 | M118: =D118*L118 -> 3512.5
A120: 2.17 | D120: TRENCHING & BACKFILLING
B122: Trench depth to be 600mm deep
A124: 2.17.1 | B124: Trenching & backfilling of cables in soft pickable soil as per scope of work. Including importing of backfill material as required. Including cable warning tape | C124: Sum | D124: 0 | F124: 0.2 | G124: =E124/(1-F124) -> 0 | H124: =140*(20+60+200) -> 39200 | I124: 0.15 | J124: =H124*(1+I124) -> 45080 | K124: =J124*D124 -> 0 | L124: =G124+J124 -> 45080 | M124: =D124*L124 -> 0
A125: 2.17.2 | B125: Trenching & backfilling of cables in hard rock as per scope of work. Including importing of backfill material as required. Including cable warning tape | C125: Sum | D125: 0 | F125: 0.2 | G125: =E125/(1-F125) -> 0 | H125: =140*(20+60+200) -> 39200 | I125: 0.15 | J125: =H125*(1+I125) -> 45080 | K125: =J125*D125 -> 0 | L125: =G125+J125 -> 45080 | M125: =D125*L125 -> 0
A126: 2.17.3 | B126: Supply & Install 50mm diameter PVC sleeves including bends and connectors | C126: Sum | D126: 0 | E126: =35*(50+50) -> 3500 | F126: 0.2 | G126: =E126/(1-F126) -> 4375 | H126: =5*(50+50+50) -> 750 | I126: 0.15 | J126: =H126*(1+I126) -> 862.5 | K126: =J126*D126 -> 0 | L126: =G126+J126 -> 5237.5 | M126: =D126*L126 -> 0
A127: 2.17.4 | B127: Re-instatement of existing concrete surfaces | C127: Sum | D127: 0 | E127: =4500*3 -> 13500 | F127: 0.2 | G127: =E127/(1-F127) -> 16875 | H127: 5 | I127: 0.15 | J127: =H127*(1+I127) -> 5.75 | K127: =J127*D127 -> 0 | L127: =G127+J127 -> 16880.75 | M127: =D127*L127 -> 0
A129: 2.18 | D129: Tree cutting & trimming
A131: 2.18.1 | B131: Tree cutting & trimming as required | C131: Sum | D131: 0 | E131: 0 | F131: 0.2 | G131: =E131/(1-F131) -> 0 | H131: =2500*3 -> 7500 | K131: =H131*D131 -> 0 | L131: =G131+J131 -> 0 | M131: =D131*L131 -> 0
K132: =H132*D132 -> 0
A134: 2.19 | B134: Lighting Protection System | K134: =H134*D134 -> 0
A135: 2.19.1 | B135: Design, Supply, Test & Install Lighting Protection System by Specialist | C135: Sum | D135: 1 | E135: 25000 | F135: 0 | G135: =E135/(1-F135) -> 25000 | H135: 0 | K135: =H135*D135 -> 0 | L135: =G135+H135 -> 25000 | M135: =D135*L135 -> 25000
A137: 2.2 | B137: Earthing System | K137: =H137*D137 -> 0
A138: 2.20.1 | B138: Design, Supply, Test & Install Earthing System by Specialist | C138: Sum | D138: 1 | E138: =15000 -> 15000 | F138: 0 | G138: =E138/(1-F138) -> 15000 | H138: 0 | K138: =H138*D138 -> 0 | L138: =G138+H138 -> 15000 | M138: =D138*L138 -> 15000
A140: 2.21 | B140: Cerificate of Compliance | K140: =H140*D140 -> 0
A141: 2.21.1 | B141: Issuing of CoC for new system as per SANS 10142-1 | C141: Sum | D141: 1 | E141: =5000 -> 5000 | F141: 0 | G141: =E141/(1-F141) -> 5000 | H141: 0 | K141: =H141*D141 -> 0 | L141: =G141+H141 -> 5000 | M141: =D141*L141 -> 5000
A142: 2.21.2 | B142: Provisional Sum for rectification of existing defects in order to issue CoC | C142: Sum | D142: 1 | E142: =50000 -> 50000 | F142: 0 | G142: =E142/(1-F142) -> 50000 | H142: 0 | K142: =H142*D142 -> 0 | L142: =G142+H142 -> 50000 | M142: =D142*L142 -> 50000
A144: 2.22 | B144: SUNDRY ITEMS | K144: =H144*D144 -> 0
K145: =H145*D145 -> 0
A146: 2.22.1 | B146: All items such as bolts, nuts, mounting screws, scruits midget, connector blocks, cable ties, cable/tray clamps etc. to provide a fully functional and compliant system | C146: Sum | D146: 1 | E146: =5000*3 -> 15000 | F146: 0.2 | G146: =E146/(1-F146) -> 18750 | H146: 1 | K146: =H146*D146 -> 1 | L146: =G146+H146 -> 18751 | M146: =D146*L146 -> 18751
B148: Carried to summary | K148: =SUM(K11:K146) -> 96486 | M148: =SUM(M11:M147) -> 3388574.8

Sheet SECT 2- L Block Old - 0PV&2.5hr
A1: BILL OF QUANTITIES
A2: ='[1]SECTION 1-P&G'!A2:K2 -> MUT - Alternative Energy supply
A3: SECTION 2: SOLAR PV / BATTERY SYSTEM
C4: A | D4: B | E4: C | F4: D | G4: E | H4: F | I4: G | J4: H | K4: I | L4: J | M4: K
A5: ITEM No. | B5: DESCRIPTION | C5: UNIT | D5: QUANTITY | E5: SUPPLY RATE (COST) | F5: MARK UP % | G5: SUPPLY RATE (MARKED UP) | H5: Install Rate | I5: MARK UP % | J5: INSTALL RATE (Marked up) | K5: LABOUR TOTAL | L5: RATE (E+H) | M5: TOTAL (BxJ)
A7: 2 | D7: INVERTERS, SOLAR PV MODULES, BATTERIES, AC EQUIPMENT & CABLING
A9: 2.1 | D9: Solar PV Panels
A11: 2.1.2 | B11: L block Old -Supply, Deliver, Install, Test & Commission 550W Canadian Solar Super High Power Mono PERC or Equivalent to Engineer's approval. Inclusive of earthing & bonding complete | C11: ea | D11: 0 | E11: =1623.93 -> 1623.93 | F11: 0.25 | G11: =E11/(1-F11) -> 2165.24 | H11: 350 | I11: 0.15 | J11: =H11*(1+I11) -> 402.5 | K11: =J11*D11 -> 0 | L11: =G11+J11 -> 2567.74 | M11: =D11*L11 -> 0
A13: 2.2 | D13: Inverters
A14: 2.2.2 | B14: L Block Old-Supply, Deliver, Install, Test & Commission 50kW 3P Sunsynk hybrid inverter | C14: No. | D14: 2 | E14: 87286.19 | F14: 0.2 | G14: =E14/(1-F14) -> 109107.74 | H14: =(550*8)+3600 -> 8000 | I14: 0.15 | J14: =H14*(1+I14) -> 9200 | K14: =J14*D14 -> 18400 | L14: =G14+J14 -> 118307.74 | M14: =D14*L14 -> 236615.48
A16: 2.3 | D16: Automatic Transfer Switch (ATS)
A17: 2.3.2 | B17: L Block Old Supply, Deliver, Install, Test & Commission Changeover Switch | C17: No. | D17: 1 | E17: 20000 | F17: 0.2 | G17: =E17/(1-F17) -> 25000 | H17: =(550*4)+3500 -> 5700 | I17: 0.15 | J17: =H17*(1+I17) -> 6555 | K17: =J17*D17 -> 6555 | L17: =G17+J17 -> 31555 | M17: =D17*L17 -> 31555
A18: 2.3.3 | B18: L Block Old Supply, Deliver, Install, Test & Commission Elum SD Genset controller | C18: No. | D18: 1 | E18: 70000 | F18: 0.2 | G18: =E18/(1-F18) -> 87500 | H18: =(550*4)+3500 -> 5700 | I18: 0.15 | J18: =H18*(1+I18) -> 6555 | K18: =J18*D18 -> 6555 | L18: =G18+J18 -> 94055 | M18: =D18*L18 -> 94055
A19: 2.4 | D19: Battery System
A20: 2.4.1 | B20: L Block Old-Supply, Deliver, Install, Test & Commission Lithium Batteries to provide backup. 100/80 HV | C20: Sum | D20: 2 | E20: =460896.21*1.2 -> 553075.45 | F20: 0.2 | G20: =E20/(1-F20) -> 691344.32 | H20: =(550*8)+3600 -> 8000 | I20: 0.15 | J20: =H20*(1+I20) -> 9200 | K20: =J20*D20 -> 18400 | L20: =G20+J20 -> 700544.32 | M20: =D20*L20 -> 1401088.6
A22: 2.4.4
B23: Supply, Deliver, Install, Test & Commission Fuse Disconnectors with 250A fuses for Battery | C23: No. | D23: 2 | E23: =1888.71*1.15 -> 2172.0165 | F23: 0.2 | G23: =E23/(1-F23) -> 2715.0206 | H23: =250*1 -> 250 | I23: 0.15 | J23: =H23*(1+I23) -> 287.5 | K23: =J23*D23 -> 575 | L23: =G23+J23 -> 3002.5206 | M23: =D23*L23 -> 6005.0412
A25: 2.5 | D25: Mounting Structure, Clamps & Walkways
A26: 2.5.1 | B26: Mounting Structures. Material to be aluminium and must include a 10 year warranty | C26: ea | D26: 1 | E26: 650 | F26: 0.2 | G26: =E26/(1-F26) -> 812.5 | H26: =(((5*200)*4)*1.2)/D26 -> 4800 | I26: 0.15 | J26: =H26*(1+I26) -> 5520 | K26: =J26*D26 -> 5520 | L26: =G26+J26 -> 6332.5 | M26: =D26*L26 -> 6332.5
B27: Cable Support/Wireways etc. Material to be galvanized steel | C27: Sum | D27: 1 | E27: =10000 -> 10000 | F27: 0.2 | G27: =E27/(1-F27) -> 12500 | H27: =2500*3 -> 7500 | I27: 0.15 | J27: =H27*(1+I27) -> 8625 | K27: =J27*D27 -> 8625 | L27: =G27+J27 -> 21125 | M27: =D27*L27 -> 21125
A29: 2.6 | D29: DC Cabling
A30: 2.6.1 | B30: 4mmsq Solar PV DC cables from panels to DC combiner box. Red cable for positive (+) and Black cable for negative (-) to SANS10142-1. UV resistant to EN50618 & TUV certified. Including MC4 connectors complete | C30: m | D30: 0 | E30: =14.85*1.15 -> 17.0775 | F30: 0.2 | G30: =E30/(1-F30) -> 21.346875 | H30: =39 -> 39 | I30: 0.15 | J30: =H30*(1+I30) -> 44.85 | K30: =J30*D30 -> 0 | L30: =G30+J30 -> 66.196875 | M30: =D30*L30 -> 0
A31: 2.6.2 | B31: 70mm2 Single core DC cable for Batteries | C31: m | D31: 6 | E31: =180*1.15 -> 207 | F31: 0.2 | G31: =E31/(1-F31) -> 258.75 | H31: =65 -> 65 | I31: 0.15 | J31: =H31*(1+I31) -> 74.75 | K31: =J31*D31 -> 448.5 | L31: =G31+J31 -> 333.5 | M31: =D31*L31 -> 2001
A32: 2.6.3 | B32: 50mm2 Single core DC cable for Batteries | C32: m | D32: 0 | E32: =190 -> 190 | F32: 0.2 | G32: =E32/(1-F32) -> 237.5 | H32: =65 -> 65 | I32: 0.15 | J32: =H32*(1+I32) -> 74.75 | K32: =J32*D32 -> 0 | L32: =G32+J32 -> 312.25 | M32: =D32*L32 -> 0
B33: 25mm2 Single core DC cable for Batteries | C33: m | D33: 0 | E33: =110 -> 110 | F33: 0.2 | G33: =E33/(1-F33) -> 137.5 | H33: =65 -> 65 | I33: 0.15 | J33: =H33*(1+I33) -> 74.75 | K33: =J33*D33 -> 0 | L33: =G33+J33 -> 212.25 | M33: =D33*L33 -> 0
A35: 2.7 | D35: DC Combiner Box
A36: 2.7.1 | B36: DC Combiner Box including the ffg components: 1000V rating, 1 X MPPT, 8 Inputs & 1 Output, 160A Isolator, Type 1 & 2 Surge Protection device, Inclusive of fuses. | C36: No. | D36: 0 | E36: =13501.37*1.2 -> 16201.644 | F36: 0.2 | G36: =E36/(1-F36) -> 20252.055 | H36: =250*2 -> 500 | I36: 0.15 | J36: =H36*(1+I36) -> 575 | K36: =J36*D36 -> 0 | L36: =G36+J36 -> 20827.055 | M36: =D36*L36 -> 0
A37: 2.7.2 | B37: DC Combiner Box including the ffg components: 1000V rating, 4 X MPPT, 8 Inputs & 8 Output, 160A Isolator, Type 1 & 2 Surge Protection device, Inclusive of fuses. | C37: No. | D37: 0 | E37: =13501.37*1.2 -> 16201.644 | F37: 0.2 | G37: =E37/(1-F37) -> 20252.055 | H37: =250*2 -> 500 | I37: 0.15 | J37: =H37*(1+I37) -> 575 | K37: =J37*D37 -> 0 | L37: =G37+J37 -> 20827.055 | M37: =D37*L37 -> 0
A39: 2.8 | D39: Circuit Breakers
A41: 2.8.1 | B41: Supply, Deliver, Install new 400V, 200A, 6kA, 3P,adjustable MCCB | C41: No. | D41: 2 | E41: 2500 | F41: 0.2 | G41: =E41/(1-F41) -> 3125 | H41: =(250+100)*4 -> 1400 | I41: 0.15 | J41: =H41*(1+I41) -> 1610 | K41: =J41*D41 -> 3220 | L41: =G41+J41 -> 4735 | M41: =D41*L41 -> 9470
A43: 2.8.2 | B43: Supply, Deliver, Install new 400V, 150A, 6kA, 4P, adjustable MCCB | C43: No. | D43: 0 | E43: 1800 | F43: 0.2 | G43: =E43/(1-F43) -> 2250 | H43: =(250+100)*4 -> 1400 | I43: 0.15 | J43: =H43*(1+I43) -> 1610 | K43: =J43*D43 -> 0 | L43: =G43+J43 -> 3860 | M43: =D43*L43 -> 0
A45: 2.8.3 | B45: Supply, Deliver, Install new 400V, 80A, 6kA, 3P, MCB | C45: No. | D45: =2 + N("Isolators") -> 2 | E45: 1734.1 | F45: 0.2 | G45: =E45/(1-F45) -> 2167.625 | H45: =(250+100)*4 -> 1400 | I45: 0.15 | J45: =H45*(1+I45) -> 1610 | K45: =J45*D45 -> 3220 | L45: =G45+J45 -> 3777.625 | M45: =D45*L45 -> 7555.25
A47: 2.8.4 | B47: Supply, Deliver, Install new 400V, 80A, 4P N/O Contactor | C47: No. | D47: 1 | E47: =550*1.2 -> 660 | F47: 0.2 | G47: =E47/(1-F47) -> 825 | H47: =(250+100)*4 -> 1400 | I47: 0.15 | J47: =H47*(1+I47) -> 1610 | K47: =J47*D47 -> 1610 | L47: =G47+J47 -> 2435 | M47: =D47*L47 -> 2435
A49: 2.9 | D49: Distribution Boards
A51: 2.9.1 | B51: Supply, Deliver, Install new 8-way LV Distribution Board | C51: No. | D51: 0 | E51: 2500 | F51: 0.2 | G51: =E51/(1-F51) -> 3125 | H51: =250*1 -> 250 | I51: 0.15 | J51: =H51*(1+I51) -> 287.5 | K51: =J51*D51 -> 0 | L51: =G51+J51 -> 3412.5 | M51: =D51*L51 -> 0
A53: 2.9.2 | B53: Supply, Deliver, Install new 16-way LV Distribution Board | C53: No. | D53: 3 | E53: 5729 | F53: 0.2 | G53: =E53/(1-F53) -> 7161.25 | H53: 250 | I53: 0.15 | J53: =H53*(1+I53) -> 287.5 | K53: =J53*D53 -> 862.5 | L53: =G53+J53 -> 7448.75 | M53: =D53*L53 -> 22346.25
A55: 2.9.3 | B55: Supply, Deliver, Install Surge Arrestor Din 3 Pole+Neutral 20kA 1.3kV type 1 & 2 | C55: No. | D55: 1 | E55: =5729 -> 5729 | F55: 0.2 | G55: =E55/(1-F55) -> 7161.25 | H55: 250 | I55: 0.15 | J55: =H55*(1+I55) -> 287.5 | K55: =J55*D55 -> 287.5 | L55: =G55+J55 -> 7448.75 | M55: =D55*L55 -> 7448.75
A57: 2.9.4 | B57: Supply, Deliver, Install new 300/5A, 10VA Current transformers as required to integrate the new system | C57: No. | D57: 3 | E57: 350 | F57: 0.2 | G57: =E57/(1-F57) -> 437.5 | H57: 250 | I57: 0.15 | J57: =H57*(1+I57) -> 287.5 | K57: =J57*D57 -> 862.5 | L57: =G57+J57 -> 725 | M57: =D57*L57 -> 2175
A59: 2.9.5 | B59: Supply, Deliver, Install & Terminate 7C, 4mm control cable between CT's and Inverter | C59: m | D59: 2 | E59: =35 -> 35 | F59: 0.2 | G59: =E59/(1-F59) -> 43.75 | H59: =(65*3) -> 195 | I59: 0.15 | J59: =H59*(1+I59) -> 224.25 | K59: =J59*D59 -> 448.5 | L59: =G59+J59 -> 268 | M59: =D59*L59 -> 536
A61: 2.9.6 | B61: Disconnect & Remove existing equipment as per scope of works | C61: Sum | D61: 1 | E61: 1 | F61: 0.2 | G61: =E61/(1-F61) -> 1.25 | H61: =2500*3 -> 7500 | I61: 0.15 | J61: =H61*(1+I61) -> 8625 | K61: =J61*D61 -> 8625 | L61: =G61+J61 -> 8626.25 | M61: =D61*L61 -> 8626.25
A63: 2.1 | D63: Steel Stand for Equipment
A64: 2.10.1 | B64: Fabricate & Install galvanized steel stand for new Inverter. Dimensions: 1200 x 800 x 300mm (L X B X H) | C64: No. | D64: 3 | E64: 10000 | F64: 0.16 | G64: =E64/(1-F64) -> 11904.762 | H64: 200 | I64: 0.15 | J64: =H64*(1+I64) -> 230 | K64: =J64*D64 -> 690 | L64: =G64+J64 -> 12134.762 | M64: =D64*L64 -> 36404.286
A66: 2.10.2 | B66: Fabricate & Install galvanized steel stand for new ATS. Dimensions: 700 x 500 x 300mm (L X B X H) | C66: No. | D66: 0 | E66: 7500 | F66: 0.16 | G66: =E66/(1-F66) -> 8928.5714 | H66: 200 | I66: 0.15 | J66: =H66*(1+I66) -> 230 | K66: =J66*D66 -> 0 | L66: =G66+J66 -> 9158.5714 | M66: =D66*L66 -> 0
A68: 2.11 | D68: AC CABLING
B70: Supply, Deliver, Install & Test LV ECC CABLES (4 Core Cu PVC/SWA/PVC)
B72: Laid in ground or Clamped to cable ladder or cable tray with K clamps at 1500mm spacing or to manufacturers recommendations. Type: Aberdare, Africa Cables or equal and approved by Engineer
A74: 2.11.1 | B74: 70 mm² 4-core | C74: m | D74: 12 | E74: 947.75 | F74: 0.25 | G74: =E74/(1-F74) -> 1263.6667 | H74: 25 | I74: 0.15 | J74: =H74*(1+I74) -> 28.75 | K74: =J74*D74 -> 345 | L74: =G74+J74 -> 1292.4167 | M74: =D74*L74 -> 15509
A75: 2.11.2 | B75: 50 mm² 4-core | C75: m | D75: 0 | E75: 686.12 | F75: 0.25 | G75: =E75/(1-F75) -> 914.82667 | H75: 25 | I75: 0.15 | J75: =H75*(1+I75) -> 28.75 | K75: =J75*D75 -> 0 | L75: =G75+J75 -> 943.57667 | M75: =D75*L75 -> 0
A76: 2.11.3 | B76: 35 mm² 4-core | C76: m | D76: 0 | E76: 634 | F76: 0.25 | G76: =E76/(1-F76) -> 845.33333 | H76: 25 | I76: 0.15 | J76: =H76*(1+I76) -> 28.75 | K76: =J76*D76 -> 0 | L76: =G76+J76 -> 874.08333 | M76: =D76*L76 -> 0
A77: 2.11.4 | B77: 25 mm² 4-core | C77: m | D77: 0 | E77: 450 | F77: 0.25 | G77: =E77/(1-F77) -> 600 | H77: 25 | I77: 0.15 | J77: =H77*(1+I77) -> 28.75 | K77: =J77*D77 -> 0 | L77: =G77+J77 -> 628.75 | M77: =D77*L77 -> 0
A78: 2.11.5 | B78: 16 mm² 4-core | C78: m | D78: 0 | E78: 380 | F78: 0.25 | G78: =E78/(1-F78) -> 506.66667 | H78: 25 | I78: 0.15 | J78: =H78*(1+I78) -> 28.75 | K78: =J78*D78 -> 0 | L78: =G78+J78 -> 535.41667 | M78: =D78*L78 -> 0
A79: 2.11.6 | B79: 10 mm² 4-core | C79: m | D79: 0 | E79: =215 -> 215 | F79: 0.25 | G79: =E79/(1-F79) -> 286.66667 | H79: 25 | I79: 0.15 | J79: =H79*(1+I79) -> 28.75 | K79: =J79*D79 -> 0 | L79: =G79+J79 -> 315.41667 | M79: =D79*L79 -> 0
A81: 2.12 | D81: GENERAL PURPOSE WIRE
A83: 2.12.1 | B83: 35 mm² GPW | C83: m | D83: 8 | E83: 109.45 | F83: 0.2 | G83: =E83/(1-F83) -> 136.8125 | H83: 50 | I83: 0.15 | J83: =H83*(1+I83) -> 57.5 | K83: =J83*D83 -> 460 | L83: =G83+J83 -> 194.3125 | M83: =D83*L83 -> 1554.5
B84: 16 mm² GPW | C84: m | D84: 0 | E84: 70.6 | F84: 0.2 | G84: =E84/(1-F84) -> 88.25 | H84: 50 | I84: 0.15 | J84: =H84*(1+I84) -> 57.5 | K84: =J84*D84 -> 0 | L84: =G84+J84 -> 145.75 | M84: =D84*L84 -> 0
B85: 6 mm² GPW | C85: m | D85: 0 | E85: 22.91 | F85: 0.2 | G85: =E85/(1-F85) -> 28.6375 | H85: 50 | I85: 0.15 | J85: =H85*(1+I85) -> 57.5 | K85: =J85*D85 -> 0 | L85: =G85+J85 -> 86.1375 | M85: =D85*L85 -> 0
A87: 2.13 | D87: SURFIX
A89: 2.13.1 | B89: 1.5 mm² 2C + E Surfix | C89: m | D89: 0 | E89: 25 | F89: 0.2 | G89: =E89/(1-F89) -> 31.25 | I89: 0.15 | J89: =H89*(1+I89) -> 0 | K89: =J89*D89 -> 0 | L89: =G89+J89 -> 31.25 | M89: =D89*L89 -> 0
A90: 2.13.2 | B90: 2.5 mm² 2C + E Surfix | C90: m | D90: 0 | E90: 33 | F90: 0.2 | G90: =E90/(1-F90) -> 41.25 | I90: 0.15 | J90: =H90*(1+I90) -> 0 | K90: =J90*D90 -> 0 | L90: =G90+J90 -> 41.25 | M90: =D90*L90 -> 0
A91: 2.13.3 | B91: 4 mm² 2C + E Surfix | C91: m | D91: 0 | E91: 37 | F91: 0.2 | G91: =E91/(1-F91) -> 46.25 | I91: 0.15 | J91: =H91*(1+I91) -> 0 | K91: =J91*D91 -> 0 | L91: =G91+J91 -> 46.25 | M91: =D91*L91 -> 0
A93: 2.14 | D93: CABLE TERMINATIONS (1, or 4 Core Cu PVC/SWA/PVC or Flexible)
B95: Cable terminations complete with compatible glands, lugs and shrouds to suite cable type to SABS requirements & Specifications:
A97: 2.14.1 | B97: 70 mm² 4-core | C97: ea | D97: 6 | E97: =752.54*1.1 -> 827.794 | F97: 0.2 | G97: =E97/(1-F97) -> 1034.7425 | H97: =(250+100)*1.5 -> 525 | I97: 0.15 | J97: =H97*(1+I97) -> 603.75 | K97: =J97*D97 -> 3622.5 | L97: =G97+J97 -> 1638.4925 | M97: =D97*L97 -> 9830.955
A98: 2.14.2 | B98: 70 mm² 1-core | C98: ea | D98: 0 | E98: =350*1.1 -> 385 | F98: 0.2 | G98: =E98/(1-F98) -> 481.25 | H98: =(250+100)*1.5 -> 525 | I98: 0.15 | J98: =H98*(1+I98) -> 603.75 | K98: =J98*D98 -> 0 | L98: =G98+J98 -> 1085 | M98: =D98*L98 -> 0
A99: 2.14.3 | B99: 50 mm² 4-core | C99: ea | D99: 0 | E99: 550 | F99: 0.2 | G99: =E99/(1-F99) -> 687.5 | H99: =(250+100)*1.5 -> 525 | I99: 0.15 | J99: =H99*(1+I99) -> 603.75 | K99: =J99*D99 -> 0 | L99: =G99+J99 -> 1291.25 | M99: =D99*L99 -> 0
A100: 2.14.4 | B100: 35 mm² 4-core | C100: ea | D100: 0 | E100: 350 | F100: 0.2 | G100: =E100/(1-F100) -> 437.5 | H100: 525 | I100: 0.15 | J100: =H100*(1+I100) -> 603.75 | K100: =J100*D100 -> 0 | L100: =G100+J100 -> 1041.25 | M100: =D100*L100 -> 0
A101: 2.14.5 | B101: 25 mm² 4-core | C101: ea | D101: 0 | G101: =E101/(1-F101) -> 0 | H101: 525 | I101: 0.15 | J101: =H101*(1+I101) -> 603.75 | K101: =J101*D101 -> 0 | L101: =G101+J101 -> 603.75 | M101: =D101*L101 -> 0
A102: 2.14.6 | B102: 16 mm² 4-core | C102: ea | D102: 0 | E102: 350 | F102: 0.2 | G102: =E102/(1-F102) -> 437.5 | H102: 525 | I102: 0.15 | J102: =H102*(1+I102) -> 603.75 | K102: =J102*D102 -> 0 | L102: =G102+J102 -> 1041.25 | M102: =D102*L102 -> 0
A103: 2.14.7 | B103: 10 mm² 4-core | C103: ea | D103: 0 | E103: 350 | F103: 0.2 | G103: =E103/(1-F103) -> 437.5 | H103: 525 | I103: 0.15 | J103: =H103*(1+I103) -> 603.75 | K103: =J103*D103 -> 0 | L103: =G103+J103 -> 1041.25 | M103: =D103*L103 -> 0
A104: 2.14.8 | B104: 35 mm² 1-core | C104: ea | D104: 4 | G104: =E104/(1-F104) -> 0 | H104: 525 | I104: 0.15 | J104: =H104*(1+I104) -> 603.75 | K104: =J104*D104 -> 2415 | L104: =G104+J104 -> 603.75 | M104: =D104*L104 -> 2415
A105: 2.14.9 | B105: 25 mm² 1-core | C105: ea | D105: 0 | E105: 250 | F105: 0.2 | G105: =E105/(1-F105) -> 312.5 | H105: 525 | I105: 0.15 | J105: =H105*(1+I105) -> 603.75 | K105: =J105*D105 -> 0 | L105: =G105+J105 -> 916.25 | M105: =D105*L105 -> 0
A106: 2.14.10 | B106: 16 mm² 1-core | C106: ea | D106: 0 | E106: 500 | F106: 0.2 | G106: =E106/(1-F106) -> 625 | H106: 525 | I106: 0.15 | J106: =H106*(1+I106) -> 603.75 | K106: =J106*D106 -> 0 | L106: =G106+J106 -> 1228.75 | M106: =D106*L106 -> 0
A107: 2.14.11 | B107: 10 mm² 1-core | C107: ea | D107: 0 | E107: 500 | F107: 0.2 | G107: =E107/(1-F107) -> 625 | H107: 525 | I107: 0.15 | J107: =H107*(1+I107) -> 603.75 | K107: =J107*D107 -> 0 | L107: =G107+J107 -> 1228.75 | M107: =D107*L107 -> 0
A109: 2.15 | D109: INSULATED COPPER EARTH WIRE
B111: Black insulated stranded copper earth wire strapped to cable at 2000mm centres with PVC cable ties or approved method:
A113: 2.15.1 | B113: 35 mm² | C113: ea | D113: 0 | E113: =132*(15+10+10) -> 4620 | F113: 0.2 | G113: =E113/(1-F113) -> 5775 | H113: =9*(15+10+10) -> 315 | I113: 0.15 | J113: =H113*(1+I113) -> 362.25 | K113: =J113*D113 -> 0 | L113: =G113+J113 -> 6137.25 | M113: =D113*L113 -> 0
A114: 2.15.2 | B114: 6 mm² | C114: ea | D114: 18 | E114: =30 -> 30 | F114: 0.2 | G114: =E114/(1-F114) -> 37.5 | H114: =15 -> 15 | I114: 0.15 | J114: =H114*(1+I114) -> 17.25 | K114: =J114*D114 -> 310.5 | L114: =G114+J114 -> 54.75 | M114: =D114*L114 -> 985.5
A116: 2.16 | D116: COMMUNICATIONS CABLE
A118: 2.16.1 | B118: Supply, deliver, Install & terminate CAT 6 communications cable (including connectors) as per scope of work | C118: m | D118: 10 | E118: 5 | F118: 0.2 | G118: =E118/(1-F118) -> 6.25 | H118: =(100*3) -> 300 | I118: 0.15 | J118: =H118*(1+I118) -> 345 | K118: =J118*D118 -> 3450 | L118: =G118+J118 -> 351.25 | M118: =D118*L118 -> 3512.5
A120: 2.17 | D120: TRENCHING & BACKFILLING
B122: Trench depth to be 600mm deep
A124: 2.17.1 | B124: Trenching & backfilling of cables in soft pickable soil as per scope of work. Including importing of backfill material as required. Including cable warning tape | C124: Sum | D124: 0 | F124: 0.2 | G124: =E124/(1-F124) -> 0 | H124: =140*(20+60+200) -> 39200 | I124: 0.15 | J124: =H124*(1+I124) -> 45080 | K124: =J124*D124 -> 0 | L124: =G124+J124 -> 45080 | M124: =D124*L124 -> 0
A125: 2.17.2 | B125: Trenching & backfilling of cables in hard rock as per scope of work. Including importing of backfill material as required. Including cable warning tape | C125: Sum | D125: 0 | F125: 0.2 | G125: =E125/(1-F125) -> 0 | H125: =140*(20+60+200) -> 39200 | I125: 0.15 | J125: =H125*(1+I125) -> 45080 | K125: =J125*D125 -> 0 | L125: =G125+J125 -> 45080 | M125: =D125*L125 -> 0
A126: 2.17.3 | B126: Supply & Install 50mm diameter PVC sleeves including bends and connectors | C126: Sum | D126: 0 | E126: =35*(50+50) -> 3500 | F126: 0.2 | G126: =E126/(1-F126) -> 4375 | H126: =5*(50+50+50) -> 750 | I126: 0.15 | J126: =H126*(1+I126) -> 862.5 | K126: =J126*D126 -> 0 | L126: =G126+J126 -> 5237.5 | M126: =D126*L126 -> 0
A127: 2.17.4 | B127: Re-instatement of existing concrete surfaces | C127: Sum | D127: 0 | E127: =4500*3 -> 13500 | F127: 0.2 | G127: =E127/(1-F127) -> 16875 | H127: 5 | I127: 0.15 | J127: =H127*(1+I127) -> 5.75 | K127: =J127*D127 -> 0 | L127: =G127+J127 -> 16880.75 | M127: =D127*L127 -> 0
A129: 2.18 | D129: Tree cutting & trimming
A131: 2.18.1 | B131: Tree cutting & trimming as required | C131: Sum | D131: 0 | E131: 0 | F131: 0.2 | G131: =E131/(1-F131) -> 0 | H131: =2500*3 -> 7500 | K131: =H131*D131 -> 0 | L131: =G131+J131 -> 0 | M131: =D131*L131 -> 0
K132: =H132*D132 -> 0
A134: 2.19 | B134: Lighting Protection System | K134: =H134*D134 -> 0
A135: 2.19.1 | B135: Design, Supply, Test & Install Lighting Protection System by Specialist | C135: Sum | D135: 1 | E135: 25000 | F135: 0 | G135: =E135/(1-F135) -> 25000 | H135: 0 | K135: =H135*D135 -> 0 | L135: =G135+H135 -> 25000 | M135: =D135*L135 -> 25000
A137: 2.2 | B137: Earthing System | K137: =H137*D137 -> 0
A138: 2.20.1 | B138: Design, Supply, Test & Install Earthing System by Specialist | C138: Sum | D138: 1 | E138: =15000 -> 15000 | F138: 0 | G138: =E138/(1-F138) -> 15000 | H138: 0 | K138: =H138*D138 -> 0 | L138: =G138+H138 -> 15000 | M138: =D138*L138 -> 15000
A140: 2.21 | B140: Cerificate of Compliance | K140: =H140*D140 -> 0
A141: 2.21.1 | B141: Issuing of CoC for new system as per SANS 10142-1 | C141: Sum | D141: 1 | E141: =5000 -> 5000 | F141: 0 | G141: =E141/(1-F141) -> 5000 | H141: 0 | K141: =H141*D141 -> 0 | L141: =G141+H141 -> 5000 | M141: =D141*L141 -> 5000
A142: 2.21.2 | B142: Provisional Sum for rectification of existing defects in order to issue CoC | C142: Sum | D142: 1 | E142: =50000 -> 50000 | F142: 0 | G142: =E142/(1-F142) -> 50000 | H142: 0 | K142: =H142*D142 -> 0 | L142: =G142+H142 -> 50000 | M142: =D142*L142 -> 50000
A144: 2.22 | B144: SUNDRY ITEMS | K144: =H144*D144 -> 0
K145: =H145*D145 -> 0
A146: 2.22.1 | B146: All items such as bolts, nuts, mounting screws, scruits midget, connector blocks, cable ties, cable/tray clamps etc. to provide a fully functional and compliant system | C146: Sum | D146: 1 | E146: =5000*3 -> 15000 | F146: 0.2 | G146: =E146/(1-F146) -> 18750 | H146: 1 | K146: =H146*D146 -> 1 | L146: =G146+H146 -> 18751 | M146: =D146*L146 -> 18751
B148: Carried to summary | K148: =SUM(K11:K146) -> 95508.5 | M148: =SUM(M11:M147) -> 2043332.9 | N148: =M148*1.15 -> 2349832.8

Sheet SECT 2- L Block New
A1: BILL OF QUANTITIES
A2: ='[1]SECTION 1-P&G'!A2:K2 -> MUT - Alternative Energy supply
A3: SECTION 2: SOLAR PV / BATTERY SYSTEM
C4: A | D4: B | E4: C | F4: D | G4: E | H4: F | I4: G | J4: H | K4: I | L4: J | M4: K
A5: ITEM No. | B5: DESCRIPTION | C5: UNIT | D5: QUANTITY | E5: SUPPLY RATE (COST) | F5: MARK UP % | G5: SUPPLY RATE (MARKED UP) | H5: Install Rate | I5: MARK UP % | J5: INSTALL RATE (Marked up) | K5: LABOUR TOTAL | L5: RATE (E+H) | M5: TOTAL (BxJ)
A7: 2 | D7: INVERTERS, SOLAR PV MODULES, BATTERIES, AC EQUIPMENT & CABLING
A9: 2.1 | D9: Solar PV Panels
A11: 2.1.2 | B11: L block New -Supply, Deliver, Install, Test & Commission 550W Canadian Solar Super High Power Mono PERC or Equivalent to Engineer's approval. Inclusive of earthing & bonding complete | C11: ea | D11: 86 | E11: =1623.93 -> 1623.93 | F11: 0.25 | G11: =E11/(1-F11) -> 2165.24 | H11: 350 | I11: 0.15 | J11: =H11*(1+I11) -> 402.5 | K11: =J11*D11 -> 34615 | L11: =G11+J11 -> 2567.74 | M11: =D11*L11 -> 220825.64
A13: 2.2 | D13: Inverters
A14: 2.2.2 | B14: L Block New-Supply, Deliver, Install, Test & Commission 50kW 3P Sunsynk hybrid inverter | C14: No. | D14: 3 | E14: 87286.19 | F14: 0.2 | G14: =E14/(1-F14) -> 109107.74 | H14: =(550*8)+3600 -> 8000 | I14: 0.15 | J14: =H14*(1+I14) -> 9200 | K14: =J14*D14 -> 27600 | L14: =G14+J14 -> 118307.74 | M14: =D14*L14 -> 354923.21
A16: 2.3 | D16: Automatic Transfer Switch (ATS)
A17: 2.3.2 | B17: L Block New Supply, Deliver, Install, Test & Commission Changeover Switch | C17: No. | D17: 1 | E17: 20000 | F17: 0.2 | G17: =E17/(1-F17) -> 25000 | H17: =(550*4)+3500 -> 5700 | I17: 0.15 | J17: =H17*(1+I17) -> 6555 | K17: =J17*D17 -> 6555 | L17: =G17+J17 -> 31555 | M17: =D17*L17 -> 31555
A18: 2.3.3 | B18: L Block Old Supply, Deliver, Install, Test & Commission Elum SD Genset controller | C18: No. | D18: 1 | E18: 70000 | F18: 0.2 | G18: =E18/(1-F18) -> 87500 | H18: =(550*4)+3500 -> 5700 | I18: 0.15 | J18: =H18*(1+I18) -> 6555 | K18: =J18*D18 -> 6555 | L18: =G18+J18 -> 94055 | M18: =D18*L18 -> 94055
A19: 2.4 | D19: Battery System
A20: 2.4.1 | B20: L Block New-Supply, Deliver, Install, Test & Commission Lithium Batteries to provide backup. 200/160 HV | C20: ea | D20: 3 | E20: =906452.58*1.2 -> 1087743.1 | F20: 0.2 | G20: =E20/(1-F20) -> 1359678.9 | H20: =(550*8)+3600 -> 8000 | I20: 0.15 | J20: =H20*(1+I20) -> 9200 | K20: =J20*D20 -> 27600 | L20: =G20+J20 -> 1368878.9 | M20: =D20*L20 -> 4106636.6
A22: 2.4.4
B23: Supply, Deliver, Install, Test & Commission Fuse Disconnectors with 250A fuses for Battery | C23: No. | D23: 6 | E23: =1888.71*1.15 -> 2172.0165 | F23: 0.2 | G23: =E23/(1-F23) -> 2715.0206 | H23: =250*1 -> 250 | I23: 0.15 | J23: =H23*(1+I23) -> 287.5 | K23: =J23*D23 -> 1725 | L23: =G23+J23 -> 3002.5206 | M23: =D23*L23 -> 18015.124
A25: 2.5 | D25: Mounting Structure, Clamps & Walkways
A26: 2.5.1 | B26: Mounting Structures. Material to be aluminium and must include a 10 year warranty | C26: ea | D26: =D11 -> 86 | E26: 650 | F26: 0.2 | G26: =E26/(1-F26) -> 812.5 | H26: =(((5*200)*4)*1.2)/D26 -> 55.813953 | I26: 0.15 | J26: =H26*(1+I26) -> 64.186047 | K26: =J26*D26 -> 5520 | L26: =G26+J26 -> 876.68605 | M26: =D26*L26 -> 75395
B27: Cable Support/Wireways etc. Material to be galvanized steel | C27: Sum | D27: 1 | E27: =10000 -> 10000 | F27: 0.2 | G27: =E27/(1-F27) -> 12500 | H27: =2500*3 -> 7500 | I27: 0.15 | J27: =H27*(1+I27) -> 8625 | K27: =J27*D27 -> 8625 | L27: =G27+J27 -> 21125 | M27: =D27*L27 -> 21125
A29: 2.6 | D29: DC Cabling
A30: 2.6.1 | B30: 4mmsq Solar PV DC cables from panels to DC combiner box. Red cable for positive (+) and Black cable for negative (-) to SANS10142-1. UV resistant to EN50618 & TUV certified. Including MC4 connectors complete | C30: m | D30: 230 | E30: =14.85*1.15 -> 17.0775 | F30: 0.2 | G30: =E30/(1-F30) -> 21.346875 | H30: =39 -> 39 | I30: 0.15 | J30: =H30*(1+I30) -> 44.85 | K30: =J30*D30 -> 10315.5 | L30: =G30+J30 -> 66.196875 | M30: =D30*L30 -> 15225.281
A31: 2.6.2 | B31: 70mm2 Single core DC cable for Batteries | C31: m | D31: 6 | E31: =180*1.15 -> 207 | F31: 0.2 | G31: =E31/(1-F31) -> 258.75 | H31: =65 -> 65 | I31: 0.15 | J31: =H31*(1+I31) -> 74.75 | K31: =J31*D31 -> 448.5 | L31: =G31+J31 -> 333.5 | M31: =D31*L31 -> 2001
A32: 2.6.3 | B32: 50mm2 Single core DC cable for Batteries | C32: m | D32: 0 | E32: =190 -> 190 | F32: 0.2 | G32: =E32/(1-F32) -> 237.5 | H32: =65 -> 65 | I32: 0.15 | J32: =H32*(1+I32) -> 74.75 | K32: =J32*D32 -> 0 | L32: =G32+J32 -> 312.25 | M32: =D32*L32 -> 0
B33: 25mm2 Single core DC cable for Batteries | C33: m | D33: 0 | E33: =110 -> 110 | F33: 0.2 | G33: =E33/(1-F33) -> 137.5 | H33: =65 -> 65 | I33: 0.15 | J33: =H33*(1+I33) -> 74.75 | K33: =J33*D33 -> 0 | L33: =G33+J33 -> 212.25 | M33: =D33*L33 -> 0
A35: 2.7 | D35: DC Combiner Box
A36: 2.7.1 | B36: DC Combiner Box including the ffg components: 1000V rating, 1 X MPPT, 8 Inputs & 1 Output, 160A Isolator, Type 1 & 2 Surge Protection device, Inclusive of fuses. | C36: ea | D36: 1 | E36: =13501.37*1.2 -> 16201.644 | F36: 0.2 | G36: =E36/(1-F36) -> 20252.055 | H36: =250*2 -> 500 | I36: 0.15 | J36: =H36*(1+I36) -> 575 | K36: =J36*D36 -> 575 | L36: =G36+J36 -> 20827.055 | M36: =D36*L36 -> 20827.055
A37: 2.7.2 | B37: DC Combiner Box including the ffg components: 1000V rating, 4 X MPPT, 8 Inputs & 8 Output, 160A Isolator, Type 1 & 2 Surge Protection device, Inclusive of fuses. | C37: ea | D37: 0 | E37: =13501.37*1.2 -> 16201.644 | F37: 0.2 | G37: =E37/(1-F37) -> 20252.055 | H37: =250*2 -> 500 | I37: 0.15 | J37: =H37*(1+I37) -> 575 | K37: =J37*D37 -> 0 | L37: =G37+J37 -> 20827.055 | M37: =D37*L37 -> 0
A39: 2.8 | D39: Circuit Breakers
A41: 2.8.1 | B41: Supply, Deliver, Install new 400V, 200A, 6kA, 3P,adjustable MCCB | C41: ea | D41: 3 | E41: 2500 | F41: 0.2 | G41: =E41/(1-F41) -> 3125 | H41: =(250+100)*4 -> 1400 | I41: 0.15 | J41: =H41*(1+I41) -> 1610 | K41: =J41*D41 -> 4830 | L41: =G41+J41 -> 4735 | M41: =D41*L41 -> 14205
A43: 2.8.2 | B43: Supply, Deliver, Install new 400V, 150A, 6kA, 4P, adjustable MCCB | C43: ea | D43: 0 | E43: 1800 | F43: 0.2 | G43: =E43/(1-F43) -> 2250 | H43: =(250+100)*4 -> 1400 | I43: 0.15 | J43: =H43*(1+I43) -> 1610 | K43: =J43*D43 -> 0 | L43: =G43+J43 -> 3860 | M43: =D43*L43 -> 0
A45: 2.8.3 | B45: Supply, Deliver, Install new 400V, 80A, 6kA, 3P, MCB | C45: ea | D45: =2 + N("Isolators") -> 2 | E45: 1734.1 | F45: 0.2 | G45: =E45/(1-F45) -> 2167.625 | H45: =(250+100)*4 -> 1400 | I45: 0.15 | J45: =H45*(1+I45) -> 1610 | K45: =J45*D45 -> 3220 | L45: =G45+J45 -> 3777.625 | M45: =D45*L45 -> 7555.25
A47: 2.8.4 | B47: Supply, Deliver, Install new 400V, 80A, 4P N/O Contactor | C47: ea | D47: 1 | E47: =550*1.2 -> 660 | F47: 0.2 | G47: =E47/(1-F47) -> 825 | H47: =(250+100)*4 -> 1400 | I47: 0.15 | J47: =H47*(1+I47) -> 1610 | K47: =J47*D47 -> 1610 | L47: =G47+J47 -> 2435 | M47: =D47*L47 -> 2435
A49: 2.9 | D49: Distribution Boards
A51: 2.9.1 | B51: Supply, Deliver, Install new 8-way LV Distribution Board | C51: ea | D51: 0 | E51: 2500 | F51: 0.2 | G51: =E51/(1-F51) -> 3125 | H51: =250*1 -> 250 | I51: 0.15 | J51: =H51*(1+I51) -> 287.5 | K51: =J51*D51 -> 0 | L51: =G51+J51 -> 3412.5 | M51: =D51*L51 -> 0
A53: 2.9.2 | B53: Supply, Deliver, Install new 16-way LV Distribution Board | C53: ea | D53: 3 | E53: 5729 | F53: 0.2 | G53: =E53/(1-F53) -> 7161.25 | H53: 250 | I53: 0.15 | J53: =H53*(1+I53) -> 287.5 | K53: =J53*D53 -> 862.5 | L53: =G53+J53 -> 7448.75 | M53: =D53*L53 -> 22346.25
A55: 2.9.3 | B55: Supply, Deliver, Install Surge Arrestor Din 3 Pole+Neutral 20kA 1.3kV type 1 & 2 | C55: ea | D55: 1 | E55: =5729 -> 5729 | F55: 0.2 | G55: =E55/(1-F55) -> 7161.25 | H55: 250 | I55: 0.15 | J55: =H55*(1+I55) -> 287.5 | K55: =J55*D55 -> 287.5 | L55: =G55+J55 -> 7448.75 | M55: =D55*L55 -> 7448.75
A57: 2.9.4 | B57: Supply, Deliver, Install new 300/5A, 10VA Current transformers as required to integrate the new system | C57: ea | D57: 3 | E57: 350 | F57: 0.2 | G57: =E57/(1-F57) -> 437.5 | H57: 250 | I57: 0.15 | J57: =H57*(1+I57) -> 287.5 | K57: =J57*D57 -> 862.5 | L57: =G57+J57 -> 725 | M57: =D57*L57 -> 2175
A59: 2.9.5 | B59: Supply, Deliver, Install & Terminate 7C, 4mm control cable between CT's and Inverter | C59: m | D59: 20 | E59: =35 -> 35 | F59: 0.2 | G59: =E59/(1-F59) -> 43.75 | H59: =(65*3) -> 195 | I59: 0.15 | J59: =H59*(1+I59) -> 224.25 | K59: =J59*D59 -> 4485 | L59: =G59+J59 -> 268 | M59: =D59*L59 -> 5360
A61: 2.9.6 | B61: Disconnect & Remove existing equipment as per scope of works | C61: Sum | D61: 1 | E61: 1 | F61: 0.2 | G61: =E61/(1-F61) -> 1.25 | H61: =2500*3 -> 7500 | I61: 0.15 | J61: =H61*(1+I61) -> 8625 | K61: =J61*D61 -> 8625 | L61: =G61+J61 -> 8626.25 | M61: =D61*L61 -> 8626.25
A63: 2.1 | D63: Steel Stand for Equipment
A64: 2.10.1 | B64: Fabricate & Install galvanized steel stand for new Inverter. Dimensions: 1200 x 800 x 300mm (L X B X H) | C64: No. | D64: 3 | E64: 10000 | F64: 0.16 | G64: =E64/(1-F64) -> 11904.762 | H64: 200 | I64: 0.15 | J64: =H64*(1+I64) -> 230 | K64: =J64*D64 -> 690 | L64: =G64+J64 -> 12134.762 | M64: =D64*L64 -> 36404.286
A66: 2.10.2 | B66: Fabricate & Install galvanized steel stand for new ATS. Dimensions: 700 x 500 x 300mm (L X B X H) | C66: No. | D66: 0 | E66: 7500 | F66: 0.16 | G66: =E66/(1-F66) -> 8928.5714 | H66: 200 | I66: 0.15 | J66: =H66*(1+I66) -> 230 | K66: =J66*D66 -> 0 | L66: =G66+J66 -> 9158.5714 | M66: =D66*L66 -> 0
A68: 2.11 | D68: AC CABLING
B70: Supply, Deliver, Install & Test LV ECC CABLES (4 Core Cu PVC/SWA/PVC)
B72: Laid in ground or Clamped to cable ladder or cable tray with K clamps at 1500mm spacing or to manufacturers recommendations. Type: Aberdare, Africa Cables or equal and approved by Engineer
A74: 2.11.1 | B74: 70 mm² 4-core | C74: m | D74: 12 | E74: 947.75 | F74: 0.25 | G74: =E74/(1-F74) -> 1263.6667 | H74: 25 | I74: 0.15 | J74: =H74*(1+I74) -> 28.75 | K74: =J74*D74 -> 345 | L74: =G74+J74 -> 1292.4167 | M74: =D74*L74 -> 15509
A75: 2.11.2 | B75: 50 mm² 4-core | C75: m | D75: 0 | E75: 686.12 | F75: 0.25 | G75: =E75/(1-F75) -> 914.82667 | H75: 25 | I75: 0.15 | J75: =H75*(1+I75) -> 28.75 | K75: =J75*D75 -> 0 | L75: =G75+J75 -> 943.57667 | M75: =D75*L75 -> 0
A76: 2.11.3 | B76: 35 mm² 4-core | C76: m | D76: 0 | E76: 634 | F76: 0.25 | G76: =E76/(1-F76) -> 845.33333 | H76: 25 | I76: 0.15 | J76: =H76*(1+I76) -> 28.75 | K76: =J76*D76 -> 0 | L76: =G76+J76 -> 874.08333 | M76: =D76*L76 -> 0
A77: 2.11.4 | B77: 25 mm² 4-core | C77: m | D77: 0 | E77: 450 | F77: 0.25 | G77: =E77/(1-F77) -> 600 | H77: 25 | I77: 0.15 | J77: =H77*(1+I77) -> 28.75 | K77: =J77*D77 -> 0 | L77: =G77+J77 -> 628.75 | M77: =D77*L77 -> 0
A78: 2.11.5 | B78: 16 mm² 4-core | C78: m | D78: 0 | E78: 380 | F78: 0.25 | G78: =E78/(1-F78) -> 506.66667 | H78: 25 | I78: 0.15 | J78: =H78*(1+I78) -> 28.75 | K78: =J78*D78 -> 0 | L78: =G78+J78 -> 535.41667 | M78: =D78*L78 -> 0
A79: 2.11.6 | B79: 10 mm² 4-core | C79: m | D79: 0 | E79: =215 -> 215 | F79: 0.25 | G79: =E79/(1-F79) -> 286.66667 | H79: 25 | I79: 0.15 | J79: =H79*(1+I79) -> 28.75 | K79: =J79*D79 -> 0 | L79: =G79+J79 -> 315.41667 | M79: =D79*L79 -> 0
A81: 2.12 | D81: GENERAL PURPOSE WIRE
A83: 2.12.1 | B83: 35 mm² GPW | C83: m | D83: 8 | E83: 200 | F83: 0.2 | G83: =E83/(1-F83) -> 250 | H83: 50 | I83: 0.15 | J83: =H83*(1+I83) -> 57.5 | K83: =J83*D83 -> 460 | L83: =G83+J83 -> 307.5 | M83: =D83*L83 -> 2460
B84: 16 mm² GPW | C84: m | D84: 0 | E84: 70.6 | F84: 0.2 | G84: =E84/(1-F84) -> 88.25 | H84: 50 | I84: 0.15 | J84: =H84*(1+I84) -> 57.5 | K84: =J84*D84 -> 0 | L84: =G84+J84 -> 145.75 | M84: =D84*L84 -> 0
B85: 6 mm² GPW | C85: m | D85: 0 | E85: 22.91 | F85: 0.2 | G85: =E85/(1-F85) -> 28.6375 | H85: 50 | I85: 0.15 | J85: =H85*(1+I85) -> 57.5 | K85: =J85*D85 -> 0 | L85: =G85+J85 -> 86.1375 | M85: =D85*L85 -> 0
A87: 2.13 | D87: SURFIX
A89: 2.13.1 | B89: 1.5 mm² 2C + E Surfix | C89: m | D89: 0 | E89: 25 | F89: 0.2 | G89: =E89/(1-F89) -> 31.25 | I89: 0.15 | J89: =H89*(1+I89) -> 0 | K89: =J89*D89 -> 0 | L89: =G89+J89 -> 31.25 | M89: =D89*L89 -> 0
A90: 2.13.2 | B90: 2.5 mm² 2C + E Surfix | C90: m | D90: 0 | E90: 33 | F90: 0.2 | G90: =E90/(1-F90) -> 41.25 | I90: 0.15 | J90: =H90*(1+I90) -> 0 | K90: =J90*D90 -> 0 | L90: =G90+J90 -> 41.25 | M90: =D90*L90 -> 0
A91: 2.13.3 | B91: 4 mm² 2C + E Surfix | C91: m | D91: 0 | E91: 37 | F91: 0.2 | G91: =E91/(1-F91) -> 46.25 | I91: 0.15 | J91: =H91*(1+I91) -> 0 | K91: =J91*D91 -> 0 | L91: =G91+J91 -> 46.25 | M91: =D91*L91 -> 0
A93: 2.14 | D93: CABLE TERMINATIONS (1, or 4 Core Cu PVC/SWA/PVC or Flexible)
B95: Cable terminations complete with compatible glands, lugs and shrouds to suite cable type to SABS requirements & Specifications:
A97: 2.14.1 | B97: 70 mm² 4-core | C97: ea | D97: 6 | E97: =752.54*1.1 -> 827.794 | F97: 0.2 | G97: =E97/(1-F97) -> 1034.7425 | H97: =(250+100)*1.5 -> 525 | I97: 0.15 | J97: =H97*(1+I97) -> 603.75 | K97: =J97*D97 -> 3622.5 | L97: =G97+J97 -> 1638.4925 | M97: =D97*L97 -> 9830.955
A98: 2.14.2 | B98: 70 mm² 1-core | C98: ea | D98: 0 | E98: =350*1.1 -> 385 | F98: 0.2 | G98: =E98/(1-F98) -> 481.25 | H98: =(250+100)*1.5 -> 525 | I98: 0.15 | J98: =H98*(1+I98) -> 603.75 | K98: =J98*D98 -> 0 | L98: =G98+J98 -> 1085 | M98: =D98*L98 -> 0
A99: 2.14.3 | B99: 50 mm² 4-core | C99: ea | D99: 0 | E99: 550 | F99: 0.2 | G99: =E99/(1-F99) -> 687.5 | H99: =(250+100)*1.5 -> 525 | I99: 0.15 | J99: =H99*(1+I99) -> 603.75 | K99: =J99*D99 -> 0 | L99: =G99+J99 -> 1291.25 | M99: =D99*L99 -> 0
A100: 2.14.4 | B100: 35 mm² 4-core | C100: ea | D100: 0 | E100: 350 | F100: 0.2 | G100: =E100/(1-F100) -> 437.5 | H100: 525 | I100: 0.15 | J100: =H100*(1+I100) -> 603.75 | K100: =J100*D100 -> 0 | L100: =G100+J100 -> 1041.25 | M100: =D100*L100 -> 0
A101: 2.14.5 | B101: 25 mm² 4-core | C101: ea | D101: 0 | G101: =E101/(1-F101) -> 0 | H101: 525 | I101: 0.15 | J101: =H101*(1+I101) -> 603.75 | K101: =J101*D101 -> 0 | L101: =G101+J101 -> 603.75 | M101: =D101*L101 -> 0
A102: 2.14.6 | B102: 16 mm² 4-core | C102: ea | D102: 0 | E102: 350 | F102: 0.2 | G102: =E102/(1-F102) -> 437.5 | H102: 525 | I102: 0.15 | J102: =H102*(1+I102) -> 603.75 | K102: =J102*D102 -> 0 | L102: =G102+J102 -> 1041.25 | M102: =D102*L102 -> 0
A103: 2.14.7 | B103: 10 mm² 4-core | C103: ea | D103: 0 | E103: 350 | F103: 0.2 | G103: =E103/(1-F103) -> 437.5 | H103: 525 | I103: 0.15 | J103: =H103*(1+I103) -> 603.75 | K103: =J103*D103 -> 0 | L103: =G103+J103 -> 1041.25 | M103: =D103*L103 -> 0
A104: 2.14.8 | B104: 35 mm² 1-core | C104: ea | D104: 4 | E104: 350 | F104: 0.2 | G104: =E104/(1-F104) -> 437.5 | H104: 525 | I104: 0.15 | J104: =H104*(1+I104) -> 603.75 | K104: =J104*D104 -> 2415 | L104: =G104+J104 -> 1041.25 | M104: =D104*L104 -> 4165
A105: 2.14.9 | B105: 25 mm² 1-core | C105: ea | D105: 0 | E105: 250 | F105: 0.2 | G105: =E105/(1-F105) -> 312.5 | H105: 525 | I105: 0.15 | J105: =H105*(1+I105) -> 603.75 | K105: =J105*D105 -> 0 | L105: =G105+J105 -> 916.25 | M105: =D105*L105 -> 0
A106: 2.14.10 | B106: 16 mm² 1-core | C106: ea | D106: 0 | E106: 500 | F106: 0.2 | G106: =E106/(1-F106) -> 625 | H106: 525 | I106: 0.15 | J106: =H106*(1+I106) -> 603.75 | K106: =J106*D106 -> 0 | L106: =G106+J106 -> 1228.75 | M106: =D106*L106 -> 0
A107: 2.14.11 | B107: 10 mm² 1-core | C107: ea | D107: 0 | E107: 500 | F107: 0.2 | G107: =E107/(1-F107) -> 625 | H107: 525 | I107: 0.15 | J107: =H107*(1+I107) -> 603.75 | K107: =J107*D107 -> 0 | L107: =G107+J107 -> 1228.75 | M107: =D107*L107 -> 0
A109: 2.15 | D109: INSULATED COPPER EARTH WIRE
B111: Black insulated stranded copper earth wire strapped to cable at 2000mm centres with PVC cable ties or approved method:
A113: 2.15.1 | B113: 35 mm² | C113: m | D113: 0 | E113: =132*(15+10+10) -> 4620 | F113: 0.2 | G113: =E113/(1-F113) -> 5775 | H113: =9*(15+10+10) -> 315 | I113: 0.15 | J113: =H113*(1+I113) -> 362.25 | K113: =J113*D113 -> 0 | L113: =G113+J113 -> 6137.25 | M113: =D113*L113 -> 0
A114: 2.15.2 | B114: 6 mm² | C114: m | D114: 18 | E114: =30 -> 30 | F114: 0.2 | G114: =E114/(1-F114) -> 37.5 | H114: =15 -> 15 | I114: 0.15 | J114: =H114*(1+I114) -> 17.25 | K114: =J114*D114 -> 310.5 | L114: =G114+J114 -> 54.75 | M114: =D114*L114 -> 985.5
A116: 2.16 | D116: COMMUNICATIONS CABLE
A118: 2.16.1 | B118: Supply, deliver, Install & terminate CAT 6 communications cable (including connectors) as per scope of work | C118: m | D118: 10 | E118: 5 | F118: 0.2 | G118: =E118/(1-F118) -> 6.25 | H118: =(100*3) -> 300 | I118: 0.15 | J118: =H118*(1+I118) -> 345 | K118: =J118*D118 -> 3450 | L118: =G118+J118 -> 351.25 | M118: =D118*L118 -> 3512.5
A120: 2.17 | D120: TRENCHING & BACKFILLING
B122: Trench depth to be 600mm deep
A124: 2.17.1 | B124: Trenching & backfilling of cables in soft pickable soil as per scope of work. Including importing of backfill material as required. Including cable warning tape | C124: Sum | D124: 0 | F124: 0.2 | G124: =E124/(1-F124) -> 0 | H124: =140*(20+60+200) -> 39200 | I124: 0.15 | J124: =H124*(1+I124) -> 45080 | K124: =J124*D124 -> 0 | L124: =G124+J124 -> 45080 | M124: =D124*L124 -> 0
A125: 2.17.2 | B125: Trenching & backfilling of cables in hard rock as per scope of work. Including importing of backfill material as required. Including cable warning tape | C125: Sum | D125: 0 | F125: 0.2 | G125: =E125/(1-F125) -> 0 | H125: =140*(20+60+200) -> 39200 | I125: 0.15 | J125: =H125*(1+I125) -> 45080 | K125: =J125*D125 -> 0 | L125: =G125+J125 -> 45080 | M125: =D125*L125 -> 0
A126: 2.17.3 | B126: Supply & Install 50mm diameter PVC sleeves including bends and connectors | C126: Sum | D126: 0 | E126: =35*(50+50) -> 3500 | F126: 0.2 | G126: =E126/(1-F126) -> 4375 | H126: =5*(50+50+50) -> 750 | I126: 0.15 | J126: =H126*(1+I126) -> 862.5 | K126: =J126*D126 -> 0 | L126: =G126+J126 -> 5237.5 | M126: =D126*L126 -> 0
A127: 2.17.4 | B127: Re-instatement of existing concrete surfaces | C127: Sum | D127: 0 | E127: =4500*3 -> 13500 | F127: 0.2 | G127: =E127/(1-F127) -> 16875 | H127: 5 | I127: 0.15 | J127: =H127*(1+I127) -> 5.75 | K127: =J127*D127 -> 0 | L127: =G127+J127 -> 16880.75 | M127: =D127*L127 -> 0
A129: 2.18 | D129: Tree cutting & trimming
A131: 2.18.1 | B131: Tree cutting & trimming as required | C131: Sum | D131: 0 | E131: 0 | F131: 0.2 | G131: =E131/(1-F131) -> 0 | H131: =2500*3 -> 7500 | K131: =H131*D131 -> 0 | L131: =G131+J131 -> 0 | M131: =D131*L131 -> 0
K132: =H132*D132 -> 0
A134: 2.19 | B134: Lighting Protection System | K134: =H134*D134 -> 0
A135: 2.19.1 | B135: Design, Supply, Test & Install Lighting Protection System by Specialist | C135: Sum | D135: 1 | E135: 25000 | F135: 0 | G135: =E135/(1-F135) -> 25000 | H135: 0 | K135: =H135*D135 -> 0 | L135: =G135+H135 -> 25000 | M135: =D135*L135 -> 25000
A137: 2.2 | B137: Earthing System | K137: =H137*D137 -> 0
A138: 2.20.1 | B138: Design, Supply, Test & Install Earthing System by Specialist | C138: Sum | D138: 1 | E138: =15000 -> 15000 | F138: 0 | G138: =E138/(1-F138) -> 15000 | H138: 0 | K138: =H138*D138 -> 0 | L138: =G138+H138 -> 15000 | M138: =D138*L138 -> 15000
A140: 2.21 | B140: Cerificate of Compliance | K140: =H140*D140 -> 0
A141: 2.21.1 | B141: Issuing of CoC for new system as per SANS 10142-1 | C141: Sum | D141: 1 | E141: =5000 -> 5000 | F141: 0 | G141: =E141/(1-F141) -> 5000 | H141: 0 | K141: =H141*D141 -> 0 | L141: =G141+H141 -> 5000 | M141: =D141*L141 -> 5000
A142: 2.21.2 | B142: Provisional Sum for rectification of existing defects in order to issue CoC | C142: Sum | D142: 1 | E142: =50000 -> 50000 | F142: 0 | G142: =E142/(1-F142) -> 50000 | H142: 0 | K142: =H142*D142 -> 0 | L142: =G142+H142 -> 50000 | M142: =D142*L142 -> 50000
A144: 2.22 | B144: SUNDRY ITEMS | K144: =H144*D144 -> 0
K145: =H145*D145 -> 0
A146: 2.22.1 | B146: All items such as bolts, nuts, mounting screws, scruits midget, connector blocks, cable ties, cable/tray clamps etc. to provide a fully functional and compliant system | C146: Sum | D146: 1 | E146: =5000*3 -> 15000 | F146: 0.2 | G146: =E146/(1-F146) -> 18750 | H146: 1 | K146: =H146*D146 -> 1 | L146: =G146+H146 -> 18751 | M146: =D146*L146 -> 18751
B149: Carried to summary | K149: =SUM(K11:K146) -> 166210.5 | M149: =SUM(M11:M148) -> 5217353.7

Sheet SECT 2- L Block New - 0PV
A1: BILL OF QUANTITIES
A2: ='[1]SECTION 1-P&G'!A2:K2 -> MUT - Alternative Energy supply
A3: SECTION 2: SOLAR PV / BATTERY SYSTEM
C4: A | D4: B | E4: C | F4: D | G4: E | H4: F | I4: G | J4: H | K4: I | L4: J | M4: K
A5: ITEM No. | B5: DESCRIPTION | C5: UNIT | D5: QUANTITY | E5: SUPPLY RATE (COST) | F5: MARK UP % | G5: SUPPLY RATE (MARKED UP) | H5: Install Rate | I5: MARK UP % | J5: INSTALL RATE (Marked up) | K5: LABOUR TOTAL | L5: RATE (E+H) | M5: TOTAL (BxJ)
A7: 2 | D7: INVERTERS, SOLAR PV MODULES, BATTERIES, AC EQUIPMENT & CABLING
A9: 2.1 | D9: Solar PV Panels
A11: 2.1.2 | B11: L block New -Supply, Deliver, Install, Test & Commission 550W Canadian Solar Super High Power Mono PERC or Equivalent to Engineer's approval. Inclusive of earthing & bonding complete | C11: ea | D11: 0 | E11: =1623.93 -> 1623.93 | F11: 0.25 | G11: =E11/(1-F11) -> 2165.24 | H11: 350 | I11: 0.15 | J11: =H11*(1+I11) -> 402.5 | K11: =J11*D11 -> 0 | L11: =G11+J11 -> 2567.74 | M11: =D11*L11 -> 0
A13: 2.2 | D13: Inverters
A14: 2.2.2 | B14: L Block New-Supply, Deliver, Install, Test & Commission 50kW 3P Sunsynk hybrid inverter | C14: No. | D14: 3 | E14: 87286.19 | F14: 0.2 | G14: =E14/(1-F14) -> 109107.74 | H14: =(550*8)+3600 -> 8000 | I14: 0.15 | J14: =H14*(1+I14) -> 9200 | K14: =J14*D14 -> 27600 | L14: =G14+J14 -> 118307.74 | M14: =D14*L14 -> 354923.21
A16: 2.3 | D16: Automatic Transfer Switch (ATS)
A17: 2.3.2 | B17: L Block New Supply, Deliver, Install, Test & Commission Changeover Switch | C17: No. | D17: 1 | E17: 20000 | F17: 0.2 | G17: =E17/(1-F17) -> 25000 | H17: =(550*4)+3500 -> 5700 | I17: 0.15 | J17: =H17*(1+I17) -> 6555 | K17: =J17*D17 -> 6555 | L17: =G17+J17 -> 31555 | M17: =D17*L17 -> 31555
A18: 2.3.3 | B18: L Block Old Supply, Deliver, Install, Test & Commission Elum SD Genset controller | C18: No. | D18: 1 | E18: 70000 | F18: 0.2 | G18: =E18/(1-F18) -> 87500 | H18: =(550*4)+3500 -> 5700 | I18: 0.15 | J18: =H18*(1+I18) -> 6555 | K18: =J18*D18 -> 6555 | L18: =G18+J18 -> 94055 | M18: =D18*L18 -> 94055
A19: 2.4 | D19: Battery System
A20: 2.4.1 | B20: L Block New-Supply, Deliver, Install, Test & Commission Lithium Batteries to provide backup. 200/160 HV | C20: ea | D20: 3 | E20: =906452.58*1.2 -> 1087743.1 | F20: 0.2 | G20: =E20/(1-F20) -> 1359678.9 | H20: =(550*8)+3600 -> 8000 | I20: 0.15 | J20: =H20*(1+I20) -> 9200 | K20: =J20*D20 -> 27600 | L20: =G20+J20 -> 1368878.9 | M20: =D20*L20 -> 4106636.6
A22: 2.4.4
B23: Supply, Deliver, Install, Test & Commission Fuse Disconnectors with 250A fuses for Battery | C23: No. | D23: 6 | E23: =1888.71*1.15 -> 2172.0165 | F23: 0.2 | G23: =E23/(1-F23) -> 2715.0206 | H23: =250*1 -> 250 | I23: 0.15 | J23: =H23*(1+I23) -> 287.5 | K23: =J23*D23 -> 1725 | L23: =G23+J23 -> 3002.5206 | M23: =D23*L23 -> 18015.124
A25: 2.5 | D25: Mounting Structure, Clamps & Walkways
A26: 2.5.1 | B26: Mounting Structures. Material to be aluminium and must include a 10 year warranty | C26: ea | D26: 1 | E26: 650 | F26: 0.2 | G26: =E26/(1-F26) -> 812.5 | H26: =(((5*200)*4)*1.2)/D26 -> 4800 | I26: 0.15 | J26: =H26*(1+I26) -> 5520 | K26: =J26*D26 -> 5520 | L26: =G26+J26 -> 6332.5 | M26: =D26*L26 -> 6332.5
B27: Cable Support/Wireways etc. Material to be galvanized steel | C27: Sum | D27: 1 | E27: =10000 -> 10000 | F27: 0.2 | G27: =E27/(1-F27) -> 12500 | H27: =2500*3 -> 7500 | I27: 0.15 | J27: =H27*(1+I27) -> 8625 | K27: =J27*D27 -> 8625 | L27: =G27+J27 -> 21125 | M27: =D27*L27 -> 21125
A29: 2.6 | D29: DC Cabling
A30: 2.6.1 | B30: 4mmsq Solar PV DC cables from panels to DC combiner box. Red cable for positive (+) and Black cable for negative (-) to SANS10142-1. UV resistant to EN50618 & TUV certified. Including MC4 connectors complete | C30: m | D30: 0 | E30: =14.85*1.15 -> 17.0775 | F30: 0.2 | G30: =E30/(1-F30) -> 21.346875 | H30: =39 -> 39 | I30: 0.15 | J30: =H30*(1+I30) -> 44.85 | K30: =J30*D30 -> 0 | L30: =G30+J30 -> 66.196875 | M30: =D30*L30 -> 0
A31: 2.6.2 | B31: 70mm2 Single core DC cable for Batteries | C31: m | D31: 6 | E31: =180*1.15 -> 207 | F31: 0.2 | G31: =E31/(1-F31) -> 258.75 | H31: =65 -> 65 | I31: 0.15 | J31: =H31*(1+I31) -> 74.75 | K31: =J31*D31 -> 448.5 | L31: =G31+J31 -> 333.5 | M31: =D31*L31 -> 2001
A32: 2.6.3 | B32: 50mm2 Single core DC cable for Batteries | C32: m | D32: 0 | E32: =190 -> 190 | F32: 0.2 | G32: =E32/(1-F32) -> 237.5 | H32: =65 -> 65 | I32: 0.15 | J32: =H32*(1+I32) -> 74.75 | K32: =J32*D32 -> 0 | L32: =G32+J32 -> 312.25 | M32: =D32*L32 -> 0
B33: 25mm2 Single core DC cable for Batteries | C33: m | D33: 0 | E33: =110 -> 110 | F33: 0.2 | G33: =E33/(1-F33) -> 137.5 | H33: =65 -> 65 | I33: 0.15 | J33: =H33*(1+I33) -> 74.75 | K33: =J33*D33 -> 0 | L33: =G33+J33 -> 212.25 | M33: =D33*L33 -> 0
A35: 2.7 | D35: DC Combiner Box
A36: 2.7.1 | B36: DC Combiner Box including the ffg components: 1000V rating, 1 X MPPT, 8 Inputs & 1 Output, 160A Isolator, Type 1 & 2 Surge Protection device, Inclusive of fuses. | C36: ea | D36: 0 | E36: =13501.37*1.2 -> 16201.644 | F36: 0.2 | G36: =E36/(1-F36) -> 20252.055 | H36: =250*2 -> 500 | I36: 0.15 | J36: =H36*(1+I36) -> 575 | K36: =J36*D36 -> 0 | L36: =G36+J36 -> 20827.055 | M36: =D36*L36 -> 0
A37: 2.7.2 | B37: DC Combiner Box including the ffg components: 1000V rating, 4 X MPPT, 8 Inputs & 8 Output, 160A Isolator, Type 1 & 2 Surge Protection device, Inclusive of fuses. | C37: ea | D37: 0 | E37: =13501.37*1.2 -> 16201.644 | F37: 0.2 | G37: =E37/(1-F37) -> 20252.055 | H37: =250*2 -> 500 | I37: 0.15 | J37: =H37*(1+I37) -> 575 | K37: =J37*D37 -> 0 | L37: =G37+J37 -> 20827.055 | M37: =D37*L37 -> 0
A39: 2.8 | D39: Circuit Breakers
A41: 2.8.1 | B41: Supply, Deliver, Install new 400V, 200A, 6kA, 3P,adjustable MCCB | C41: ea | D41: 3 | E41: 2500 | F41: 0.2 | G41: =E41/(1-F41) -> 3125 | H41: =(250+100)*4 -> 1400 | I41: 0.15 | J41: =H41*(1+I41) -> 1610 | K41: =J41*D41 -> 4830 | L41: =G41+J41 -> 4735 | M41: =D41*L41 -> 14205
A43: 2.8.2 | B43: Supply, Deliver, Install new 400V, 150A, 6kA, 4P, adjustable MCCB | C43: ea | D43: 0 | E43: 1800 | F43: 0.2 | G43: =E43/(1-F43) -> 2250 | H43: =(250+100)*4 -> 1400 | I43: 0.15 | J43: =H43*(1+I43) -> 1610 | K43: =J43*D43 -> 0 | L43: =G43+J43 -> 3860 | M43: =D43*L43 -> 0
A45: 2.8.3 | B45: Supply, Deliver, Install new 400V, 80A, 6kA, 3P, MCB | C45: ea | D45: =2 + N("Isolators") -> 2 | E45: 1734.1 | F45: 0.2 | G45: =E45/(1-F45) -> 2167.625 | H45: =(250+100)*4 -> 1400 | I45: 0.15 | J45: =H45*(1+I45) -> 1610 | K45: =J45*D45 -> 3220 | L45: =G45+J45 -> 3777.625 | M45: =D45*L45 -> 7555.25
A47: 2.8.4 | B47: Supply, Deliver, Install new 400V, 80A, 4P N/O Contactor | C47: ea | D47: 1 | E47: =550*1.2 -> 660 | F47: 0.2 | G47: =E47/(1-F47) -> 825 | H47: =(250+100)*4 -> 1400 | I47: 0.15 | J47: =H47*(1+I47) -> 1610 | K47: =J47*D47 -> 1610 | L47: =G47+J47 -> 2435 | M47: =D47*L47 -> 2435
A49: 2.9 | D49: Distribution Boards
A51: 2.9.1 | B51: Supply, Deliver, Install new 8-way LV Distribution Board | C51: ea | D51: 0 | E51: 2500 | F51: 0.2 | G51: =E51/(1-F51) -> 3125 | H51: =250*1 -> 250 | I51: 0.15 | J51: =H51*(1+I51) -> 287.5 | K51: =J51*D51 -> 0 | L51: =G51+J51 -> 3412.5 | M51: =D51*L51 -> 0
A53: 2.9.2 | B53: Supply, Deliver, Install new 16-way LV Distribution Board | C53: ea | D53: 3 | E53: 5729 | F53: 0.2 | G53: =E53/(1-F53) -> 7161.25 | H53: 250 | I53: 0.15 | J53: =H53*(1+I53) -> 287.5 | K53: =J53*D53 -> 862.5 | L53: =G53+J53 -> 7448.75 | M53: =D53*L53 -> 22346.25
A55: 2.9.3 | B55: Supply, Deliver, Install Surge Arrestor Din 3 Pole+Neutral 20kA 1.3kV type 1 & 2 | C55: ea | D55: 1 | E55: =5729 -> 5729 | F55: 0.2 | G55: =E55/(1-F55) -> 7161.25 | H55: 250 | I55: 0.15 | J55: =H55*(1+I55) -> 287.5 | K55: =J55*D55 -> 287.5 | L55: =G55+J55 -> 7448.75 | M55: =D55*L55 -> 7448.75
A57: 2.9.4 | B57: Supply, Deliver, Install new 300/5A, 10VA Current transformers as required to integrate the new system | C57: ea | D57: 3 | E57: 350 | F57: 0.2 | G57: =E57/(1-F57) -> 437.5 | H57: 250 | I57: 0.15 | J57: =H57*(1+I57) -> 287.5 | K57: =J57*D57 -> 862.5 | L57: =G57+J57 -> 725 | M57: =D57*L57 -> 2175
A59: 2.9.5 | B59: Supply, Deliver, Install & Terminate 7C, 4mm control cable between CT's and Inverter | C59: m | D59: 20 | E59: =35 -> 35 | F59: 0.2 | G59: =E59/(1-F59) -> 43.75 | H59: =(65*3) -> 195 | I59: 0.15 | J59: =H59*(1+I59) -> 224.25 | K59: =J59*D59 -> 4485 | L59: =G59+J59 -> 268 | M59: =D59*L59 -> 5360
A61: 2.9.6 | B61: Disconnect & Remove existing equipment as per scope of works | C61: Sum | D61: 1 | E61: 1 | F61: 0.2 | G61: =E61/(1-F61) -> 1.25 | H61: =2500*3 -> 7500 | I61: 0.15 | J61: =H61*(1+I61) -> 8625 | K61: =J61*D61 -> 8625 | L61: =G61+J61 -> 8626.25 | M61: =D61*L61 -> 8626.25
A63: 2.1 | D63: Steel Stand for Equipment
A64: 2.10.1 | B64: Fabricate & Install galvanized steel stand for new Inverter. Dimensions: 1200 x 800 x 300mm (L X B X H) | C64: No. | D64: 3 | E64: 10000 | F64: 0.16 | G64: =E64/(1-F64) -> 11904.762 | H64: 200 | I64: 0.15 | J64: =H64*(1+I64) -> 230 | K64: =J64*D64 -> 690 | L64: =G64+J64 -> 12134.762 | M64: =D64*L64 -> 36404.286
A66: 2.10.2 | B66: Fabricate & Install galvanized steel stand for new ATS. Dimensions: 700 x 500 x 300mm (L X B X H) | C66: No. | D66: 0 | E66: 7500 | F66: 0.16 | G66: =E66/(1-F66) -> 8928.5714 | H66: 200 | I66: 0.15 | J66: =H66*(1+I66) -> 230 | K66: =J66*D66 -> 0 | L66: =G66+J66 -> 9158.5714 | M66: =D66*L66 -> 0
A68: 2.11 | D68: AC CABLING
B70: Supply, Deliver, Install & Test LV ECC CABLES (4 Core Cu PVC/SWA/PVC)
B72: Laid in ground or Clamped to cable ladder or cable tray with K clamps at 1500mm spacing or to manufacturers recommendations. Type: Aberdare, Africa Cables or equal and approved by Engineer
A74: 2.11.1 | B74: 70 mm² 4-core | C74: m | D74: 12 | E74: 947.75 | F74: 0.25 | G74: =E74/(1-F74) -> 1263.6667 | H74: 25 | I74: 0.15 | J74: =H74*(1+I74) -> 28.75 | K74: =J74*D74 -> 345 | L74: =G74+J74 -> 1292.4167 | M74: =D74*L74 -> 15509
A75: 2.11.2 | B75: 50 mm² 4-core | C75: m | D75: 0 | E75: 686.12 | F75: 0.25 | G75: =E75/(1-F75) -> 914.82667 | H75: 25 | I75: 0.15 | J75: =H75*(1+I75) -> 28.75 | K75: =J75*D75 -> 0 | L75: =G75+J75 -> 943.57667 | M75: =D75*L75 -> 0
A76: 2.11.3 | B76: 35 mm² 4-core | C76: m | D76: 0 | E76: 634 | F76: 0.25 | G76: =E76/(1-F76) -> 845.33333 | H76: 25 | I76: 0.15 | J76: =H76*(1+I76) -> 28.75 | K76: =J76*D76 -> 0 | L76: =G76+J76 -> 874.08333 | M76: =D76*L76 -> 0
A77: 2.11.4 | B77: 25 mm² 4-core | C77: m | D77: 0 | E77: 450 | F77: 0.25 | G77: =E77/(1-F77) -> 600 | H77: 25 | I77: 0.15 | J77: =H77*(1+I77) -> 28.75 | K77: =J77*D77 -> 0 | L77: =G77+J77 -> 628.75 | M77: =D77*L77 -> 0
A78: 2.11.5 | B78: 16 mm² 4-core | C78: m | D78: 0 | E78: 380 | F78: 0.25 | G78: =E78/(1-F78) -> 506.66667 | H78: 25 | I78: 0.15 | J78: =H78*(1+I78) -> 28.75 | K78: =J78*D78 -> 0 | L78: =G78+J78 -> 535.41667 | M78: =D78*L78 -> 0
A79: 2.11.6 | B79: 10 mm² 4-core | C79: m | D79: 0 | E79: =215 -> 215 | F79: 0.25 | G79: =E79/(1-F79) -> 286.66667 | H79: 25 | I79: 0.15 | J79: =H79*(1+I79) -> 28.75 | K79: =J79*D79 -> 0 | L79: =G79+J79 -> 315.41667 | M79: =D79*L79 -> 0
A81: 2.12 | D81: GENERAL PURPOSE WIRE
A83: 2.12.1 | B83: 35 mm² GPW | C83: m | D83: 8 | E83: 200 | F83: 0.2 | G83: =E83/(1-F83) -> 250 | H83: 50 | I83: 0.15 | J83: =H83*(1+I83) -> 57.5 | K83: =J83*D83 -> 460 | L83: =G83+J83 -> 307.5 | M83: =D83*L83 -> 2460
B84: 16 mm² GPW | C84: m | D84: 0 | E84: 70.6 | F84: 0.2 | G84: =E84/(1-F84) -> 88.25 | H84: 50 | I84: 0.15 | J84: =H84*(1+I84) -> 57.5 | K84: =J84*D84 -> 0 | L84: =G84+J84 -> 145.75 | M84: =D84*L84 -> 0
B85: 6 mm² GPW | C85: m | D85: 0 | E85: 22.91 | F85: 0.2 | G85: =E85/(1-F85) -> 28.6375 | H85: 50 | I85: 0.15 | J85: =H85*(1+I85) -> 57.5 | K85: =J85*D85 -> 0 | L85: =G85+J85 -> 86.1375 | M85: =D85*L85 -> 0
A87: 2.13 | D87: SURFIX
A89: 2.13.1 | B89: 1.5 mm² 2C + E Surfix | C89: m | D89: 0 | E89: 25 | F89: 0.2 | G89: =E89/(1-F89) -> 31.25 | I89: 0.15 | J89: =H89*(1+I89) -> 0 | K89: =J89*D89 -> 0 | L89: =G89+J89 -> 31.25 | M89: =D89*L89 -> 0
A90: 2.13.2 | B90: 2.5 mm² 2C + E Surfix | C90: m | D90: 0 | E90: 33 | F90: 0.2 | G90: =E90/(1-F90) -> 41.25 | I90: 0.15 | J90: =H90*(1+I90) -> 0 | K90: =J90*D90 -> 0 | L90: =G90+J90 -> 41.25 | M90: =D90*L90 -> 0
A91: 2.13.3 | B91: 4 mm² 2C + E Surfix | C91: m | D91: 0 | E91: 37 | F91: 0.2 | G91: =E91/(1-F91) -> 46.25 | I91: 0.15 | J91: =H91*(1+I91) -> 0 | K91: =J91*D91 -> 0 | L91: =G91+J91 -> 46.25 | M91: =D91*L91 -> 0
A93: 2.14 | D93: CABLE TERMINATIONS (1, or 4 Core Cu PVC/SWA/PVC or Flexible)
B95: Cable terminations complete with compatible glands, lugs and shrouds to suite cable type to SABS requirements & Specifications:
A97: 2.14.1 | B97: 70 mm² 4-core | C97: ea | D97: 6 | E97: =752.54*1.1 -> 827.794 | F97: 0.2 | G97: =E97/(1-F97) -> 1034.7425 | H97: =(250+100)*1.5 -> 525 | I97: 0.15 | J97: =H97*(1+I97) -> 603.75 | K97: =J97*D97 -> 3622.5 | L97: =G97+J97 -> 1638.4925 | M97: =D97*L97 -> 9830.955
A98: 2.14.2 | B98: 70 mm² 1-core | C98: ea | D98: 0 | E98: =350*1.1 -> 385 | F98: 0.2 | G98: =E98/(1-F98) -> 481.25 | H98: =(250+100)*1.5 -> 525 | I98: 0.15 | J98: =H98*(1+I98) -> 603.75 | K98: =J98*D98 -> 0 | L98: =G98+J98 -> 1085 | M98: =D98*L98 -> 0
A99: 2.14.3 | B99: 50 mm² 4-core | C99: ea | D99: 0 | E99: 550 | F99: 0.2 | G99: =E99/(1-F99) -> 687.5 | H99: =(250+100)*1.5 -> 525 | I99: 0.15 | J99: =H99*(1+I99) -> 603.75 | K99: =J99*D99 -> 0 | L99: =G99+J99 -> 1291.25 | M99: =D99*L99 -> 0
A100: 2.14.4 | B100: 35 mm² 4-core | C100: ea | D100: 0 | E100: 350 | F100: 0.2 | G100: =E100/(1-F100) -> 437.5 | H100: 525 | I100: 0.15 | J100: =H100*(1+I100) -> 603.75 | K100: =J100*D100 -> 0 | L100: =G100+J100 -> 1041.25 | M100: =D100*L100 -> 0
A101: 2.14.5 | B101: 25 mm² 4-core | C101: ea | D101: 0 | G101: =E101/(1-F101) -> 0 | H101: 525 | I101: 0.15 | J101: =H101*(1+I101) -> 603.75 | K101: =J101*D101 -> 0 | L101: =G101+J101 -> 603.75 | M101: =D101*L101 -> 0
A102: 2.14.6 | B102: 16 mm² 4-core | C102: ea | D102: 0 | E102: 350 | F102: 0.2 | G102: =E102/(1-F102) -> 437.5 | H102: 525 | I102: 0.15 | J102: =H102*(1+I102) -> 603.75 | K102: =J102*D102 -> 0 | L102: =G102+J102 -> 1041.25 | M102: =D102*L102 -> 0
A103: 2.14.7 | B103: 10 mm² 4-core | C103: ea | D103: 0 | E103: 350 | F103: 0.2 | G103: =E103/(1-F103) -> 437.5 | H103: 525 | I103: 0.15 | J103: =H103*(1+I103) -> 603.75 | K103: =J103*D103 -> 0 | L103: =G103+J103 -> 1041.25 | M103: =D103*L103 -> 0
A104: 2.14.8 | B104: 35 mm² 1-core | C104: ea | D104: 4 | E104: 350 | F104: 0.2 | G104: =E104/(1-F104) -> 437.5 | H104: 525 | I104: 0.15 | J104: =H104*(1+I104) -> 603.75 | K104: =J104*D104 -> 2415 | L104: =G104+J104 -> 1041.25 | M104: =D104*L104 -> 4165
A105: 2.14.9 | B105: 25 mm² 1-core | C105: ea | D105: 0 | E105: 250 | F105: 0.2 | G105: =E105/(1-F105) -> 312.5 | H105: 525 | I105: 0.15 | J105: =H105*(1+I105) -> 603.75 | K105: =J105*D105 -> 0 | L105: =G105+J105 -> 916.25 | M105: =D105*L105 -> 0
A106: 2.14.10 | B106: 16 mm² 1-core | C106: ea | D106: 0 | E106: 500 | F106: 0.2 | G106: =E106/(1-F106) -> 625 | H106: 525 | I106: 0.15 | J106: =H106*(1+I106) -> 603.75 | K106: =J106*D106 -> 0 | L106: =G106+J106 -> 1228.75 | M106: =D106*L106 -> 0
A107: 2.14.11 | B107: 10 mm² 1-core | C107: ea | D107: 0 | E107: 500 | F107: 0.2 | G107: =E107/(1-F107) -> 625 | H107: 525 | I107: 0.15 | J107: =H107*(1+I107) -> 603.75 | K107: =J107*D107 -> 0 | L107: =G107+J107 -> 1228.75 | M107: =D107*L107 -> 0
A109: 2.15 | D109: INSULATED COPPER EARTH WIRE
B111: Black insulated stranded copper earth wire strapped to cable at 2000mm centres with PVC cable ties or approved method:
A113: 2.15.1 | B113: 35 mm² | C113: m | D113: 0 | E113: =132*(15+10+10) -> 4620 | F113: 0.2 | G113: =E113/(1-F113) -> 5775 | H113: =9*(15+10+10) -> 315 | I113: 0.15 | J113: =H113*(1+I113) -> 362.25 | K113: =J113*D113 -> 0 | L113: =G113+J113 -> 6137.25 | M113: =D113*L113 -> 0
A114: 2.15.2 | B114: 6 mm² | C114: m | D114: 18 | E114: =30 -> 30 | F114: 0.2 | G114: =E114/(1-F114) -> 37.5 | H114: =15 -> 15 | I114: 0.15 | J114: =H114*(1+I114) -> 17.25 | K114: =J114*D114 -> 310.5 | L114: =G114+J114 -> 54.75 | M114: =D114*L114 -> 985.5
A116: 2.16 | D116: COMMUNICATIONS CABLE
A118: 2.16.1 | B118: Supply, deliver, Install & terminate CAT 6 communications cable (including connectors) as per scope of work | C118: m | D118: 10 | E118: 5 | F118: 0.2 | G118: =E118/(1-F118) -> 6.25 | H118: =(100*3) -> 300 | I118: 0.15 | J118: =H118*(1+I118) -> 345 | K118: =J118*D118 -> 3450 | L118: =G118+J118 -> 351.25 | M118: =D118*L118 -> 3512.5
A120: 2.17 | D120: TRENCHING & BACKFILLING
B122: Trench depth to be 600mm deep
A124: 2.17.1 | B124: Trenching & backfilling of cables in soft pickable soil as per scope of work. Including importing of backfill material as required. Including cable warning tape | C124: Sum | D124: 0 | F124: 0.2 | G124: =E124/(1-F124) -> 0 | H124: =140*(20+60+200) -> 39200 | I124: 0.15 | J124: =H124*(1+I124) -> 45080 | K124: =J124*D124 -> 0 | L124: =G124+J124 -> 45080 | M124: =D124*L124 -> 0
A125: 2.17.2 | B125: Trenching & backfilling of cables in hard rock as per scope of work. Including importing of backfill material as required. Including cable warning tape | C125: Sum | D125: 0 | F125: 0.2 | G125: =E125/(1-F125) -> 0 | H125: =140*(20+60+200) -> 39200 | I125: 0.15 | J125: =H125*(1+I125) -> 45080 | K125: =J125*D125 -> 0 | L125: =G125+J125 -> 45080 | M125: =D125*L125 -> 0
A126: 2.17.3 | B126: Supply & Install 50mm diameter PVC sleeves including bends and connectors | C126: Sum | D126: 0 | E126: =35*(50+50) -> 3500 | F126: 0.2 | G126: =E126/(1-F126) -> 4375 | H126: =5*(50+50+50) -> 750 | I126: 0.15 | J126: =H126*(1+I126) -> 862.5 | K126: =J126*D126 -> 0 | L126: =G126+J126 -> 5237.5 | M126: =D126*L126 -> 0
A127: 2.17.4 | B127: Re-instatement of existing concrete surfaces | C127: Sum | D127: 0 | E127: =4500*3 -> 13500 | F127: 0.2 | G127: =E127/(1-F127) -> 16875 | H127: 5 | I127: 0.15 | J127: =H127*(1+I127) -> 5.75 | K127: =J127*D127 -> 0 | L127: =G127+J127 -> 16880.75 | M127: =D127*L127 -> 0
A129: 2.18 | D129: Tree cutting & trimming
A131: 2.18.1 | B131: Tree cutting & trimming as required | C131: Sum | D131: 0 | E131: 0 | F131: 0.2 | G131: =E131/(1-F131) -> 0 | H131: =2500*3 -> 7500 | K131: =H131*D131 -> 0 | L131: =G131+J131 -> 0 | M131: =D131*L131 -> 0
K132: =H132*D132 -> 0
A134: 2.19 | B134: Lighting Protection System | K134: =H134*D134 -> 0
A135: 2.19.1 | B135: Design, Supply, Test & Install Lighting Protection System by Specialist | C135: Sum | D135: 1 | E135: 25000 | F135: 0 | G135: =E135/(1-F135) -> 25000 | H135: 0 | K135: =H135*D135 -> 0 | L135: =G135+H135 -> 25000 | M135: =D135*L135 -> 25000
A137: 2.2 | B137: Earthing System | K137: =H137*D137 -> 0
A138: 2.20.1 | B138: Design, Supply, Test & Install Earthing System by Specialist | C138: Sum | D138: 1 | E138: =15000 -> 15000 | F138: 0 | G138: =E138/(1-F138) -> 15000 | H138: 0 | K138: =H138*D138 -> 0 | L138: =G138+H138 -> 15000 | M138: =D138*L138 -> 15000
A140: 2.21 | B140: Cerificate of Compliance | K140: =H140*D140 -> 0
A141: 2.21.1 | B141: Issuing of CoC for new system as per SANS 10142-1 | C141: Sum | D141: 1 | E141: =5000 -> 5000 | F141: 0 | G141: =E141/(1-F141) -> 5000 | H141: 0 | K141: =H141*D141 -> 0 | L141: =G141+H141 -> 5000 | M141: =D141*L141 -> 5000
A142: 2.21.2 | B142: Provisional Sum for rectification of existing defects in order to issue CoC | C142: Sum | D142: 1 | E142: =50000 -> 50000 | F142: 0 | G142: =E142/(1-F142) -> 50000 | H142: 0 | K142: =H142*D142 -> 0 | L142: =G142+H142 -> 50000 | M142: =D142*L142 -> 50000
A144: 2.22 | B144: SUNDRY ITEMS | K144: =H144*D144 -> 0
K145: =H145*D145 -> 0
A146: 2.22.1 | B146: All items such as bolts, nuts, mounting screws, scruits midget, connector blocks, cable ties, cable/tray clamps etc. to provide a fully functional and compliant system | C146: Sum | D146: 1 | E146: =5000*3 -> 15000 | F146: 0.2 | G146: =E146/(1-F146) -> 18750 | H146: 1 | K146: =H146*D146 -> 1 | L146: =G146+H146 -> 18751 | M146: =D146*L146 -> 18751
B149: Carried to summary | K149: =SUM(K11:K146) -> 120705 | M149: =SUM(M11:M148) -> 4891413.2

Sheet SECT 2- L Block New - 0PV&2.5hr
A1: BILL OF QUANTITIES
A2: ='[1]SECTION 1-P&G'!A2:K2 -> MUT - Alternative Energy supply
A3: SECTION 2: SOLAR PV / BATTERY SYSTEM
C4: A | D4: B | E4: C | F4: D | G4: E | H4: F | I4: G | J4: H | K4: I | L4: J | M4: K
A5: ITEM No. | B5: DESCRIPTION | C5: UNIT | D5: QUANTITY | E5: SUPPLY RATE (COST) | F5: MARK UP % | G5: SUPPLY RATE (MARKED UP) | H5: Install Rate | I5: MARK UP % | J5: INSTALL RATE (Marked up) | K5: LABOUR TOTAL | L5: RATE (E+H) | M5: TOTAL (BxJ)
A7: 2 | D7: INVERTERS, SOLAR PV MODULES, BATTERIES, AC EQUIPMENT & CABLING
A9: 2.1 | D9: Solar PV Panels
A11: 2.1.2 | B11: L block New -Supply, Deliver, Install, Test & Commission 550W Canadian Solar Super High Power Mono PERC or Equivalent to Engineer's approval. Inclusive of earthing & bonding complete | C11: ea | D11: 0 | E11: =1623.93 -> 1623.93 | F11: 0.25 | G11: =E11/(1-F11) -> 2165.24 | H11: 350 | I11: 0.15 | J11: =H11*(1+I11) -> 402.5 | K11: =J11*D11 -> 0 | L11: =G11+J11 -> 2567.74 | M11: =D11*L11 -> 0
A13: 2.2 | D13: Inverters
A14: 2.2.2 | B14: L Block New-Supply, Deliver, Install, Test & Commission 50kW 3P Sunsynk hybrid inverter | C14: No. | D14: 3 | E14: 87286.19 | F14: 0.2 | G14: =E14/(1-F14) -> 109107.74 | H14: =(550*8)+3600 -> 8000 | I14: 0.15 | J14: =H14*(1+I14) -> 9200 | K14: =J14*D14 -> 27600 | L14: =G14+J14 -> 118307.74 | M14: =D14*L14 -> 354923.21
A16: 2.3 | D16: Automatic Transfer Switch (ATS)
A17: 2.3.2 | B17: L Block New Supply, Deliver, Install, Test & Commission Changeover Switch | C17: No. | D17: 1 | E17: 20000 | F17: 0.2 | G17: =E17/(1-F17) -> 25000 | H17: =(550*4)+3500 -> 5700 | I17: 0.15 | J17: =H17*(1+I17) -> 6555 | K17: =J17*D17 -> 6555 | L17: =G17+J17 -> 31555 | M17: =D17*L17 -> 31555
A18: 2.3.3 | B18: L Block Old Supply, Deliver, Install, Test & Commission Elum SD Genset controller | C18: No. | D18: 1 | E18: 70000 | F18: 0.2 | G18: =E18/(1-F18) -> 87500 | H18: =(550*4)+3500 -> 5700 | I18: 0.15 | J18: =H18*(1+I18) -> 6555 | K18: =J18*D18 -> 6555 | L18: =G18+J18 -> 94055 | M18: =D18*L18 -> 94055
A19: 2.4 | D19: Battery System
A20: 2.4.1 | B20: L Block New-Supply, Deliver, Install, Test & Commission Lithium Batteries to provide backup. 100/80 HV | C20: ea | D20: 3 | E20: =460896.21*1.2 -> 553075.45 | F20: 0.2 | G20: =E20/(1-F20) -> 691344.32 | H20: =(550*8)+3600 -> 8000 | I20: 0.15 | J20: =H20*(1+I20) -> 9200 | K20: =J20*D20 -> 27600 | L20: =G20+J20 -> 700544.32 | M20: =D20*L20 -> 2101632.9
A22: 2.4.4
B23: Supply, Deliver, Install, Test & Commission Fuse Disconnectors with 250A fuses for Battery | C23: No. | D23: 3 | E23: =1888.71*1.15 -> 2172.0165 | F23: 0.2 | G23: =E23/(1-F23) -> 2715.0206 | H23: =250*1 -> 250 | I23: 0.15 | J23: =H23*(1+I23) -> 287.5 | K23: =J23*D23 -> 862.5 | L23: =G23+J23 -> 3002.5206 | M23: =D23*L23 -> 9007.5619
A25: 2.5 | D25: Mounting Structure, Clamps & Walkways
A26: 2.5.1 | B26: Mounting Structures. Material to be aluminium and must include a 10 year warranty | C26: ea | D26: 1 | E26: 650 | F26: 0.2 | G26: =E26/(1-F26) -> 812.5 | H26: =(((5*200)*4)*1.2)/D26 -> 4800 | I26: 0.15 | J26: =H26*(1+I26) -> 5520 | K26: =J26*D26 -> 5520 | L26: =G26+J26 -> 6332.5 | M26: =D26*L26 -> 6332.5
B27: Cable Support/Wireways etc. Material to be galvanized steel | C27: Sum | D27: 1 | E27: =10000 -> 10000 | F27: 0.2 | G27: =E27/(1-F27) -> 12500 | H27: =2500*3 -> 7500 | I27: 0.15 | J27: =H27*(1+I27) -> 8625 | K27: =J27*D27 -> 8625 | L27: =G27+J27 -> 21125 | M27: =D27*L27 -> 21125
A29: 2.6 | D29: DC Cabling
A30: 2.6.1 | B30: 4mmsq Solar PV DC cables from panels to DC combiner box. Red cable for positive (+) and Black cable for negative (-) to SANS10142-1. UV resistant to EN50618 & TUV certified. Including MC4 connectors complete | C30: m | D30: 0 | E30: =14.85*1.15 -> 17.0775 | F30: 0.2 | G30: =E30/(1-F30) -> 21.346875 | H30: =39 -> 39 | I30: 0.15 | J30: =H30*(1+I30) -> 44.85 | K30: =J30*D30 -> 0 | L30: =G30+J30 -> 66.196875 | M30: =D30*L30 -> 0
A31: 2.6.2 | B31: 70mm2 Single core DC cable for Batteries | C31: m | D31: 6 | E31: =180*1.15 -> 207 | F31: 0.2 | G31: =E31/(1-F31) -> 258.75 | H31: =65 -> 65 | I31: 0.15 | J31: =H31*(1+I31) -> 74.75 | K31: =J31*D31 -> 448.5 | L31: =G31+J31 -> 333.5 | M31: =D31*L31 -> 2001
A32: 2.6.3 | B32: 50mm2 Single core DC cable for Batteries | C32: m | D32: 0 | E32: =190 -> 190 | F32: 0.2 | G32: =E32/(1-F32) -> 237.5 | H32: =65 -> 65 | I32: 0.15 | J32: =H32*(1+I32) -> 74.75 | K32: =J32*D32 -> 0 | L32: =G32+J32 -> 312.25 | M32: =D32*L32 -> 0
B33: 25mm2 Single core DC cable for Batteries | C33: m | D33: 0 | E33: =110 -> 110 | F33: 0.2 | G33: =E33/(1-F33) -> 137.5 | H33: =65 -> 65 | I33: 0.15 | J33: =H33*(1+I33) -> 74.75 | K33: =J33*D33 -> 0 | L33: =G33+J33 -> 212.25 | M33: =D33*L33 -> 0
A35: 2.7 | D35: DC Combiner Box
A36: 2.7.1 | B36: DC Combiner Box including the ffg components: 1000V rating, 1 X MPPT, 8 Inputs & 1 Output, 160A Isolator, Type 1 & 2 Surge Protection device, Inclusive of fuses. | C36: ea | D36: 0 | E36: =13501.37*1.2 -> 16201.644 | F36: 0.2 | G36: =E36/(1-F36) -> 20252.055 | H36: =250*2 -> 500 | I36: 0.15 | J36: =H36*(1+I36) -> 575 | K36: =J36*D36 -> 0 | L36: =G36+J36 -> 20827.055 | M36: =D36*L36 -> 0
A37: 2.7.2 | B37: DC Combiner Box including the ffg components: 1000V rating, 4 X MPPT, 8 Inputs & 8 Output, 160A Isolator, Type 1 & 2 Surge Protection device, Inclusive of fuses. | C37: ea | D37: 0 | E37: =13501.37*1.2 -> 16201.644 | F37: 0.2 | G37: =E37/(1-F37) -> 20252.055 | H37: =250*2 -> 500 | I37: 0.15 | J37: =H37*(1+I37) -> 575 | K37: =J37*D37 -> 0 | L37: =G37+J37 -> 20827.055 | M37: =D37*L37 -> 0
A39: 2.8 | D39: Circuit Breakers
A41: 2.8.1 | B41: Supply, Deliver, Install new 400V, 200A, 6kA, 3P,adjustable MCCB | C41: ea | D41: 3 | E41: 2500 | F41: 0.2 | G41: =E41/(1-F41) -> 3125 | H41: =(250+100)*4 -> 1400 | I41: 0.15 | J41: =H41*(1+I41) -> 1610 | K41: =J41*D41 -> 4830 | L41: =G41+J41 -> 4735 | M41: =D41*L41 -> 14205
A43: 2.8.2 | B43: Supply, Deliver, Install new 400V, 150A, 6kA, 4P, adjustable MCCB | C43: ea | D43: 0 | E43: 1800 | F43: 0.2 | G43: =E43/(1-F43) -> 2250 | H43: =(250+100)*4 -> 1400 | I43: 0.15 | J43: =H43*(1+I43) -> 1610 | K43: =J43*D43 -> 0 | L43: =G43+J43 -> 3860 | M43: =D43*L43 -> 0
A45: 2.8.3 | B45: Supply, Deliver, Install new 400V, 80A, 6kA, 3P, MCB | C45: ea | D45: =2 + N("Isolators") -> 2 | E45: 1734.1 | F45: 0.2 | G45: =E45/(1-F45) -> 2167.625 | H45: =(250+100)*4 -> 1400 | I45: 0.15 | J45: =H45*(1+I45) -> 1610 | K45: =J45*D45 -> 3220 | L45: =G45+J45 -> 3777.625 | M45: =D45*L45 -> 7555.25
A47: 2.8.4 | B47: Supply, Deliver, Install new 400V, 80A, 4P N/O Contactor | C47: ea | D47: 1 | E47: =550*1.2 -> 660 | F47: 0.2 | G47: =E47/(1-F47) -> 825 | H47: =(250+100)*4 -> 1400 | I47: 0.15 | J47: =H47*(1+I47) -> 1610 | K47: =J47*D47 -> 1610 | L47: =G47+J47 -> 2435 | M47: =D47*L47 -> 2435
A49: 2.9 | D49: Distribution Boards
A51: 2.9.1 | B51: Supply, Deliver, Install new 8-way LV Distribution Board | C51: ea | D51: 0 | E51: 2500 | F51: 0.2 | G51: =E51/(1-F51) -> 3125 | H51: =250*1 -> 250 | I51: 0.15 | J51: =H51*(1+I51) -> 287.5 | K51: =J51*D51 -> 0 | L51: =G51+J51 -> 3412.5 | M51: =D51*L51 -> 0
A53: 2.9.2 | B53: Supply, Deliver, Install new 16-way LV Distribution Board | C53: ea | D53: 3 | E53: 5729 | F53: 0.2 | G53: =E53/(1-F53) -> 7161.25 | H53: 250 | I53: 0.15 | J53: =H53*(1+I53) -> 287.5 | K53: =J53*D53 -> 862.5 | L53: =G53+J53 -> 7448.75 | M53: =D53*L53 -> 22346.25
A55: 2.9.3 | B55: Supply, Deliver, Install Surge Arrestor Din 3 Pole+Neutral 20kA 1.3kV type 1 & 2 | C55: ea | D55: 1 | E55: =5729 -> 5729 | F55: 0.2 | G55: =E55/(1-F55) -> 7161.25 | H55: 250 | I55: 0.15 | J55: =H55*(1+I55) -> 287.5 | K55: =J55*D55 -> 287.5 | L55: =G55+J55 -> 7448.75 | M55: =D55*L55 -> 7448.75
A57: 2.9.4 | B57: Supply, Deliver, Install new 300/5A, 10VA Current transformers as required to integrate the new system | C57: ea | D57: 3 | E57: 350 | F57: 0.2 | G57: =E57/(1-F57) -> 437.5 | H57: 250 | I57: 0.15 | J57: =H57*(1+I57) -> 287.5 | K57: =J57*D57 -> 862.5 | L57: =G57+J57 -> 725 | M57: =D57*L57 -> 2175
A59: 2.9.5 | B59: Supply, Deliver, Install & Terminate 7C, 4mm control cable between CT's and Inverter | C59: m | D59: 20 | E59: =35 -> 35 | F59: 0.2 | G59: =E59/(1-F59) -> 43.75 | H59: =(65*3) -> 195 | I59: 0.15 | J59: =H59*(1+I59) -> 224.25 | K59: =J59*D59 -> 4485 | L59: =G59+J59 -> 268 | M59: =D59*L59 -> 5360
A61: 2.9.6 | B61: Disconnect & Remove existing equipment as per scope of works | C61: Sum | D61: 1 | E61: 1 | F61: 0.2 | G61: =E61/(1-F61) -> 1.25 | H61: =2500*3 -> 7500 | I61: 0.15 | J61: =H61*(1+I61) -> 8625 | K61: =J61*D61 -> 8625 | L61: =G61+J61 -> 8626.25 | M61: =D61*L61 -> 8626.25
A63: 2.1 | D63: Steel Stand for Equipment
A64: 2.10.1 | B64: Fabricate & Install galvanized steel stand for new Inverter. Dimensions: 1200 x 800 x 300mm (L X B X H) | C64: No. | D64: 3 | E64: 10000 | F64: 0.16 | G64: =E64/(1-F64) -> 11904.762 | H64: 200 | I64: 0.15 | J64: =H64*(1+I64) -> 230 | K64: =J64*D64 -> 690 | L64: =G64+J64 -> 12134.762 | M64: =D64*L64 -> 36404.286
A66: 2.10.2 | B66: Fabricate & Install galvanized steel stand for new ATS. Dimensions: 700 x 500 x 300mm (L X B X H) | C66: No. | D66: 0 | E66: 7500 | F66: 0.16 | G66: =E66/(1-F66) -> 8928.5714 | H66: 200 | I66: 0.15 | J66: =H66*(1+I66) -> 230 | K66: =J66*D66 -> 0 | L66: =G66+J66 -> 9158.5714 | M66: =D66*L66 -> 0
A68: 2.11 | D68: AC CABLING
B70: Supply, Deliver, Install & Test LV ECC CABLES (4 Core Cu PVC/SWA/PVC)
B72: Laid in ground or Clamped to cable ladder or cable tray with K clamps at 1500mm spacing or to manufacturers recommendations. Type: Aberdare, Africa Cables or equal and approved by Engineer
A74: 2.11.1 | B74: 70 mm² 4-core | C74: m | D74: 12 | E74: 947.75 | F74: 0.25 | G74: =E74/(1-F74) -> 1263.6667 | H74: 25 | I74: 0.15 | J74: =H74*(1+I74) -> 28.75 | K74: =J74*D74 -> 345 | L74: =G74+J74 -> 1292.4167 | M74: =D74*L74 -> 15509
A75: 2.11.2 | B75: 50 mm² 4-core | C75: m | D75: 0 | E75: 686.12 | F75: 0.25 | G75: =E75/(1-F75) -> 914.82667 | H75: 25 | I75: 0.15 | J75: =H75*(1+I75) -> 28.75 | K75: =J75*D75 -> 0 | L75: =G75+J75 -> 943.57667 | M75: =D75*L75 -> 0
A76: 2.11.3 | B76: 35 mm² 4-core | C76: m | D76: 0 | E76: 634 | F76: 0.25 | G76: =E76/(1-F76) -> 845.33333 | H76: 25 | I76: 0.15 | J76: =H76*(1+I76) -> 28.75 | K76: =J76*D76 -> 0 | L76: =G76+J76 -> 874.08333 | M76: =D76*L76 -> 0
A77: 2.11.4 | B77: 25 mm² 4-core | C77: m | D77: 0 | E77: 450 | F77: 0.25 | G77: =E77/(1-F77) -> 600 | H77: 25 | I77: 0.15 | J77: =H77*(1+I77) -> 28.75 | K77: =J77*D77 -> 0 | L77: =G77+J77 -> 628.75 | M77: =D77*L77 -> 0
A78: 2.11.5 | B78: 16 mm² 4-core | C78: m | D78: 0 | E78: 380 | F78: 0.25 | G78: =E78/(1-F78) -> 506.66667 | H78: 25 | I78: 0.15 | J78: =H78*(1+I78) -> 28.75 | K78: =J78*D78 -> 0 | L78: =G78+J78 -> 535.41667 | M78: =D78*L78 -> 0
A79: 2.11.6 | B79: 10 mm² 4-core | C79: m | D79: 0 | E79: =215 -> 215 | F79: 0.25 | G79: =E79/(1-F79) -> 286.66667 | H79: 25 | I79: 0.15 | J79: =H79*(1+I79) -> 28.75 | K79: =J79*D79 -> 0 | L79: =G79+J79 -> 315.41667 | M79: =D79*L79 -> 0
A81: 2.12 | D81: GENERAL PURPOSE WIRE
A83: 2.12.1 | B83: 35 mm² GPW | C83: m | D83: 8 | E83: 200 | F83: 0.2 | G83: =E83/(1-F83) -> 250 | H83: 50 | I83: 0.15 | J83: =H83*(1+I83) -> 57.5 | K83: =J83*D83 -> 460 | L83: =G83+J83 -> 307.5 | M83: =D83*L83 -> 2460
B84: 16 mm² GPW | C84: m | D84: 0 | E84: 70.6 | F84: 0.2 | G84: =E84/(1-F84) -> 88.25 | H84: 50 | I84: 0.15 | J84: =H84*(1+I84) -> 57.5 | K84: =J84*D84 -> 0 | L84: =G84+J84 -> 145.75 | M84: =D84*L84 -> 0
B85: 6 mm² GPW | C85: m | D85: 0 | E85: 22.91 | F85: 0.2 | G85: =E85/(1-F85) -> 28.6375 | H85: 50 | I85: 0.15 | J85: =H85*(1+I85) -> 57.5 | K85: =J85*D85 -> 0 | L85: =G85+J85 -> 86.1375 | M85: =D85*L85 -> 0
A87: 2.13 | D87: SURFIX
A89: 2.13.1 | B89: 1.5 mm² 2C + E Surfix | C89: m | D89: 0 | E89: 25 | F89: 0.2 | G89: =E89/(1-F89) -> 31.25 | I89: 0.15 | J89: =H89*(1+I89) -> 0 | K89: =J89*D89 -> 0 | L89: =G89+J89 -> 31.25 | M89: =D89*L89 -> 0
A90: 2.13.2 | B90: 2.5 mm² 2C + E Surfix | C90: m | D90: 0 | E90: 33 | F90: 0.2 | G90: =E90/(1-F90) -> 41.25 | I90: 0.15 | J90: =H90*(1+I90) -> 0 | K90: =J90*D90 -> 0 | L90: =G90+J90 -> 41.25 | M90: =D90*L90 -> 0
A91: 2.13.3 | B91: 4 mm² 2C + E Surfix | C91: m | D91: 0 | E91: 37 | F91: 0.2 | G91: =E91/(1-F91) -> 46.25 | I91: 0.15 | J91: =H91*(1+I91) -> 0 | K91: =J91*D91 -> 0 | L91: =G91+J91 -> 46.25 | M91: =D91*L91 -> 0
A93: 2.14 | D93: CABLE TERMINATIONS (1, or 4 Core Cu PVC/SWA/PVC or Flexible)
B95: Cable terminations complete with compatible glands, lugs and shrouds to suite cable type to SABS requirements & Specifications:
A97: 2.14.1 | B97: 70 mm² 4-core | C97: ea | D97: 6 | E97: =752.54*1.1 -> 827.794 | F97: 0.2 | G97: =E97/(1-F97) -> 1034.7425 | H97: =(250+100)*1.5 -> 525 | I97: 0.15 | J97: =H97*(1+I97) -> 603.75 | K97: =J97*D97 -> 3622.5 | L97: =G97+J97 -> 1638.4925 | M97: =D97*L97 -> 9830.955
A98: 2.14.2 | B98: 70 mm² 1-core | C98: ea | D98: 0 | E98: =350*1.1 -> 385 | F98: 0.2 | G98: =E98/(1-F98) -> 481.25 | H98: =(250+100)*1.5 -> 525 | I98: 0.15 | J98: =H98*(1+I98) -> 603.75 | K98: =J98*D98 -> 0 | L98: =G98+J98 -> 1085 | M98: =D98*L98 -> 0
A99: 2.14.3 | B99: 50 mm² 4-core | C99: ea | D99: 0 | E99: 550 | F99: 0.2 | G99: =E99/(1-F99) -> 687.5 | H99: =(250+100)*1.5 -> 525 | I99: 0.15 | J99: =H99*(1+I99) -> 603.75 | K99: =J99*D99 -> 0 | L99: =G99+J99 -> 1291.25 | M99: =D99*L99 -> 0
A100: 2.14.4 | B100: 35 mm² 4-core | C100: ea | D100: 0 | E100: 350 | F100: 0.2 | G100: =E100/(1-F100) -> 437.5 | H100: 525 | I100: 0.15 | J100: =H100*(1+I100) -> 603.75 | K100: =J100*D100 -> 0 | L100: =G100+J100 -> 1041.25 | M100: =D100*L100 -> 0
A101: 2.14.5 | B101: 25 mm² 4-core | C101: ea | D101: 0 | G101: =E101/(1-F101) -> 0 | H101: 525 | I101: 0.15 | J101: =H101*(1+I101) -> 603.75 | K101: =J101*D101 -> 0 | L101: =G101+J101 -> 603.75 | M101: =D101*L101 -> 0
A102: 2.14.6 | B102: 16 mm² 4-core | C102: ea | D102: 0 | E102: 350 | F102: 0.2 | G102: =E102/(1-F102) -> 437.5 | H102: 525 | I102: 0.15 | J102: =H102*(1+I102) -> 603.75 | K102: =J102*D102 -> 0 | L102: =G102+J102 -> 1041.25 | M102: =D102*L102 -> 0
A103: 2.14.7 | B103: 10 mm² 4-core | C103: ea | D103: 0 | E103: 350 | F103: 0.2 | G103: =E103/(1-F103) -> 437.5 | H103: 525 | I103: 0.15 | J103: =H103*(1+I103) -> 603.75 | K103: =J103*D103 -> 0 | L103: =G103+J103 -> 1041.25 | M103: =D103*L103 -> 0
A104: 2.14.8 | B104: 35 mm² 1-core | C104: ea | D104: 4 | E104: 350 | F104: 0.2 | G104: =E104/(1-F104) -> 437.5 | H104: 525 | I104: 0.15 | J104: =H104*(1+I104) -> 603.75 | K104: =J104*D104 -> 2415 | L104: =G104+J104 -> 1041.25 | M104: =D104*L104 -> 4165
A105: 2.14.9 | B105: 25 mm² 1-core | C105: ea | D105: 0 | E105: 250 | F105: 0.2 | G105: =E105/(1-F105) -> 312.5 | H105: 525 | I105: 0.15 | J105: =H105*(1+I105) -> 603.75 | K105: =J105*D105 -> 0 | L105: =G105+J105 -> 916.25 | M105: =D105*L105 -> 0
A106: 2.14.10 | B106: 16 mm² 1-core | C106: ea | D106: 0 | E106: 500 | F106: 0.2 | G106: =E106/(1-F106) -> 625 | H106: 525 | I106: 0.15 | J106: =H106*(1+I106) -> 603.75 | K106: =J106*D106 -> 0 | L106: =G106+J106 -> 1228.75 | M106: =D106*L106 -> 0
A107: 2.14.11 | B107: 10 mm² 1-core | C107: ea | D107: 0 | E107: 500 | F107: 0.2 | G107: =E107/(1-F107) -> 625 | H107: 525 | I107: 0.15 | J107: =H107*(1+I107) -> 603.75 | K107: =J107*D107 -> 0 | L107: =G107+J107 -> 1228.75 | M107: =D107*L107 -> 0
A109: 2.15 | D109: INSULATED COPPER EARTH WIRE
B111: Black insulated stranded copper earth wire strapped to cable at 2000mm centres with PVC cable ties or approved method:
A113: 2.15.1 | B113: 35 mm² | C113: m | D113: 0 | E113: =132*(15+10+10) -> 4620 | F113: 0.2 | G113: =E113/(1-F113) -> 5775 | H113: =9*(15+10+10) -> 315 | I113: 0.15 | J113: =H113*(1+I113) -> 362.25 | K113: =J113*D113 -> 0 | L113: =G113+J113 -> 6137.25 | M113: =D113*L113 -> 0
A114: 2.15.2 | B114: 6 mm² | C114: m | D114: 18 | E114: =30 -> 30 | F114: 0.2 | G114: =E114/(1-F114) -> 37.5 | H114: =15 -> 15 | I114: 0.15 | J114: =H114*(1+I114) -> 17.25 | K114: =J114*D114 -> 310.5 | L114: =G114+J114 -> 54.75 | M114: =D114*L114 -> 985.5
A116: 2.16 | D116: COMMUNICATIONS CABLE
A118: 2.16.1 | B118: Supply, deliver, Install & terminate CAT 6 communications cable (including connectors) as per scope of work | C118: m | D118: 10 | E118: 5 | F118: 0.2 | G118: =E118/(1-F118) -> 6.25 | H118: =(100*3) -> 300 | I118: 0.15 | J118: =H118*(1+I118) -> 345 | K118: =J118*D118 -> 3450 | L118: =G118+J118 -> 351.25 | M118: =D118*L118 -> 3512.5
A120: 2.17 | D120: TRENCHING & BACKFILLING
B122: Trench depth to be 600mm deep
A124: 2.17.1 | B124: Trenching & backfilling of cables in soft pickable soil as per scope of work. Including importing of backfill material as required. Including cable warning tape | C124: Sum | D124: 0 | F124: 0.2 | G124: =E124/(1-F124) -> 0 | H124: =140*(20+60+200) -> 39200 | I124: 0.15 | J124: =H124*(1+I124) -> 45080 | K124: =J124*D124 -> 0 | L124: =G124+J124 -> 45080 | M124: =D124*L124 -> 0
A125: 2.17.2 | B125: Trenching & backfilling of cables in hard rock as per scope of work. Including importing of backfill material as required. Including cable warning tape | C125: Sum | D125: 0 | F125: 0.2 | G125: =E125/(1-F125) -> 0 | H125: =140*(20+60+200) -> 39200 | I125: 0.15 | J125: =H125*(1+I125) -> 45080 | K125: =J125*D125 -> 0 | L125: =G125+J125 -> 45080 | M125: =D125*L125 -> 0
A126: 2.17.3 | B126: Supply & Install 50mm diameter PVC sleeves including bends and connectors | C126: Sum | D126: 0 | E126: =35*(50+50) -> 3500 | F126: 0.2 | G126: =E126/(1-F126) -> 4375 | H126: =5*(50+50+50) -> 750 | I126: 0.15 | J126: =H126*(1+I126) -> 862.5 | K126: =J126*D126 -> 0 | L126: =G126+J126 -> 5237.5 | M126: =D126*L126 -> 0
A127: 2.17.4 | B127: Re-instatement of existing concrete surfaces | C127: Sum | D127: 0 | E127: =4500*3 -> 13500 | F127: 0.2 | G127: =E127/(1-F127) -> 16875 | H127: 5 | I127: 0.15 | J127: =H127*(1+I127) -> 5.75 | K127: =J127*D127 -> 0 | L127: =G127+J127 -> 16880.75 | M127: =D127*L127 -> 0
A129: 2.18 | D129: Tree cutting & trimming
A131: 2.18.1 | B131: Tree cutting & trimming as required | C131: Sum | D131: 0 | E131: 0 | F131: 0.2 | G131: =E131/(1-F131) -> 0 | H131: =2500*3 -> 7500 | K131: =H131*D131 -> 0 | L131: =G131+J131 -> 0 | M131: =D131*L131 -> 0
K132: =H132*D132 -> 0
A134: 2.19 | B134: Lighting Protection System | K134: =H134*D134 -> 0
A135: 2.19.1 | B135: Design, Supply, Test & Install Lighting Protection System by Specialist | C135: Sum | D135: 1 | E135: 25000 | F135: 0 | G135: =E135/(1-F135) -> 25000 | H135: 0 | K135: =H135*D135 -> 0 | L135: =G135+H135 -> 25000 | M135: =D135*L135 -> 25000
A137: 2.2 | B137: Earthing System | K137: =H137*D137 -> 0
A138: 2.20.1 | B138: Design, Supply, Test & Install Earthing System by Specialist | C138: Sum | D138: 1 | E138: =15000 -> 15000 | F138: 0 | G138: =E138/(1-F138) -> 15000 | H138: 0 | K138: =H138*D138 -> 0 | L138: =G138+H138 -> 15000 | M138: =D138*L138 -> 15000
A140: 2.21 | B140: Cerificate of Compliance | K140: =H140*D140 -> 0
A141: 2.21.1 | B141: Issuing of CoC for new system as per SANS 10142-1 | C141: Sum | D141: 1 | E141: =5000 -> 5000 | F141: 0 | G141: =E141/(1-F141) -> 5000 | H141: 0 | K141: =H141*D141 -> 0 | L141: =G141+H141 -> 5000 | M141: =D141*L141 -> 5000
A142: 2.21.2 | B142: Provisional Sum for rectification of existing defects in order to issue CoC | C142: Sum | D142: 1 | E142: =50000 -> 50000 | F142: 0 | G142: =E142/(1-F142) -> 50000 | H142: 0 | K142: =H142*D142 -> 0 | L142: =G142+H142 -> 50000 | M142: =D142*L142 -> 50000
A144: 2.22 | B144: SUNDRY ITEMS | K144: =H144*D144 -> 0
K145: =H145*D145 -> 0
A146: 2.22.1 | B146: All items such as bolts, nuts, mounting screws, scruits midget, connector blocks, cable ties, cable/tray clamps etc. to provide a fully functional and compliant system | C146: Sum | D146: 1 | E146: =5000*3 -> 15000 | F146: 0.2 | G146: =E146/(1-F146) -> 18750 | H146: 1 | K146: =H146*D146 -> 1 | L146: =G146+H146 -> 18751 | M146: =D146*L146 -> 18751
B149: Carried to summary | K149: =SUM(K11:K146) -> 119842.5 | M149: =SUM(M11:M148) -> 2877402 | N149: =M149*1.15 -> 3309012.3

Sheet SECT 2- N Block
A1: BILL OF QUANTITIES
A2: ='SECTION 1-P&G'!C8:H8 -> #VALUE!
A3: SECTION 2: SOLAR PV / BATTERY SYSTEM
C4: A | D4: B | E4: C | F4: D | G4: E | H4: F | I4: G | J4: H | K4: I | L4: J | M4: K
A5: ITEM No. | B5: DESCRIPTION | C5: UNIT | D5: QUANTITY | E5: SUPPLY RATE (COST) | F5: MARK UP % | G5: SUPPLY RATE (MARKED UP) | H5: Install Rate | I5: MARK UP % | J5: INSTALL RATE (Marked up) | K5: LABOUR TOTAL | L5: RATE (E+H) | M5: TOTAL (BxJ)
A7: 2 | D7: INVERTERS, SOLAR PV MODULES, BATTERIES, AC EQUIPMENT & CABLING
A9: 2.1 | D9: Solar PV Panels
A11: 2.1.3 | B11: N block -Supply, Deliver, Install, Test & Commission 550W Canadian Solar Super High Power Mono PERC or Equivalent to Engineer's approval. Inclusive of earthing & bonding complete | C11: ea | D11: 11 | E11: =1623.93 -> 1623.93 | F11: 0.25 | G11: =E11/(1-F11) -> 2165.24 | H11: 350 | I11: 0.15 | J11: =H11*(1+I11) -> 402.5 | K11: =J11*D11 -> 4427.5 | L11: =G11+J11 -> 2567.74 | M11: =D11*L11 -> 28245.14
A13: 2.2 | D13: Inverters
A14: 2.2.2 | B14: N Block -Supply, Deliver, Install, Test & Commission 5kW 1P Sunsynk hybrid inverter | C14: ea | D14: 1 | E14: 16062.21 | F14: 0.2 | G14: =E14/(1-F14) -> 20077.762 | H14: =(550*8)+3600 -> 8000 | I14: 0.15 | J14: =H14*(1+I14) -> 9200 | K14: =J14*D14 -> 9200 | L14: =G14+J14 -> 29277.762 | M14: =D14*L14 -> 29277.762
A16: 2.3 | D16: Automatic Transfer Switch (ATS)
A17: 2.3.2 | B17: N Block Supply, Deliver, Install, Test & Commission Changeover Switch | C17: No. | D17: 1 | E17: 13730 | F17: 0.2 | G17: =E17/(1-F17) -> 17162.5 | H17: =(550*4)+3500 -> 5700 | I17: 0.15 | J17: =H17*(1+I17) -> 6555 | K17: =J17*D17 -> 6555 | L17: =G17+J17 -> 23717.5 | M17: =D17*L17 -> 23717.5
A18: 2.3.3 | B18: N Block Supply, Deliver, Install, Test & Commission Elum SD Genset controller | C18: No. | D18: 1 | E18: 70000 | F18: 0.2 | G18: =E18/(1-F18) -> 87500 | H18: =(550*4)+3500 -> 5700 | I18: 0.15 | J18: =H18*(1+I18) -> 6555 | K18: =J18*D18 -> 6555 | L18: =G18+J18 -> 94055 | M18: =D18*L18 -> 94055
A19: 2.4 | D19: Battery System
A20: 2.4.1 | B20: N Block -Supply, Deliver, Install, Test & Commission Lithium Batteries to provide backup. 15/12 LV | C20: Sum | D20: 1 | E20: 68381.67 | F20: 0.2 | G20: =E20/(1-F20) -> 85477.087 | H20: =(550*8)+3600 -> 8000 | I20: 0.15 | J20: =H20*(1+I20) -> 9200 | K20: =J20*D20 -> 9200 | L20: =G20+J20 -> 94677.087 | M20: =D20*L20 -> 94677.087
A22: 2.4.4
B23: Supply, Deliver, Install, Test & Commission Fuse Disconnectors with 250A fuses for Battery | C23: No. | D23: 4 | E23: =1888.71*1.15 -> 2172.0165 | F23: 0.2 | G23: =E23/(1-F23) -> 2715.0206 | H23: =250*1 -> 250 | I23: 0.15 | J23: =H23*(1+I23) -> 287.5 | K23: =J23*D23 -> 1150 | L23: =G23+J23 -> 3002.5206 | M23: =D23*L23 -> 12010.082
A25: 2.5 | D25: Mounting Structure, Clamps & Walkways
A26: 2.5.1 | B26: Mounting Structures. Material to be aluminium and must include a 10 year warranty | C26: ea | D26: =D11 -> 11 | E26: 650 | F26: 0.2 | G26: =E26/(1-F26) -> 812.5 | H26: =(((5*200)*4)*1.2)/D26 -> 436.36364 | I26: 0.15 | J26: =H26*(1+I26) -> 501.81818 | K26: =J26*D26 -> 5520 | L26: =G26+J26 -> 1314.3182 | M26: =D26*L26 -> 14457.5
B27: Cable Support/Wireways etc. Material to be galvanized steel | C27: Sum | D27: 1 | E27: =10000 -> 10000 | F27: 0.2 | G27: =E27/(1-F27) -> 12500 | H27: =2500*3 -> 7500 | I27: 0.15 | J27: =H27*(1+I27) -> 8625 | K27: =J27*D27 -> 8625 | L27: =G27+J27 -> 21125 | M27: =D27*L27 -> 21125
A29: 2.6 | D29: DC Cabling
A30: 2.6.1 | B30: 4mmsq Solar PV DC cables from panels to DC combiner box. Red cable for positive (+) and Black cable for negative (-) to SANS10142-1. UV resistant to EN50618 & TUV certified. Including MC4 connectors complete | C30: m | D30: 90 | E30: =14.85*1.15 -> 17.0775 | F30: 0.2 | G30: =E30/(1-F30) -> 21.346875 | H30: =39 -> 39 | I30: 0.15 | J30: =H30*(1+I30) -> 44.85 | K30: =J30*D30 -> 4036.5 | L30: =G30+J30 -> 66.196875 | M30: =D30*L30 -> 5957.7187
A31: 2.6.2 | B31: 70mm2 Single core DC cable for Batteries | C31: m | E31: =180*1.15 -> 207 | F31: 0.2 | G31: =E31/(1-F31) -> 258.75 | H31: =65 -> 65 | I31: 0.15 | J31: =H31*(1+I31) -> 74.75 | K31: =J31*D31 -> 0 | L31: =G31+J31 -> 333.5 | M31: =D31*L31 -> 0
A32: 2.6.3 | B32: 50mm2 Single core DC cable for Batteries | C32: m | D32: =6+N("3m per electrode") -> 6 | E32: =190 -> 190 | F32: 0.2 | G32: =E32/(1-F32) -> 237.5 | H32: =65 -> 65 | I32: 0.15 | J32: =H32*(1+I32) -> 74.75 | K32: =J32*D32 -> 448.5 | L32: =G32+J32 -> 312.25 | M32: =D32*L32 -> 1873.5
B33: 25mm2 Single core DC cable for Batteries | C33: m | E33: =110 -> 110 | F33: 0.2 | G33: =E33/(1-F33) -> 137.5 | H33: =65 -> 65 | I33: 0.15 | J33: =H33*(1+I33) -> 74.75 | K33: =J33*D33 -> 0 | L33: =G33+J33 -> 212.25 | M33: =D33*L33 -> 0
A35: 2.7 | D35: DC Combiner Box
A36: 2.7.1 | B36: DC Combiner Box including the ffg components: 1000V rating, 1 X MPPT, 8 Inputs & 1 Output, 160A Isolator, Type 1 & 2 Surge Protection device, Inclusive of fuses. | C36: No. | D36: 1 | E36: =13501.37*1.2 -> 16201.644 | F36: 0.2 | G36: =E36/(1-F36) -> 20252.055 | H36: =250*2 -> 500 | I36: 0.15 | J36: =H36*(1+I36) -> 575 | K36: =J36*D36 -> 575 | L36: =G36+J36 -> 20827.055 | M36: =D36*L36 -> 20827.055
A37: 2.7.2 | B37: DC Combiner Box including the ffg components: 1000V rating, 4 X MPPT, 8 Inputs & 8 Output, 160A Isolator, Type 1 & 2 Surge Protection device, Inclusive of fuses. | C37: No. | D37: 0 | E37: =13501.37*1.2 -> 16201.644 | F37: 0.2 | G37: =E37/(1-F37) -> 20252.055 | H37: =250*2 -> 500 | I37: 0.15 | J37: =H37*(1+I37) -> 575 | K37: =J37*D37 -> 0 | L37: =G37+J37 -> 20827.055 | M37: =D37*L37 -> 0
A39: 2.8 | D39: Circuit Breakers
A41: 2.8.1 | B41: Supply, Deliver, Install new 400V, 200A, 6kA, 3P,adjustable MCCB | C41: No. | D41: 0 | E41: 2500 | F41: 0.2 | G41: =E41/(1-F41) -> 3125 | H41: =(250+100)*4 -> 1400 | I41: 0.15 | J41: =H41*(1+I41) -> 1610 | K41: =J41*D41 -> 0 | L41: =G41+J41 -> 4735 | M41: =D41*L41 -> 0
A43: 2.8.2 | B43: Supply, Deliver, Install new 400V, 150A, 6kA, 4P, adjustable MCCB | C43: No. | D43: 0 | E43: 1800 | F43: 0.2 | G43: =E43/(1-F43) -> 2250 | H43: =(250+100)*4 -> 1400 | I43: 0.15 | J43: =H43*(1+I43) -> 1610 | K43: =J43*D43 -> 0 | L43: =G43+J43 -> 3860 | M43: =D43*L43 -> 0
A45: 2.8.3 | B45: Supply, Deliver, Install new 400V, 80A, 6kA, 3P, MCB | C45: No. | D45: =4 + N("2 Isolator + 2 CB") -> 4 | E45: =550*1.2 -> 660 | F45: 0.2 | G45: =E45/(1-F45) -> 825 | H45: =(250+100)*4 -> 1400 | I45: 0.15 | J45: =H45*(1+I45) -> 1610 | K45: =J45*D45 -> 6440 | L45: =G45+J45 -> 2435 | M45: =D45*L45 -> 9740
A47: 2.8.4 | B47: Supply, Deliver, Install new 400V, 80A, 4P N/O Contactor | C47: No. | D47: 1 | E47: =550*1.2 -> 660 | F47: 0.2 | G47: =E47/(1-F47) -> 825 | H47: =(250+100)*4 -> 1400 | I47: 0.15 | J47: =H47*(1+I47) -> 1610 | K47: =J47*D47 -> 1610 | L47: =G47+J47 -> 2435 | M47: =D47*L47 -> 2435
A49: 2.9 | D49: Distribution Boards
A51: 2.9.1 | B51: Supply, Deliver, Install new 8-way LV Distribution Board | C51: ea | D51: 0 | E51: 2500 | F51: 0.2 | G51: =E51/(1-F51) -> 3125 | H51: =250*1 -> 250 | I51: 0.15 | J51: =H51*(1+I51) -> 287.5 | K51: =J51*D51 -> 0 | L51: =G51+J51 -> 3412.5 | M51: =D51*L51 -> 0
A53: 2.9.2 | B53: Supply, Deliver, Install new 16-way LV Distribution Board | C53: ea | D53: =3 + N("AC in&out with db for circuits split") -> 3 | E53: 5729 | F53: 0.2 | G53: =E53/(1-F53) -> 7161.25 | H53: 250 | I53: 0.15 | J53: =H53*(1+I53) -> 287.5 | K53: =J53*D53 -> 862.5 | L53: =G53+J53 -> 7448.75 | M53: =D53*L53 -> 22346.25
A55: 2.9.3 | B55: Supply, Deliver, Install Surge Arrestor Din 3 Pole+Neutral 20kA 1.3kV type 1 & 2 | C55: ea | D55: 1 | E55: =5729 -> 5729 | F55: 0.2 | G55: =E55/(1-F55) -> 7161.25 | H55: 250 | I55: 0.15 | J55: =H55*(1+I55) -> 287.5 | K55: =J55*D55 -> 287.5 | L55: =G55+J55 -> 7448.75 | M55: =D55*L55 -> 7448.75
A57: 2.9.4 | B57: Supply, Deliver, Install new 300/5A, 10VA Current transformers as required to integrate the new system | C57: ea | D57: 2 | E57: 350 | F57: 0.2 | G57: =E57/(1-F57) -> 437.5 | H57: 250 | I57: 0.15 | J57: =H57*(1+I57) -> 287.5 | K57: =J57*D57 -> 575 | L57: =G57+J57 -> 725 | M57: =D57*L57 -> 1450
A59: 2.9.5 | B59: Supply, Deliver, Install & Terminate 7C, 4mm control cable between CT's and Inverter | C59: m | D59: 20 | E59: =35 -> 35 | F59: 0.2 | G59: =E59/(1-F59) -> 43.75 | H59: =(65*3) -> 195 | I59: 0.15 | J59: =H59*(1+I59) -> 224.25 | K59: =J59*D59 -> 4485 | L59: =G59+J59 -> 268 | M59: =D59*L59 -> 5360
A61: 2.9.6 | B61: Disconnect & Remove existing equipment as per scope of works | C61: Sum | D61: 1 | E61: 1 | F61: 0.2 | G61: =E61/(1-F61) -> 1.25 | H61: =2500*3 -> 7500 | I61: 0.15 | J61: =H61*(1+I61) -> 8625 | K61: =J61*D61 -> 8625 | L61: =G61+J61 -> 8626.25 | M61: =D61*L61 -> 8626.25
A63: 2.1 | D63: Steel Stand for Equipment
A64: 2.10.1 | B64: Fabricate & Install galvanized steel stand for new Inverter. Dimensions: 1200 x 800 x 300mm (L X B X H) | C64: ea | D64: =2 + N("1 for inverter and battery") -> 2 | E64: 10000 | F64: 0.16 | G64: =E64/(1-F64) -> 11904.762 | H64: 200 | I64: 0.15 | J64: =H64*(1+I64) -> 230 | K64: =J64*D64 -> 460 | L64: =G64+J64 -> 12134.762 | M64: =D64*L64 -> 24269.524
A66: 2.10.2 | B66: Fabricate & Install galvanized steel stand for new ATS. Dimensions: 700 x 500 x 300mm (L X B X H) | C66: ea | D66: 0 | E66: 7500 | F66: 0.16 | G66: =E66/(1-F66) -> 8928.5714 | H66: 200 | I66: 0.15 | J66: =H66*(1+I66) -> 230 | K66: =J66*D66 -> 0 | L66: =G66+J66 -> 9158.5714 | M66: =D66*L66 -> 0
A68: 2.11 | D68: AC CABLING
B70: Supply, Deliver, Install & Test LV ECC CABLES (4 Core Cu PVC/SWA/PVC)
B72: Laid in ground or Clamped to cable ladder or cable tray with K clamps at 1500mm spacing or to manufacturers recommendations. Type: Aberdare, Africa Cables or equal and approved by Engineer
A74: 2.11.1 | B74: 70 mm² 4-core | C74: m | D74: 0 | E74: 947.75 | F74: 0.25 | G74: =E74/(1-F74) -> 1263.6667 | H74: 25 | I74: 0.15 | J74: =H74*(1+I74) -> 28.75 | K74: =J74*D74 -> 0 | L74: =G74+J74 -> 1292.4167 | M74: =D74*L74 -> 0
A75: 2.11.2 | B75: 50 mm² 4-core | C75: m | D75: 0 | E75: 686.12 | F75: 0.25 | G75: =E75/(1-F75) -> 914.82667 | H75: 25 | I75: 0.15 | J75: =H75*(1+I75) -> 28.75 | K75: =J75*D75 -> 0 | L75: =G75+J75 -> 943.57667 | M75: =D75*L75 -> 0
A76: 2.11.3 | B76: 35 mm² 4-core | C76: m | D76: 0 | E76: 538.9 | F76: 0.25 | G76: =E76/(1-F76) -> 718.53333 | H76: 25 | I76: 0.15 | J76: =H76*(1+I76) -> 28.75 | K76: =J76*D76 -> 0 | L76: =G76+J76 -> 747.28333 | M76: =D76*L76 -> 0
A77: 2.11.4 | B77: 25 mm² 4-core | C77: m | D77: 0 | E77: 450 | F77: 0.25 | G77: =E77/(1-F77) -> 600 | H77: 25 | I77: 0.15 | J77: =H77*(1+I77) -> 28.75 | K77: =J77*D77 -> 0 | L77: =G77+J77 -> 628.75 | M77: =D77*L77 -> 0
A78: 2.11.5 | B78: 16 mm² 4-core | C78: m | D78: 0 | E78: 380 | F78: 0.25 | G78: =E78/(1-F78) -> 506.66667 | H78: 25 | I78: 0.15 | J78: =H78*(1+I78) -> 28.75 | K78: =J78*D78 -> 0 | L78: =G78+J78 -> 535.41667 | M78: =D78*L78 -> 0
A79: 2.11.6 | B79: 10 mm² 4-core | C79: m | D79: 0 | E79: =215 -> 215 | F79: 0.25 | G79: =E79/(1-F79) -> 286.66667 | H79: 25 | I79: 0.15 | J79: =H79*(1+I79) -> 28.75 | K79: =J79*D79 -> 0 | L79: =G79+J79 -> 315.41667 | M79: =D79*L79 -> 0
A81: 2.12 | D81: GENERAL PURPOSE WIRE
A83: 2.12.1 | B83: 35 mm² GPW | C83: m | D83: 0 | E83: 109.45 | F83: 0.2 | G83: =E83/(1-F83) -> 136.8125 | H83: 50 | I83: 0.15 | J83: =H83*(1+I83) -> 57.5 | K83: =J83*D83 -> 0 | L83: =G83+J83 -> 194.3125 | M83: =D83*L83 -> 0
B84: 16 mm² GPW | C84: m | D84: 0 | E84: 70.6 | F84: 0.2 | G84: =E84/(1-F84) -> 88.25 | H84: 50 | I84: 0.15 | J84: =H84*(1+I84) -> 57.5 | K84: =J84*D84 -> 0 | L84: =G84+J84 -> 145.75 | M84: =D84*L84 -> 0
B85: 6 mm² GPW | C85: m | D85: 6 | E85: 22.91 | F85: 0.2 | G85: =E85/(1-F85) -> 28.6375 | H85: 50 | I85: 0.15 | J85: =H85*(1+I85) -> 57.5 | K85: =J85*D85 -> 345 | L85: =G85+J85 -> 86.1375 | M85: =D85*L85 -> 516.825
A87: 2.13 | D87: SURFIX
A89: 2.13.1 | B89: 1.5 mm² 2C + E Surfix | C89: m | D89: 0 | E89: 25 | F89: 0.2 | G89: =E89/(1-F89) -> 31.25 | I89: 0.15 | J89: =H89*(1+I89) -> 0 | K89: =J89*D89 -> 0 | L89: =G89+J89 -> 31.25 | M89: =D89*L89 -> 0
A90: 2.13.2 | B90: 2.5 mm² 2C + E Surfix | C90: m | D90: 0 | E90: 33 | F90: 0.2 | G90: =E90/(1-F90) -> 41.25 | I90: 0.15 | J90: =H90*(1+I90) -> 0 | K90: =J90*D90 -> 0 | L90: =G90+J90 -> 41.25 | M90: =D90*L90 -> 0
A91: 2.13.3 | B91: 4 mm² 2C + E Surfix | C91: m | D91: 0 | E91: 37 | F91: 0.2 | G91: =E91/(1-F91) -> 46.25 | I91: 0.15 | J91: =H91*(1+I91) -> 0 | K91: =J91*D91 -> 0 | L91: =G91+J91 -> 46.25 | M91: =D91*L91 -> 0
A92: 2.13.4 | B92: 6 mm² 2C + E Surfix | C92: m | D92: 10 | E92: 81.25 | F92: 0.2 | G92: =E92/(1-F92) -> 101.5625 | I92: 0.15 | J92: =H92*(1+I92) -> 0 | K92: =J92*D92 -> 0 | L92: =G92+J92 -> 101.5625 | M92: =D92*L92 -> 1015.625
A94: 2.14 | D94: CABLE TERMINATIONS (1, or 4 Core Cu PVC/SWA/PVC or Flexible)
B96: Cable terminations complete with compatible glands, lugs and shrouds to suite cable type to SABS requirements & Specifications:
A98: 2.14.1 | B98: 70 mm² 4-core | C98: ea | D98: 0 | E98: =752.54*1.1 -> 827.794 | F98: 0.2 | G98: =E98/(1-F98) -> 1034.7425 | H98: =(250+100)*1.5 -> 525 | I98: 0.15 | J98: =H98*(1+I98) -> 603.75 | K98: =J98*D98 -> 0 | L98: =G98+J98 -> 1638.4925 | M98: =D98*L98 -> 0
A99: 2.14.2 | B99: 70 mm² 1-core | C99: ea | D99: 0 | E99: =350*1.1 -> 385 | F99: 0.2 | G99: =E99/(1-F99) -> 481.25 | H99: =(250+100)*1.5 -> 525 | I99: 0.15 | J99: =H99*(1+I99) -> 603.75 | K99: =J99*D99 -> 0 | L99: =G99+J99 -> 1085 | M99: =D99*L99 -> 0
A100: 2.14.3 | B100: 50 mm² 4-core | C100: ea | D100: 0 | E100: 550 | F100: 0.2 | G100: =E100/(1-F100) -> 687.5 | H100: =(250+100)*1.5 -> 525 | I100: 0.15 | J100: =H100*(1+I100) -> 603.75 | K100: =J100*D100 -> 0 | L100: =G100+J100 -> 1291.25 | M100: =D100*L100 -> 0
A101: 2.14.4 | B101: 35 mm² 4-core | C101: ea | D101: 0 | E101: 350 | F101: 0.2 | G101: =E101/(1-F101) -> 437.5 | H101: 525 | I101: 0.15 | J101: =H101*(1+I101) -> 603.75 | K101: =J101*D101 -> 0 | L101: =G101+J101 -> 1041.25 | M101: =D101*L101 -> 0
A102: 2.14.5 | B102: 25 mm² 4-core | C102: ea | D102: 0 | G102: =E102/(1-F102) -> 0 | H102: 525 | I102: 0.15 | J102: =H102*(1+I102) -> 603.75 | K102: =J102*D102 -> 0 | L102: =G102+J102 -> 603.75 | M102: =D102*L102 -> 0
A103: 2.14.6 | B103: 16 mm² 4-core | C103: ea | D103: 0 | E103: 350 | F103: 0.2 | G103: =E103/(1-F103) -> 437.5 | H103: 525 | I103: 0.15 | J103: =H103*(1+I103) -> 603.75 | K103: =J103*D103 -> 0 | L103: =G103+J103 -> 1041.25 | M103: =D103*L103 -> 0
A104: 2.14.7 | B104: 10 mm² 4-core | C104: ea | D104: 0 | E104: 350 | F104: 0.2 | G104: =E104/(1-F104) -> 437.5 | H104: 525 | I104: 0.15 | J104: =H104*(1+I104) -> 603.75 | K104: =J104*D104 -> 0 | L104: =G104+J104 -> 1041.25 | M104: =D104*L104 -> 0
A105: 2.14.8 | B105: 35 mm² 1-core | C105: ea | D105: 0 | F105: 0.2 | G105: =E105/(1-F105) -> 0 | H105: 525 | I105: 0.15 | J105: =H105*(1+I105) -> 603.75 | K105: =J105*D105 -> 0 | L105: =G105+J105 -> 603.75 | M105: =D105*L105 -> 0
A106: 2.14.9 | B106: 25 mm² 1-core | C106: ea | D106: 0 | E106: 250 | F106: 0.2 | G106: =E106/(1-F106) -> 312.5 | H106: 525 | I106: 0.15 | J106: =H106*(1+I106) -> 603.75 | K106: =J106*D106 -> 0 | L106: =G106+J106 -> 916.25 | M106: =D106*L106 -> 0
A107: 2.14.10 | B107: 16 mm² 1-core | C107: ea | D107: 0 | E107: 500 | F107: 0.2 | G107: =E107/(1-F107) -> 625 | H107: 525 | I107: 0.15 | J107: =H107*(1+I107) -> 603.75 | K107: =J107*D107 -> 0 | L107: =G107+J107 -> 1228.75 | M107: =D107*L107 -> 0
A108: 2.14.11 | B108: 10 mm² 1-core | C108: ea | D108: 0 | E108: 500 | F108: 0.2 | G108: =E108/(1-F108) -> 625 | H108: 525 | I108: 0.15 | J108: =H108*(1+I108) -> 603.75 | K108: =J108*D108 -> 0 | L108: =G108+J108 -> 1228.75 | M108: =D108*L108 -> 0
A109: 2.14.11 | B109: 6 mm² 1-core | C109: ea | D109: 6 | E109: 200 | F109: 0.2 | G109: =E109/(1-F109) -> 250 | H109: 525 | I109: 0.15 | J109: =H109*(1+I109) -> 603.75 | K109: =J109*D109 -> 3622.5 | L109: =G109+J109 -> 853.75 | M109: =D109*L109 -> 5122.5
A111: 2.15 | D111: INSULATED COPPER EARTH WIRE
B113: Black insulated stranded copper earth wire strapped to cable at 2000mm centres with PVC cable ties or approved method:
A115: 2.15.1 | B115: 35 mm² | C115: m | D115: 0 | E115: =132*(15+10+10) -> 4620 | F115: 0.2 | G115: =E115/(1-F115) -> 5775 | H115: =9*(15+10+10) -> 315 | I115: 0.15 | J115: =H115*(1+I115) -> 362.25 | K115: =J115*D115 -> 0 | L115: =G115+J115 -> 6137.25 | M115: =D115*L115 -> 0
A116: 2.15.2 | B116: 6 mm² | C116: m | D116: =15+N("Just for the inverter battery system") -> 15 | E116: =30 -> 30 | F116: 0.2 | G116: =E116/(1-F116) -> 37.5 | H116: =15 -> 15 | I116: 0.15 | J116: =H116*(1+I116) -> 17.25 | K116: =J116*D116 -> 258.75 | L116: =G116+J116 -> 54.75 | M116: =D116*L116 -> 821.25
A118: 2.16 | D118: COMMUNICATIONS CABLE
A120: 2.16.1 | B120: Supply, deliver, Install & terminate CAT 6 communications cable (including connectors) as per scope of work | C120: m | D120: 10 | E120: 5 | F120: 0.2 | G120: =E120/(1-F120) -> 6.25 | H120: =(100*3) -> 300 | I120: 0.15 | J120: =H120*(1+I120) -> 345 | K120: =J120*D120 -> 3450 | L120: =G120+J120 -> 351.25 | M120: =D120*L120 -> 3512.5
A122: 2.17 | D122: TRENCHING & BACKFILLING
B124: Trench depth to be 600mm deep
A126: 2.17.1 | B126: Trenching & backfilling of cables in soft pickable soil as per scope of work. Including importing of backfill material as required. Including cable warning tape | C126: Sum | D126: 0 | F126: 0.2 | G126: =E126/(1-F126) -> 0 | H126: =140*(20+60+200) -> 39200 | I126: 0.15 | J126: =H126*(1+I126) -> 45080 | K126: =J126*D126 -> 0 | L126: =G126+J126 -> 45080 | M126: =D126*L126 -> 0
A127: 2.17.2 | B127: Trenching & backfilling of cables in hard rock as per scope of work. Including importing of backfill material as required. Including cable warning tape | C127: Sum | D127: 0 | F127: 0.2 | G127: =E127/(1-F127) -> 0 | H127: =140*(20+60+200) -> 39200 | I127: 0.15 | J127: =H127*(1+I127) -> 45080 | K127: =J127*D127 -> 0 | L127: =G127+J127 -> 45080 | M127: =D127*L127 -> 0
A128: 2.17.3 | B128: Supply & Install 50mm diameter PVC sleeves including bends and connectors | C128: Sum | D128: 0 | E128: =35*(50+50) -> 3500 | F128: 0.2 | G128: =E128/(1-F128) -> 4375 | H128: =5*(50+50+50) -> 750 | I128: 0.15 | J128: =H128*(1+I128) -> 862.5 | K128: =J128*D128 -> 0 | L128: =G128+J128 -> 5237.5 | M128: =D128*L128 -> 0
A129: 2.17.4 | B129: Re-instatement of existing concrete surfaces | C129: Sum | D129: 0 | E129: =4500*3 -> 13500 | F129: 0.2 | G129: =E129/(1-F129) -> 16875 | H129: 5 | I129: 0.15 | J129: =H129*(1+I129) -> 5.75 | K129: =J129*D129 -> 0 | L129: =G129+J129 -> 16880.75 | M129: =D129*L129 -> 0
A131: 2.18 | D131: Tree cutting & trimming
A133: 2.18.1 | B133: Tree cutting & trimming as required | C133: Sum | D133: 1 | E133: 10000 | F133: 0.2 | G133: =E133/(1-F133) -> 12500 | H133: =2500*3 -> 7500 | K133: =H133*D133 -> 7500 | L133: =G133+J133 -> 12500 | M133: =D133*L133 -> 12500
K134: =H134*D134 -> 0
A136: 2.19 | B136: Lighting Protection System | K136: =H136*D136 -> 0
A137: 2.19.1 | B137: Design, Supply, Test & Install Lighting Protection System by Specialist | C137: Sum | D137: 1 | E137: 25000 | F137: 0 | G137: =E137/(1-F137) -> 25000 | H137: 0 | K137: =H137*D137 -> 0 | L137: =G137+H137 -> 25000 | M137: =D137*L137 -> 25000
A139: 2.2 | B139: Earthing System | K139: =H139*D139 -> 0
A140: 2.20.1 | B140: Design, Supply, Test & Install Earthing System by Specialist | C140: Sum | D140: 1 | E140: =15000 -> 15000 | F140: 0 | G140: =E140/(1-F140) -> 15000 | H140: 0 | K140: =H140*D140 -> 0 | L140: =G140+H140 -> 15000 | M140: =D140*L140 -> 15000
A142: 2.21 | B142: Cerificate of Compliance | K142: =H142*D142 -> 0
A143: 2.21.1 | B143: Issuing of CoC for new system as per SANS 10142-1 | C143: Sum | D143: 1 | E143: =5000 -> 5000 | F143: 0 | G143: =E143/(1-F143) -> 5000 | H143: 0 | K143: =H143*D143 -> 0 | L143: =G143+H143 -> 5000 | M143: =D143*L143 -> 5000
A144: 2.21.2 | B144: Provisional Sum for rectification of existing defects in order to issue CoC | C144: Sum | D144: 1 | E144: =50000 -> 50000 | F144: 0 | G144: =E144/(1-F144) -> 50000 | H144: 0 | K144: =H144*D144 -> 0 | L144: =G144+H144 -> 50000 | M144: =D144*L144 -> 50000
A146: 2.22 | B146: SUNDRY ITEMS | K146: =H146*D146 -> 0
K147: =H147*D147 -> 0
A148: 2.22.1 | B148: All items such as bolts, nuts, mounting screws, scruits midget, connector blocks, cable ties, cable/tray clamps etc. to provide a fully functional and compliant system | C148: Sum | D148: 1 | E148: =5000*3 -> 15000 | F148: 0.2 | G148: =E148/(1-F148) -> 18750 | H148: 1 | K148: =H148*D148 -> 1 | L148: =G148+H148 -> 18751 | M148: =D148*L148 -> 18751
...

Sheet SECT 2- N Block 0PV&2.5hr
A1: BILL OF QUANTITIES
A2: ='SECTION 1-P&G'!C8:H8 -> #VALUE!
A3: SECTION 2: SOLAR PV / BATTERY SYSTEM
C4: A | D4: B | E4: C | F4: D | G4: E | H4: F | I4: G | J4: H | K4: I | L4: J | M4: K
A5: ITEM No. | B5: DESCRIPTION | C5: UNIT | D5: QUANTITY | E5: SUPPLY RATE (COST) | F5: MARK UP % | G5: SUPPLY RATE (MARKED UP) | H5: Install Rate | I5: MARK UP % | J5: INSTALL RATE (Marked up) | K5: LABOUR TOTAL | L5: RATE (E+H) | M5: TOTAL (BxJ)
A7: 2 | D7: INVERTERS, SOLAR PV MODULES, BATTERIES, AC EQUIPMENT & CABLING
A9: 2.1 | D9: Solar PV Panels
A11: 2.1.3 | B11: N block -Supply, Deliver, Install, Test & Commission 550W Canadian Solar Super High Power Mono PERC or Equivalent to Engineer's approval. Inclusive of earthing & bonding complete | C11: ea | D11: 0 | E11: =1623.93 -> 1623.93 | F11: 0.25 | G11: =E11/(1-F11) -> 2165.24 | H11: 350 | I11: 0.15 | J11: =H11*(1+I11) -> 402.5 | K11: =J11*D11 -> 0 | L11: =G11+J11 -> 2567.74 | M11: =D11*L11 -> 0
A13: 2.2 | D13: Inverters
A14: 2.2.2 | B14: N Block -Supply, Deliver, Install, Test & Commission 5kW 1P Sunsynk hybrid inverter | C14: ea | D14: 1 | E14: 16062.21 | F14: 0.2 | G14: =E14/(1-F14) -> 20077.762 | H14: =(550*8)+3600 -> 8000 | I14: 0.15 | J14: =H14*(1+I14) -> 9200 | K14: =J14*D14 -> 9200 | L14: =G14+J14 -> 29277.762 | M14: =D14*L14 -> 29277.762
A16: 2.3 | D16: Automatic Transfer Switch (ATS)
A17: 2.3.2 | B17: N Block Supply, Deliver, Install, Test & Commission Changeover Switch | C17: No. | D17: 1 | E17: 13730 | F17: 0.2 | G17: =E17/(1-F17) -> 17162.5 | H17: =(550*4)+3500 -> 5700 | I17: 0.15 | J17: =H17*(1+I17) -> 6555 | K17: =J17*D17 -> 6555 | L17: =G17+J17 -> 23717.5 | M17: =D17*L17 -> 23717.5
A18: 2.3.3 | B18: N Block Supply, Deliver, Install, Test & Commission Elum SD Genset controller | C18: No. | D18: 1 | E18: 70000 | F18: 0.2 | G18: =E18/(1-F18) -> 87500 | H18: =(550*4)+3500 -> 5700 | I18: 0.15 | J18: =H18*(1+I18) -> 6555 | K18: =J18*D18 -> 6555 | L18: =G18+J18 -> 94055 | M18: =D18*L18 -> 94055
A19: 2.4 | D19: Battery System
A20: 2.4.1 | B20: N Block -Supply, Deliver, Install, Test & Commission Lithium Batteries to provide backup. 10/8 LV | C20: Sum | D20: 1 | E20: =45242.35*1.2 -> 54290.82 | F20: 0.2 | G20: =E20/(1-F20) -> 67863.525 | H20: =(550*8)+3600 -> 8000 | I20: 0.15 | J20: =H20*(1+I20) -> 9200 | K20: =J20*D20 -> 9200 | L20: =G20+J20 -> 77063.525 | M20: =D20*L20 -> 77063.525
A22: 2.4.4
B23: Supply, Deliver, Install, Test & Commission Fuse Disconnectors with 250A fuses for Battery | C23: No. | D23: 2 | E23: =1888.71*1.15 -> 2172.0165 | F23: 0.2 | G23: =E23/(1-F23) -> 2715.0206 | H23: =250*1 -> 250 | I23: 0.15 | J23: =H23*(1+I23) -> 287.5 | K23: =J23*D23 -> 575 | L23: =G23+J23 -> 3002.5206 | M23: =D23*L23 -> 6005.0412
A25: 2.5 | D25: Mounting Structure, Clamps & Walkways
A26: 2.5.1 | B26: Mounting Structures. Material to be aluminium and must include a 10 year warranty | C26: ea | D26: 1 | E26: 650 | F26: 0.2 | G26: =E26/(1-F26) -> 812.5 | H26: =(((5*200)*4)*1.2)/D26 -> 4800 | I26: 0.15 | J26: =H26*(1+I26) -> 5520 | K26: =J26*D26 -> 5520 | L26: =G26+J26 -> 6332.5 | M26: =D26*L26 -> 6332.5
B27: Cable Support/Wireways etc. Material to be galvanized steel | C27: Sum | D27: 1 | E27: =10000 -> 10000 | F27: 0.2 | G27: =E27/(1-F27) -> 12500 | H27: =2500*3 -> 7500 | I27: 0.15 | J27: =H27*(1+I27) -> 8625 | K27: =J27*D27 -> 8625 | L27: =G27+J27 -> 21125 | M27: =D27*L27 -> 21125
A29: 2.6 | D29: DC Cabling
A30: 2.6.1 | B30: 4mmsq Solar PV DC cables from panels to DC combiner box. Red cable for positive (+) and Black cable for negative (-) to SANS10142-1. UV resistant to EN50618 & TUV certified. Including MC4 connectors complete | C30: m | D30: 0 | E30: =14.85*1.15 -> 17.0775 | F30: 0.2 | G30: =E30/(1-F30) -> 21.346875 | H30: =39 -> 39 | I30: 0.15 | J30: =H30*(1+I30) -> 44.85 | K30: =J30*D30 -> 0 | L30: =G30+J30 -> 66.196875 | M30: =D30*L30 -> 0
A31: 2.6.2 | B31: 70mm2 Single core DC cable for Batteries | C31: m | E31: =180*1.15 -> 207 | F31: 0.2 | G31: =E31/(1-F31) -> 258.75 | H31: =65 -> 65 | I31: 0.15 | J31: =H31*(1+I31) -> 74.75 | K31: =J31*D31 -> 0 | L31: =G31+J31 -> 333.5 | M31: =D31*L31 -> 0
A32: 2.6.3 | B32: 50mm2 Single core DC cable for Batteries | C32: m | D32: =6+N("3m per electrode") -> 6 | E32: =190 -> 190 | F32: 0.2 | G32: =E32/(1-F32) -> 237.5 | H32: =65 -> 65 | I32: 0.15 | J32: =H32*(1+I32) -> 74.75 | K32: =J32*D32 -> 448.5 | L32: =G32+J32 -> 312.25 | M32: =D32*L32 -> 1873.5
B33: 25mm2 Single core DC cable for Batteries | C33: m | E33: =110 -> 110 | F33: 0.2 | G33: =E33/(1-F33) -> 137.5 | H33: =65 -> 65 | I33: 0.15 | J33: =H33*(1+I33) -> 74.75 | K33: =J33*D33 -> 0 | L33: =G33+J33 -> 212.25 | M33: =D33*L33 -> 0
A35: 2.7 | D35: DC Combiner Box
A36: 2.7.1 | B36: DC Combiner Box including the ffg components: 1000V rating, 1 X MPPT, 8 Inputs & 1 Output, 160A Isolator, Type 1 & 2 Surge Protection device, Inclusive of fuses. | C36: No. | D36: 0 | E36: =13501.37*1.2 -> 16201.644 | F36: 0.2 | G36: =E36/(1-F36) -> 20252.055 | H36: =250*2 -> 500 | I36: 0.15 | J36: =H36*(1+I36) -> 575 | K36: =J36*D36 -> 0 | L36: =G36+J36 -> 20827.055 | M36: =D36*L36 -> 0
A37: 2.7.2 | B37: DC Combiner Box including the ffg components: 1000V rating, 4 X MPPT, 8 Inputs & 8 Output, 160A Isolator, Type 1 & 2 Surge Protection device, Inclusive of fuses. | C37: No. | D37: 0 | E37: =13501.37*1.2 -> 16201.644 | F37: 0.2 | G37: =E37/(1-F37) -> 20252.055 | H37: =250*2 -> 500 | I37: 0.15 | J37: =H37*(1+I37) -> 575 | K37: =J37*D37 -> 0 | L37: =G37+J37 -> 20827.055 | M37: =D37*L37 -> 0
A39: 2.8 | D39: Circuit Breakers
A41: 2.8.1 | B41: Supply, Deliver, Install new 400V, 200A, 6kA, 3P,adjustable MCCB | C41: No. | D41: 0 | E41: 2500 | F41: 0.2 | G41: =E41/(1-F41) -> 3125 | H41: =(250+100)*4 -> 1400 | I41: 0.15 | J41: =H41*(1+I41) -> 1610 | K41: =J41*D41 -> 0 | L41: =G41+J41 -> 4735 | M41: =D41*L41 -> 0
A43: 2.8.2 | B43: Supply, Deliver, Install new 400V, 150A, 6kA, 4P, adjustable MCCB | C43: No. | D43: 0 | E43: 1800 | F43: 0.2 | G43: =E43/(1-F43) -> 2250 | H43: =(250+100)*4 -> 1400 | I43: 0.15 | J43: =H43*(1+I43) -> 1610 | K43: =J43*D43 -> 0 | L43: =G43+J43 -> 3860 | M43: =D43*L43 -> 0
A45: 2.8.3 | B45: Supply, Deliver, Install new 400V, 80A, 6kA, 3P, MCB | C45: No. | D45: =4 + N("2 Isolator + 2 CB") -> 4 | E45: =550*1.2 -> 660 | F45: 0.2 | G45: =E45/(1-F45) -> 825 | H45: =(250+100)*4 -> 1400 | I45: 0.15 | J45: =H45*(1+I45) -> 1610 | K45: =J45*D45 -> 6440 | L45: =G45+J45 -> 2435 | M45: =D45*L45 -> 9740
A47: 2.8.4 | B47: Supply, Deliver, Install new 400V, 80A, 4P N/O Contactor | C47: No. | D47: 1 | E47: =550*1.2 -> 660 | F47: 0.2 | G47: =E47/(1-F47) -> 825 | H47: =(250+100)*4 -> 1400 | I47: 0.15 | J47: =H47*(1+I47) -> 1610 | K47: =J47*D47 -> 1610 | L47: =G47+J47 -> 2435 | M47: =D47*L47 -> 2435
A49: 2.9 | D49: Distribution Boards
A51: 2.9.1 | B51: Supply, Deliver, Install new 8-way LV Distribution Board | C51: ea | D51: 0 | E51: 2500 | F51: 0.2 | G51: =E51/(1-F51) -> 3125 | H51: =250*1 -> 250 | I51: 0.15 | J51: =H51*(1+I51) -> 287.5 | K51: =J51*D51 -> 0 | L51: =G51+J51 -> 3412.5 | M51: =D51*L51 -> 0
A53: 2.9.2 | B53: Supply, Deliver, Install new 16-way LV Distribution Board | C53: ea | D53: =3 + N("AC in&out with db for circuits split") -> 3 | E53: 5729 | F53: 0.2 | G53: =E53/(1-F53) -> 7161.25 | H53: 250 | I53: 0.15 | J53: =H53*(1+I53) -> 287.5 | K53: =J53*D53 -> 862.5 | L53: =G53+J53 -> 7448.75 | M53: =D53*L53 -> 22346.25
A55: 2.9.3 | B55: Supply, Deliver, Install Surge Arrestor Din 3 Pole+Neutral 20kA 1.3kV type 1 & 2 | C55: ea | D55: 1 | E55: =5729 -> 5729 | F55: 0.2 | G55: =E55/(1-F55) -> 7161.25 | H55: 250 | I55: 0.15 | J55: =H55*(1+I55) -> 287.5 | K55: =J55*D55 -> 287.5 | L55: =G55+J55 -> 7448.75 | M55: =D55*L55 -> 7448.75
A57: 2.9.4 | B57: Supply, Deliver, Install new 300/5A, 10VA Current transformers as required to integrate the new system | C57: ea | D57: 2 | E57: 350 | F57: 0.2 | G57: =E57/(1-F57) -> 437.5 | H57: 250 | I57: 0.15 | J57: =H57*(1+I57) -> 287.5 | K57: =J57*D57 -> 575 | L57: =G57+J57 -> 725 | M57: =D57*L57 -> 1450
A59: 2.9.5 | B59: Supply, Deliver, Install & Terminate 7C, 4mm control cable between CT's and Inverter | C59: m | D59: 20 | E59: =35 -> 35 | F59: 0.2 | G59: =E59/(1-F59) -> 43.75 | H59: =(65*3) -> 195 | I59: 0.15 | J59: =H59*(1+I59) -> 224.25 | K59: =J59*D59 -> 4485 | L59: =G59+J59 -> 268 | M59: =D59*L59 -> 5360
A61: 2.9.6 | B61: Disconnect & Remove existing equipment as per scope of works | C61: Sum | D61: 1 | E61: 1 | F61: 0.2 | G61: =E61/(1-F61) -> 1.25 | H61: =2500*3 -> 7500 | I61: 0.15 | J61: =H61*(1+I61) -> 8625 | K61: =J61*D61 -> 8625 | L61: =G61+J61 -> 8626.25 | M61: =D61*L61 -> 8626.25
A63: 2.1 | D63: Steel Stand for Equipment
A64: 2.10.1 | B64: Fabricate & Install galvanized steel stand for new Inverter. Dimensions: 1200 x 800 x 300mm (L X B X H) | C64: ea | D64: =2 + N("1 for inverter and battery") -> 2 | E64: 10000 | F64: 0.16 | G64: =E64/(1-F64) -> 11904.762 | H64: 200 | I64: 0.15 | J64: =H64*(1+I64) -> 230 | K64: =J64*D64 -> 460 | L64: =G64+J64 -> 12134.762 | M64: =D64*L64 -> 24269.524
A66: 2.10.2 | B66: Fabricate & Install galvanized steel stand for new ATS. Dimensions: 700 x 500 x 300mm (L X B X H) | C66: ea | D66: 0 | E66: 7500 | F66: 0.16 | G66: =E66/(1-F66) -> 8928.5714 | H66: 200 | I66: 0.15 | J66: =H66*(1+I66) -> 230 | K66: =J66*D66 -> 0 | L66: =G66+J66 -> 9158.5714 | M66: =D66*L66 -> 0
A68: 2.11 | D68: AC CABLING
B70: Supply, Deliver, Install & Test LV ECC CABLES (4 Core Cu PVC/SWA/PVC)
B72: Laid in ground or Clamped to cable ladder or cable tray with K clamps at 1500mm spacing or to manufacturers recommendations. Type: Aberdare, Africa Cables or equal and approved by Engineer
A74: 2.11.1 | B74: 70 mm² 4-core | C74: m | D74: 0 | E74: 947.75 | F74: 0.25 | G74: =E74/(1-F74) -> 1263.6667 | H74: 25 | I74: 0.15 | J74: =H74*(1+I74) -> 28.75 | K74: =J74*D74 -> 0 | L74: =G74+J74 -> 1292.4167 | M74: =D74*L74 -> 0
A75: 2.11.2 | B75: 50 mm² 4-core | C75: m | D75: 0 | E75: 686.12 | F75: 0.25 | G75: =E75/(1-F75) -> 914.82667 | H75: 25 | I75: 0.15 | J75: =H75*(1+I75) -> 28.75 | K75: =J75*D75 -> 0 | L75: =G75+J75 -> 943.57667 | M75: =D75*L75 -> 0
A76: 2.11.3 | B76: 35 mm² 4-core | C76: m | D76: 0 | E76: 538.9 | F76: 0.25 | G76: =E76/(1-F76) -> 718.53333 | H76: 25 | I76: 0.15 | J76: =H76*(1+I76) -> 28.75 | K76: =J76*D76 -> 0 | L76: =G76+J76 -> 747.28333 | M76: =D76*L76 -> 0
A77: 2.11.4 | B77: 25 mm² 4-core | C77: m | D77: 0 | E77: 450 | F77: 0.25 | G77: =E77/(1-F77) -> 600 | H77: 25 | I77: 0.15 | J77: =H77*(1+I77) -> 28.75 | K77: =J77*D77 -> 0 | L77: =G77+J77 -> 628.75 | M77: =D77*L77 -> 0
A78: 2.11.5 | B78: 16 mm² 4-core | C78: m | D78: 0 | E78: 380 | F78: 0.25 | G78: =E78/(1-F78) -> 506.66667 | H78: 25 | I78: 0.15 | J78: =H78*(1+I78) -> 28.75 | K78: =J78*D78 -> 0 | L78: =G78+J78 -> 535.41667 | M78: =D78*L78 -> 0
A79: 2.11.6 | B79: 10 mm² 4-core | C79: m | D79: 0 | E79: =215 -> 215 | F79: 0.25 | G79: =E79/(1-F79) -> 286.66667 | H79: 25 | I79: 0.15 | J79: =H79*(1+I79) -> 28.75 | K79: =J79*D79 -> 0 | L79: =G79+J79 -> 315.41667 | M79: =D79*L79 -> 0
A81: 2.12 | D81: GENERAL PURPOSE WIRE
A83: 2.12.1 | B83: 35 mm² GPW | C83: m | D83: 0 | E83: 109.45 | F83: 0.2 | G83: =E83/(1-F83) -> 136.8125 | H83: 50 | I83: 0.15 | J83: =H83*(1+I83) -> 57.5 | K83: =J83*D83 -> 0 | L83: =G83+J83 -> 194.3125 | M83: =D83*L83 -> 0
B84: 16 mm² GPW | C84: m | D84: 0 | E84: 70.6 | F84: 0.2 | G84: =E84/(1-F84) -> 88.25 | H84: 50 | I84: 0.15 | J84: =H84*(1+I84) -> 57.5 | K84: =J84*D84 -> 0 | L84: =G84+J84 -> 145.75 | M84: =D84*L84 -> 0
B85: 6 mm² GPW | C85: m | D85: 6 | E85: 22.91 | F85: 0.2 | G85: =E85/(1-F85) -> 28.6375 | H85: 50 | I85: 0.15 | J85: =H85*(1+I85) -> 57.5 | K85: =J85*D85 -> 345 | L85: =G85+J85 -> 86.1375 | M85: =D85*L85 -> 516.825
A87: 2.13 | D87: SURFIX
A89: 2.13.1 | B89: 1.5 mm² 2C + E Surfix | C89: m | D89: 0 | E89: 25 | F89: 0.2 | G89: =E89/(1-F89) -> 31.25 | I89: 0.15 | J89: =H89*(1+I89) -> 0 | K89: =J89*D89 -> 0 | L89: =G89+J89 -> 31.25 | M89: =D89*L89 -> 0
A90: 2.13.2 | B90: 2.5 mm² 2C + E Surfix | C90: m | D90: 0 | E90: 33 | F90: 0.2 | G90: =E90/(1-F90) -> 41.25 | I90: 0.15 | J90: =H90*(1+I90) -> 0 | K90: =J90*D90 -> 0 | L90: =G90+J90 -> 41.25 | M90: =D90*L90 -> 0
A91: 2.13.3 | B91: 4 mm² 2C + E Surfix | C91: m | D91: 0 | E91: 37 | F91: 0.2 | G91: =E91/(1-F91) -> 46.25 | I91: 0.15 | J91: =H91*(1+I91) -> 0 | K91: =J91*D91 -> 0 | L91: =G91+J91 -> 46.25 | M91: =D91*L91 -> 0
A92: 2.13.4 | B92: 6 mm² 2C + E Surfix | C92: m | D92: 10 | E92: 81.25 | F92: 0.2 | G92: =E92/(1-F92) -> 101.5625 | I92: 0.15 | J92: =H92*(1+I92) -> 0 | K92: =J92*D92 -> 0 | L92: =G92+J92 -> 101.5625 | M92: =D92*L92 -> 1015.625
A94: 2.14 | D94: CABLE TERMINATIONS (1, or 4 Core Cu PVC/SWA/PVC or Flexible)
B96: Cable terminations complete with compatible glands, lugs and shrouds to suite cable type to SABS requirements & Specifications:
A98: 2.14.1 | B98: 70 mm² 4-core | C98: ea | D98: 0 | E98: =752.54*1.1 -> 827.794 | F98: 0.2 | G98: =E98/(1-F98) -> 1034.7425 | H98: =(250+100)*1.5 -> 525 | I98: 0.15 | J98: =H98*(1+I98) -> 603.75 | K98: =J98*D98 -> 0 | L98: =G98+J98 -> 1638.4925 | M98: =D98*L98 -> 0
A99: 2.14.2 | B99: 70 mm² 1-core | C99: ea | D99: 0 | E99: =350*1.1 -> 385 | F99: 0.2 | G99: =E99/(1-F99) -> 481.25 | H99: =(250+100)*1.5 -> 525 | I99: 0.15 | J99: =H99*(1+I99) -> 603.75 | K99: =J99*D99 -> 0 | L99: =G99+J99 -> 1085 | M99: =D99*L99 -> 0
A100: 2.14.3 | B100: 50 mm² 4-core | C100: ea | D100: 0 | E100: 550 | F100: 0.2 | G100: =E100/(1-F100) -> 687.5 | H100: =(250+100)*1.5 -> 525 | I100: 0.15 | J100: =H100*(1+I100) -> 603.75 | K100: =J100*D100 -> 0 | L100: =G100+J100 -> 1291.25 | M100: =D100*L100 -> 0
A101: 2.14.4 | B101: 35 mm² 4-core | C101: ea | D101: 0 | E101: 350 | F101: 0.2 | G101: =E101/(1-F101) -> 437.5 | H101: 525 | I101: 0.15 | J101: =H101*(1+I101) -> 603.75 | K101: =J101*D101 -> 0 | L101: =G101+J101 -> 1041.25 | M101: =D101*L101 -> 0
A102: 2.14.5 | B102: 25 mm² 4-core | C102: ea | D102: 0 | G102: =E102/(1-F102) -> 0 | H102: 525 | I102: 0.15 | J102: =H102*(1+I102) -> 603.75 | K102: =J102*D102 -> 0 | L102: =G102+J102 -> 603.75 | M102: =D102*L102 -> 0
A103: 2.14.6 | B103: 16 mm² 4-core | C103: ea | D103: 0 | E103: 350 | F103: 0.2 | G103: =E103/(1-F103) -> 437.5 | H103: 525 | I103: 0.15 | J103: =H103*(1+I103) -> 603.75 | K103: =J103*D103 -> 0 | L103: =G103+J103 -> 1041.25 | M103: =D103*L103 -> 0
A104: 2.14.7 | B104: 10 mm² 4-core | C104: ea | D104: 0 | E104: 350 | F104: 0.2 | G104: =E104/(1-F104) -> 437.5 | H104: 525 | I104: 0.15 | J104: =H104*(1+I104) -> 603.75 | K104: =J104*D104 -> 0 | L104: =G104+J104 -> 1041.25 | M104: =D104*L104 -> 0
A105: 2.14.8 | B105: 35 mm² 1-core | C105: ea | D105: 0 | F105: 0.2 | G105: =E105/(1-F105) -> 0 | H105: 525 | I105: 0.15 | J105: =H105*(1+I105) -> 603.75 | K105: =J105*D105 -> 0 | L105: =G105+J105 -> 603.75 | M105: =D105*L105 -> 0
A106: 2.14.9 | B106: 25 mm² 1-core | C106: ea | D106: 0 | E106: 250 | F106: 0.2 | G106: =E106/(1-F106) -> 312.5 | H106: 525 | I106: 0.15 | J106: =H106*(1+I106) -> 603.75 | K106: =J106*D106 -> 0 | L106: =G106+J106 -> 916.25 | M106: =D106*L106 -> 0
A107: 2.14.10 | B107: 16 mm² 1-core | C107: ea | D107: 0 | E107: 500 | F107: 0.2 | G107: =E107/(1-F107) -> 625 | H107: 525 | I107: 0.15 | J107: =H107*(1+I107) -> 603.75 | K107: =J107*D107 -> 0 | L107: =G107+J107 -> 1228.75 | M107: =D107*L107 -> 0
A108: 2.14.11 | B108: 10 mm² 1-core | C108: ea | D108: 0 | E108: 500 | F108: 0.2 | G108: =E108/(1-F108) -> 625 | H108: 525 | I108: 0.15 | J108: =H108*(1+I108) -> 603.75 | K108: =J108*D108 -> 0 | L108: =G108+J108 -> 1228.75 | M108: =D108*L108 -> 0
A109: 2.14.11 | B109: 6 mm² 1-core | C109: ea | D109: 6 | E109: 200 | F109: 0.2 | G109: =E109/(1-F109) -> 250 | H109: 525 | I109: 0.15 | J109: =H109*(1+I109) -> 603.75 | K109: =J109*D109 -> 3622.5 | L109: =G109+J109 -> 853.75 | M109: =D109*L109 -> 5122.5
A111: 2.15 | D111: INSULATED COPPER EARTH WIRE
B113: Black insulated stranded copper earth wire strapped to cable at 2000mm centres with PVC cable ties or approved method:
A115: 2.15.1 | B115: 35 mm² | C115: m | D115: 0 | E115: =132*(15+10+10) -> 4620 | F115: 0.2 | G115: =E115/(1-F115) -> 5775 | H115: =9*(15+10+10) -> 315 | I115: 0.15 | J115: =H115*(1+I115) -> 362.25 | K115: =J115*D115 -> 0 | L115: =G115+J115 -> 6137.25 | M115: =D115*L115 -> 0
A116: 2.15.2 | B116: 6 mm² | C116: m | D116: =15+N("Just for the inverter battery system") -> 15 | E116: =30 -> 30 | F116: 0.2 | G116: =E116/(1-F116) -> 37.5 | H116: =15 -> 15 | I116: 0.15 | J116: =H116*(1+I116) -> 17.25 | K116: =J116*D116 -> 258.75 | L116: =G116+J116 -> 54.75 | M116: =D116*L116 -> 821.25
A118: 2.16 | D118: COMMUNICATIONS CABLE
A120: 2.16.1 | B120: Supply, deliver, Install & terminate CAT 6 communications cable (including connectors) as per scope of work | C120: m | D120: 10 | E120: 5 | F120: 0.2 | G120: =E120/(1-F120) -> 6.25 | H120: =(100*3) -> 300 | I120: 0.15 | J120: =H120*(1+I120) -> 345 | K120: =J120*D120 -> 3450 | L120: =G120+J120 -> 351.25 | M120: =D120*L120 -> 3512.5
A122: 2.17 | D122: TRENCHING & BACKFILLING
B124: Trench depth to be 600mm deep
A126: 2.17.1 | B126: Trenching & backfilling of cables in soft pickable soil as per scope of work. Including importing of backfill material as required. Including cable warning tape | C126: Sum | D126: 0 | F126: 0.2 | G126: =E126/(1-F126) -> 0 | H126: =140*(20+60+200) -> 39200 | I126: 0.15 | J126: =H126*(1+I126) -> 45080 | K126: =J126*D126 -> 0 | L126: =G126+J126 -> 45080 | M126: =D126*L126 -> 0
A127: 2.17.2 | B127: Trenching & backfilling of cables in hard rock as per scope of work. Including importing of backfill material as required. Including cable warning tape | C127: Sum | D127: 0 | F127: 0.2 | G127: =E127/(1-F127) -> 0 | H127: =140*(20+60+200) -> 39200 | I127: 0.15 | J127: =H127*(1+I127) -> 45080 | K127: =J127*D127 -> 0 | L127: =G127+J127 -> 45080 | M127: =D127*L127 -> 0
A128: 2.17.3 | B128: Supply & Install 50mm diameter PVC sleeves including bends and connectors | C128: Sum | D128: 0 | E128: =35*(50+50) -> 3500 | F128: 0.2 | G128: =E128/(1-F128) -> 4375 | H128: =5*(50+50+50) -> 750 | I128: 0.15 | J128: =H128*(1+I128) -> 862.5 | K128: =J128*D128 -> 0 | L128: =G128+J128 -> 5237.5 | M128: =D128*L128 -> 0
A129: 2.17.4 | B129: Re-instatement of existing concrete surfaces | C129: Sum | D129: 0 | E129: =4500*3 -> 13500 | F129: 0.2 | G129: =E129/(1-F129) -> 16875 | H129: 5 | I129: 0.15 | J129: =H129*(1+I129) -> 5.75 | K129: =J129*D129 -> 0 | L129: =G129+J129 -> 16880.75 | M129: =D129*L129 -> 0
A131: 2.18 | D131: Tree cutting & trimming
A133: 2.18.1 | B133: Tree cutting & trimming as required | C133: Sum | D133: 1 | E133: 10000 | F133: 0.2 | G133: =E133/(1-F133) -> 12500 | H133: =2500*3 -> 7500 | K133: =H133*D133 -> 7500 | L133: =G133+J133 -> 12500 | M133: =D133*L133 -> 12500
K134: =H134*D134 -> 0
A136: 2.19 | B136: Lighting Protection System | K136: =H136*D136 -> 0
A137: 2.19.1 | B137: Design, Supply, Test & Install Lighting Protection System by Specialist | C137: Sum | D137: 1 | E137: 25000 | F137: 0 | G137: =E137/(1-F137) -> 25000 | H137: 0 | K137: =H137*D137 -> 0 | L137: =G137+H137 -> 25000 | M137: =D137*L137 -> 25000
A139: 2.2 | B139: Earthing System | K139: =H139*D139 -> 0
A140: 2.20.1 | B140: Design, Supply, Test & Install Earthing System by Specialist | C140: Sum | D140: 1 | E140: =15000 -> 15000 | F140: 0 | G140: =E140/(1-F140) -> 15000 | H140: 0 | K140: =H140*D140 -> 0 | L140: =G140+H140 -> 15000 | M140: =D140*L140 -> 15000
A142: 2.21 | B142: Cerificate of Compliance | K142: =H142*D142 -> 0
A143: 2.21.1 | B143: Issuing of CoC for new system as per SANS 10142-1 | C143: Sum | D143: 1 | E143: =5000 -> 5000 | F143: 0 | G143: =E143/(1-F143) -> 5000 | H143: 0 | K143: =H143*D143 -> 0 | L143: =G143+H143 -> 5000 | M143: =D143*L143 -> 5000
A144: 2.21.2 | B144: Provisional Sum for rectification of existing defects in order to issue CoC | C144: Sum | D144: 1 | E144: =50000 -> 50000 | F144: 0 | G144: =E144/(1-F144) -> 50000 | H144: 0 | K144: =H144*D144 -> 0 | L144: =G144+H144 -> 50000 | M144: =D144*L144 -> 50000
A146: 2.22 | B146: SUNDRY ITEMS | K146: =H146*D146 -> 0
K147: =H147*D147 -> 0
A148: 2.22.1 | B148: All items such as bolts, nuts, mounting screws, scruits midget, connector blocks, cable ties, cable/tray clamps etc. to provide a fully functional and compliant system | C148: Sum | D148: 1 | E148: =5000*3 -> 15000 | F148: 0.2 | G148: =E148/(1-F148) -> 18750 | H148: 1 | K148: =H148*D148 -> 1 | L148: =G148+H148 -> 18751 | M148: =D148*L148 -> 18751
...

Sheet SECT 2- MSP LV SR
H1: #VALUE!
C6: BILL OF QUANTITIES
C7: ='SECTION 1-P&G'!C8:H8 -> ACSA KSIA POWER FACTOR CORRECTION UPGRADE
C8: SECTION 2: MSP LV Switchroom
C9: ITEM No. | D9: DESCRIPTION
D10: Supplementary Preamble
D11: The following items must be priced in strict accordance with the technical specification document and the applicable drawings
D12: The Contractor must provide a guarantee period of 36 months on all equipment & materials, starting from date of final commissioning
E13: A | F13: B | G13: C | H13: D | I13: E | J13: F
C14: 1 | D14: Power Quality Study | E14: UNIT | F14: QUANTITY | G14: SUPPLY RATE | H14: INSTALL RATE | I14: RATE (C+D) | J14: TOTAL (BxE)
C15: 1.1 | D15: Conduct a comprehensive Power Quality Study at the Main Incomer to the MSP LV Switchroom. Power Quality Meter to be used is to be Class-A with high resolution sampling. The metering exercise is to be conducted for a period of 7 days. A detailed report should be provided on completion of the measurement excercise. This PQ Study will be done to confirm the sizing of the new PFC equipment. | E15: Sum | F15: 1 | I15: =G15+H15 -> 0 | J15: =I15*F15 -> 0
C16: 1.2 | D16: Conduct a comprehensive Power Quality Study at the Main Incomer to the MSP LV Switchroom. Power Quality Meter to be used is to be Class-A with high resolution sampling. The metering exercise is to be conducted for a period of 7 days. A detailed report should be provided on completion of the measurement excercise. This PQ Study will be done post installation of the new PFC equipment, and is for the evaluation of the performance of the new PFC equipment | E16: Sum | F16: 1 | I16: =G16+H16 -> 0 | J16: =I16*F16 -> 0
E17: A | F17: B | G17: C | H17: D | I17: E | J17: F
C18: 2 | D18: Power Factor Correction Equipment If multiple units are to be installed in parallel, all items required to provide such functionality are to be fully priced for | E18: UNIT | F18: QUANTITY | G18: SUPPLY RATE | H18: INSTALL RATE | I18: RATE (C+D) | J18: TOTAL (BxE)
C19: 2.1 | D19: Supply, Deliver, Rig, Install, Test & Commission a dynamic 300kVAr, 400V Power Factor Correction (PFC) equipment - Static VAr Generator type, to provide stepless PF correction and Harmonic mitigation. PFC switching mechanism is to be via IGBT switching (To Engineers approval). PFC equipment to fully comply with Technical specification. | E19: each | F19: 1 | G19: 0 | I19: =G19+H19 -> 0 | J19: =F19*I19 -> 0
C20: 2.2 | D20: Provide a rate only for the Supply, Deliver, Rig, Install, Test & Commission a dynamic 250kVAr, 400V Power Factor Correction (PFC) equipment - Static VAr Generator type, to provide stepless PF correction and Harmonic mitigation. PFC switching mechanism is to be via IGBT switching (To Engineers approval). PFC equipment to fully comply with Technical specification. | E20: each | F20: Rate Only | G20: 0 | H20: 0 | I20: =H20+G20 -> 0
C21: 2.3 | D21: Provide a rate only for the Supply, Deliver, Rig, Install, Test & Commission a dynamic 200kVAr, 400V Power Factor Correction (PFC) equipment - Static VAr Generator type, to provide stepless PF correction and Harmonic mitigation. PFC switching mechanism is to be via IGBT switching (To Engineers approval). PFC equipment to fully comply with Technical specification. | E21: each | F21: Rate Only | G21: 0 | H21: 0 | I21: =H21+G21 -> 0
C22: 2.4 | D22: Provide a rate only for the Supply, Deliver, Rig, Install, Test & Commission a dynamic 150kVAr, 400V Power Factor Correction (PFC) equipment - Static VAr Generator type, to provide stepless PF correction and Harmonic mitigation. PFC switching mechanism is to be via IGBT switching (To Engineers approval). PFC equipment to fully comply with Technical specification. | E22: each | F22: Rate Only | G22: 0 | H22: 0 | I22: =H22+G22 -> 0
E23: A | F23: B | G23: C | H23: D | I23: E | J23: F
C24: 3 | D24: Metering & Control Equipment | E24: UNIT | F24: QUANTITY | G24: SUPPLY RATE | H24: INSTALL RATE | I24: RATE (C+D) | J24: TOTAL (BxE)
C25: 3.1 | D25: Provide a rate only -Supply, Deliver, Install & Test 200/5A Split Core Current Transformers suitable for use with proposed PFC equipment as per OEM guidelines | E25: ea | F25: Rate only | G25: 0 | H25: 0 | I25: =G25+H25 -> 0
C26: 3.2 | D26: Provide a rate only -Supply, Deliver, Install & Test 400/5A Split Core Current Transformers suitable for use with proposed PFC equipment as per OEM guidelines | E26: ea | F26: Rate only | G26: 0 | H26: 0 | I26: =G26+H26 -> 0
C27: 3.3 | D27: Supply, Deliver, Install & Test 600/5A Split Core Current Transformers suitable for use with proposed PFC equipment as per OEM guidelines | E27: ea | F27: 3 | G27: 0 | H27: 0 | I27: =G27+H27 -> 0 | J27: =I27*F27 -> 0
C28: 3.4 | D28: Supply, Deliver & Install a 13-way GEC Test Block | E28: No. | F28: 1 | G28: 0 | H28: 0 | I28: =G28+H28 -> 0 | J28: =I28*F28 -> 0
C29: 3.5 | D29: Supply, Deliver, Install & Commission a fixed Power Quality Analyzer (Elspec G4420 or equivalent to Engineer's approval). To be installed onto existing LV panel, inclusive of all modifications required to the existing panel. The pricing is to be inclusive of the following: - Current Transformers - Wiring - Clips and connectors - Components required for remote communication with the meter/analyzer - Software required to access and analyze the recorded data (3 year license to be included in price) | E29: No. | F29: 1 | G29: 0 | H29: 0 | I29: =G29+H29 -> 0 | J29: =I29*F29 -> 0
C30: 3.6 | D30: Supply, Deliver, Install & Commission a fixed Power Quality Analyzer (Elspec G4420 or equivalent to Engineer's approval). To be installed onto existing LV panel, inclusive of all modifications required to the existing panel. The pricing is to be inclusive of the following: - Current Transformers - Wiring - Clips and connectors - Components required for remote communication with the meter/analyzer - Software required to access and analyze the recorded data (3 year license to be included in price) Provisional item for installation at the 11kV Main Intakes | E30: No. | F30: 3 | G30: 0 | H30: 0 | I30: =G30+H30 -> 0 | J30: =I30*F30 -> 0
E31: A | F31: B | G31: C | H31: D | I31: E | J31: F
C32: 4 | D32: Switchgear (LV) & Accessories | E32: UNIT | F32: QUANTITY | G32: SUPPLY RATE | H32: INSTALL RATE | I32: RATE (C+D) | J32: TOTAL (BxE)
C33: 4.1 | D33: Provide a rate only for - Supply, Deliver, Install, Test & Commission 200A, 50kA 3P MCCB with Electronic Trip Unit. To be installed into existing LV Panel. Inclusive of rotary handle mechanism | E33: No. | F33: Rate only | I33: =G33+H33 -> 0
C34: 4.2 | D34: Provide a rate only for - Supply, Deliver, Install, Test & Commission 400A, 50kA 3P MCCB with Electronic Trip Unit. To be installed into existing LV Panel. Inclusive of rotary handle mechanism | E34: No. | F34: Rate only | I34: =G34+H34 -> 0
C35: 4.3 | D35: Supply, Deliver, Install, Test & Commission 600A, 50kA 3P MCCB with Electronic Trip Unit. To be installed into existing LV Panel. Inclusive of rotary handle mechanism | E35: No. | F35: 1 | G35: 0 | I35: =G35+H35 -> 0 | J35: =I35*F35 -> 0
C36: 4.4 | D36: Modifications to the existing LV panel to install new MCCB | E36: Sum | F36: 1 | I36: =G36+H36 -> 0 | J36: =I36*F36 -> 0
C37: 5 | D37: Cabling
C38: 5.1 | D38: Quantities are re-measurable Supply, Deliver & Test & Install the following cables & accesories:
C39: 5.2 | D39: AC Cables - Supply, Deliver, Install & Test LV ECC CABLES (4 Core Cu PVC/SWA/PVC)
D40: Clamped to cable ladder or cable tray with K clamps at 1500mm spacing or to manufacturers recommendations. Type: Aberdare, Africa Cables or equal and approved by Engineer
C41: 5.2.1 | D41: 95 mm² 4-core | E41: m | F41: =3*20*1.1 -> 66 | G41: 0 | H41: 0 | I41: =G41+H41 -> 0 | J41: =I41*F41 -> 0
C42: 5.2.2 | D42: 70 mm² 4-core rate only | E42: m | F42: 1 | I42: =G42+H42 -> 0
C43: 5.2.3 | D43: 70 mm² 1-Core Cu Earth Cable | E43: m | F43: 30 | I43: =G43+H43 -> 0 | J43: =I43*F43 -> 0
C44: 5.3 | D44: Control Cable
D45: Supply, Deliver, Install & Test Control Cable
C46: 5.3.1 | D46: 4 mm² 7-Core Control cable for CT signals to PFC & PFC to Generator | E46: m | F46: 30 | I46: =G46+H46 -> 0 | J46: =I46*F46 -> 0
C47: 5.4 | D47: Cable Terminations
D49: Supply, Deliver & Install Cable Terminations
D51: Cable terminations complete with compatible glands, lugs and shrouds to suite cable type to SABS requirements & Specifications:
I52: =G52+H52 -> 0 | J52: =I52*F52 -> 0
C53: 5.4.1 | D53: 95 mm² 4-core | E53: ea | F53: 10 | I53: =G53+H53 -> 0 | J53: =I53*F53 -> 0
C54: 5.4.2 | D54: 70 mm² 4-core rate only | E54: m | F54: 1 | I54: =G54+H54 -> 0
C55: 5.4.3 | D55: 70 mm² 1-core | E55: ea | F55: 10 | I55: =G55+H55 -> 0 | J55: =I55*F55 -> 0
C56: 5.4.4 | D56: 4 mm² 7-core | E56: ea | F56: 10 | I56: =G56+H56 -> 0 | J56: =I56*F56 -> 0
E57: A | F57: B | G57: C | H57: D | I57: E | J57: F
C58: 5.5 | D58: SCADA | E58: UNIT | F58: QUANTITY | G58: SUPPLY RATE | H58: INSTALL RATE | I58: RATE (C+D) | J58: TOTAL (BxE)
C59: 5.5.1 | D59: Supply, deliver, Install & terminate CAT 6 communications cable (including connectors) as per scope of work | E59: m | F59: 30 | I59: =G59+H59 -> 0 | J59: =I59*F59 -> 0
C60: 5.5.2 | D60: Connect the new PFC equipment to the existing SCADA system. Inclusive of all new hardware and components | E60: Sum | F60: 1 | I60: =G60+H60 -> 0 | J60: =I60*F60 -> 0
C61: 5.6 | D61: Cable Containment, Accessories & Support Structures
D62: Supply, Deliver & Install the following cable accessories & support structures
C63: 5.6.1 | D63: 25mm PVC Conduit inclusive of joins, bends, saddles, couplings, etc. | E63: m | F63: 30 | I63: =G63+H63 -> 0 | J63: =I63*F63 -> 0
C64: 5.6.2 | D64: 25mm Sprague PVC inclusive of bends, couplings, etc. | E64: m | F64: 30 | I64: =G64+H64 -> 0 | J64: =I64*F64 -> 0
C65: 5.6.3 | D65: Trunking 100mmx40mm per meter with end caps | E65: m | F65: 30 | I65: =G65+H65 -> 0 | J65: =I65*F65 -> 0
C66: 5.6.4 | D66: 150mm Galvanized Heavy Duty Perforated Cable Tray inclusive of covers, mounting accessories, hangers, brackets, etc. | E66: m | F66: 30 | I66: =G66+H66 -> 0 | J66: =I66*F66 -> 0
C67: 5.6.5 | D67: 100mm Wire mesh Cable tray inclusive of covers, mounting accessories, hangers, brackets, etc. | E67: m | F67: 30 | I67: =G67+H67 -> 0 | J67: =I67*F67 -> 0
C68: 5.6.6 | D68: P8000 Galvanized Trunking including all mounting accessories, end caps, hangers, brackets etc. | E68: m | F68: 30 | G68: 0 | H68: 0 | I68: =G68+H68 -> 0 | J68: =I68*F68 -> 0
C69: 6 | D69: Testing & Commissioning
C70: 6.1 | D70: Perform Factory Acceptance Test (FAT) in line with OEM recommendations. Inclusive of travel, accomodation & subsistence for 2 x ACSA representatives & 2 x Engineers representatives | E70: Sum | F70: 1 | I70: =G70+H70 -> 0 | J70: =I70*F70 -> 0
C71: 6.2 | D71: Perform Site Acceptance Test (SAT) in accordance with OEM recommendations | E71: Sum | F71: 1 | I71: =G71+H71 -> 0 | J71: =I71*F71 -> 0
C72: 6.3 | D72: Issuing of CoC for new installation | E72: Sum | F72: 1 | I72: =G72+H72 -> 0 | J72: =I72*F72 -> 0
C73: 6.4 | D73: Thermal infrared scanning of all new cable connections. Report to be submitted. | E73: Sum | F73: 1 | I73: =G73+H73 -> 0 | J73: =I73*F73 -> 0
C74: 7 | D74: Decommissioning of Existing Equipment
C75: 7.1 | D75: Decommission and Discard existing PFC and Accessories in accordance with ACSA disposal policies and avail safe disposal certificates | E75: Sum | F75: 1 | I75: =G75+H75 -> 0 | J75: =I75*F75 -> 0
D76: Carried to the Summary page (Exclusive VAT) | J76: =SUM(J15:J75) -> 0
C77: The Bill of Quantities (BoQ) shall be submitted in PRINTED PDF format, duly completed, signed and shall form part of the NEC3 Engineering and Construction Contract (ECC).
C78: BIDDING ENTITY/COMPANY : ___________________________________________ SIGNATURE (Duly Authorised) : __________________________________________ DATE: _______________ NAME: ____________________________________________________

Sheet SECT 3 - ATC LV SR
H1: #VALUE!
C6: BILL OF QUANTITIES
C7: ='SECTION 1-P&G'!C8 -> ACSA KSIA POWER FACTOR CORRECTION UPGRADE
C8: SECTION 3: ATC LV Switchroom
C9: ITEM No. | D9: DESCRIPTION | E9: UNIT | F9: QUANTITY | G9: SUPPLY RATE | H9: INSTALL RATE | I9: RATE (C+D) | J9: TOTAL (BxE)
D10: Supplementary Preamble
D11: The following items must be priced in strict accordance with the technical specification document and the applicable drawings
D12: The Contractor must provide a guarantee period of 36 months on all equipment & materials, starting from date of final commissioning
E13: A | F13: B | G13: C | H13: D | I13: E | J13: F
C14: 1 | D14: Power Quality Study | E14: UNIT | F14: QUANTITY | G14: SUPPLY RATE | H14: INSTALL RATE | I14: RATE (C+D) | J14: TOTAL (BxE)
C15: 1.1 | D15: Conduct a comprehensive Power Quality Study at the Main Incomer to the ATC LV Switchroom. Power Quality Meter to be used is to be Class-A with high resolution sampling. The metering exercise is to be conducted for a period of 7 days. A detailed report should be provided on completion of the measurement excercise. This PQ Study will be done to confirm the sizing of the new PFC equipment. | E15: Sum | F15: 1 | I15: =H15+G15 -> 0 | J15: =I15*F15 -> 0
C16: 1.2 | D16: Conduct a comprehensive Power Quality Study at the Main Incomer to the ATC LV Switchroom. Power Quality Meter to be used is to be Class-A with high resolution sampling. The metering exercise is to be conducted for a period of 7 days. A detailed report should be provided on completion of the measurement excercise. This PQ Study will be done post installation of the new PFC equipment, and is for the evaluation of the performance of the new PFC equipment | E16: Sum | F16: 1 | I16: =H16+G16 -> 0 | J16: =I16*F16 -> 0
E17: A | F17: B | G17: C | H17: D | I17: E | J17: F
C18: 2 | D18: Power Factor Correction Equipment If multiple units are to be installed in parallel, all items required to provide such functionality are to be fully priced for | E18: UNIT | F18: QUANTITY | G18: SUPPLY RATE | H18: INSTALL RATE | I18: RATE (C+D) | J18: TOTAL (BxE)
C19: 2.1 | D19: Supply, Deliver, Rig, Install, Test & Commission a dynamic 300kVAr, 400V Power Factor Correction (PFC) equipment - Static VAr Generator type, to provide stepless PF correction and Harmonic mitigation. PFC switching mechanism is to be via IGBT switching (To Engineers approval). PFC equipment to fully comply with Technical specification. | E19: No. | F19: 1 | I19: =H19+G19 -> 0 | J19: =I19*F19 -> 0
C20: 2.2 | D20: Provide a rate only for the Supply, Deliver, Rig, Install, Test & Commission a dynamic 250kVAr, 400V Power Factor Correction (PFC) equipment - Static VAr Generator type, to provide stepless PF correction and Harmonic mitigation. PFC switching mechanism is to be via IGBT switching (To Engineers approval). PFC equipment to fully comply with Technical specification. | E20: Each | F20: Rate Only | I20: =H20+G20 -> 0
C21: 2.3 | D21: Provide a rate only for the Supply, Deliver, Rig, Install, Test & Commission a dynamic 200kVAr, 400V Power Factor Correction (PFC) equipment - Static VAr Generator type, to provide stepless PF correction and Harmonic mitigation. PFC switching mechanism is to be via IGBT switching (To Engineers approval). PFC equipment to fully comply with Technical specification. | E21: Each | F21: Rate Only | I21: =H21+G21 -> 0
C22: 2.4 | D22: Provide a rate only for the Supply, Deliver, Rig, Install, Test & Commission a dynamic 150kVAr, 400V Power Factor Correction (PFC) equipment - Static VAr Generator type, to provide stepless PF correction and Harmonic mitigation. PFC switching mechanism is to be via IGBT switching (To Engineers approval). PFC equipment to fully comply with Technical specification. | E22: ea | F22: Rate Only | I22: =H22+G22 -> 0
C23: 3 | D23: Metering & Control Equipment
C24: 3.1 | D24: Provide a rate only -Supply, Deliver, Install & Test 200/5A Split Core Current Transformers suitable for use with proposed PFC equipment as per OEM guidelines | E24: Each | F24: Rate only | I24: =H24+G24 -> 0
C25: 3.2 | D25: Provide a rate only -Supply, Deliver, Install & Test 400/5A Split Core Current Transformers suitable for use with proposed PFC equipment as per OEM guidelines | E25: Each | F25: Rate only | I25: =H25+G25 -> 0
C26: 3.3 | D26: Supply, Deliver, Install & Test 600/5A Split Core Current Transformers suitable for use with proposed PFC equipment as per OEM guidelines | E26: Each | F26: 3 | I26: =H26+G26 -> 0 | J26: =I26*F26 -> 0
C27: 3.4 | D27: Supply, Deliver & Install a 13-way GEC Test Block | E27: No. | F27: 1 | I27: =H27+G27 -> 0 | J27: =I27*F27 -> 0
C28: 3.5 | D28: Supply, Deliver, Install & Commission a fixed Power Quality Analyzer (Elspec G4420 or equivalent to Engineer's approval). To be installed onto existing LV panel, inclusive of all modifications required to the existing panel. The pricing is to be inclusive of the following: - Current Transformers - Wiring - Clips and connectors - Components required for remote communication with the meter/analyzer - Software required to access and analyze the recorded data (3 year license to be included in price) | E28: No. | F28: 1 | I28: =H28+G28 -> 0 | J28: =I28*F28 -> 0
C29: 4 | D29: Switchgear (LV) & Accessories
C30: 4.1 | D30: Provide a rate only for - Supply, Deliver, Install, Test & Commission 200A, 50kA 3P MCCB with Electronic Trip Unit. To be installed into existing LV Panel. Inclusive of rotary handle mechanism | E30: No. | F30: Rate only | I30: =H30+G30 -> 0
C31: 4.2 | D31: Provide a rate only for - Supply, Deliver, Install, Test & Commission 400A, 50kA 3P MCCB with Electronic Trip Unit. To be installed into existing LV Panel. Inclusive of rotary handle mechanism | E31: No. | F31: Rate only | I31: =H31+G31 -> 0
C32: 4.3 | D32: Supply, Deliver, Install, Test & Commission 600A, 50kA 3P MCCB with Electronic Trip Unit. To be installed into existing LV Panel. Inclusive of rotary handle mechanism | E32: No. | F32: 1 | I32: =H32+G32 -> 0 | J32: =I32*F32 -> 0
C33: 4.4 | D33: Modifications to the existing LV panel to install new MCCB | E33: Sum | F33: 1 | I33: =H33+G33 -> 0 | J33: =I33*F33 -> 0
C34: 5 | D34: Cabling
C35: 5.1 | D35: Quantities are re-measurable Supply, Deliver & Test & Install the following cables & accesories:
C36: 5.2 | D36: AC Cables - Supply, Deliver, Install & Test LV ECC CABLES (4 Core Cu PVC/SWA/PVC)
D37: Clamped to cable ladder or cable tray with K clamps at 1500mm spacing or to manufacturers recommendations. Type: Aberdare, Africa Cables or equal and approved by Engineer
C38: 5.2.1 | D38: 95 mm² 4-core | E38: m | F38: =(3*20)*1.1 -> 66 | I38: =H38+G38 -> 0 | J38: =I38*F38 -> 0
C39: 5.2.1 | D39: 70 mm² 4-core rate only | E39: m | F39: 1 | I39: =H39+G39 -> 0 | J39: =I39*F39 -> 0
C40: 5.2.2 | D40: 70 mm² 1-Core Cu Earth Cable | E40: m | F40: 20 | I40: =H40+G40 -> 0 | J40: =I40*F40 -> 0
E41: A | F41: B | G41: C | H41: D | I41: E | J41: F
C42: 5.3 | D42: Control Cable | E42: UNIT | F42: QUANTITY | G42: SUPPLY RATE | H42: INSTALL RATE | I42: RATE (C+D) | J42: TOTAL (BxE)
D43: Supply, Deliver, Install & Test Control Cable
C44: 5.3.1 | D44: 4 mm² 7-Core Control cable for CT signals to PFC | E44: m | F44: 15 | I44: =H44+G44 -> 0 | J44: =I44*F44 -> 0
C45: 5.5 | D45: Cable Terminations
D46: Supply, Deliver & Install Cable Terminations
D47: Cable terminations complete with compatible glands, lugs and shrouds to suite cable type to SABS requirements & Specifications:
C48: 5.5.1 | D48: 95 mm² 4-core | E48: ea | F48: 10 | I48: =H48+G48 -> 0 | J48: =I48*F48 -> 0
C49: 5.2.1 | D49: 70 mm² 4-core rate only | E49: m | F49: 1 | I49: =H49+G49 -> 0 | J49: =I49*F49 -> 0
C50: 5.5.3 | D50: 70 mm² 1-core | E50: ea | F50: 10 | I50: =H50+G50 -> 0 | J50: =I50*F50 -> 0
C51: 5.5.4 | D51: 4 mm² 7-core | E51: ea | F51: 10 | I51: =H51+G51 -> 0 | J51: =I51*F51 -> 0
C52: 5.6 | D52: SCADA
C53: 5.6.1 | D53: Supply, deliver, Install & terminate CAT 6 communications cable (including connectors) as per scope of work | E53: m | F53: 30 | I53: =H53+G53 -> 0 | J53: =I53*F53 -> 0
C54: 5.6.2 | D54: Connect the new PFC equipment to the existing SCADA system. Inclusive of all new hardware and components | E54: Sum | F54: 1 | I54: =H54+G54 -> 0 | J54: =I54*F54 -> 0
C55: 5.7 | D55: Cable Containment, Accessories & Support Structures | E55: A | F55: B | G55: C | H55: D | I55: E | J55: F
D56: Supply, Deliver & Install the following cable accessories & support structures | E56: UNIT | F56: QUANTITY | G56: SUPPLY RATE | H56: INSTALL RATE | I56: RATE (C+D) | J56: TOTAL (BxE)
C57: 5.7.1 | D57: 25mm PVC Conduit inclusive of joins, bends, saddles, couplings, etc. | E57: m | F57: 30 | I57: =H57+G57 -> 0 | J57: =I57*F57 -> 0
C58: 5.7.2 | D58: 25mm Sprague PVC inclusive of bends, couplings, etc. | E58: m | F58: 30 | I58: =H58+G58 -> 0 | J58: =I58*F58 -> 0
C59: 5.7.3 | D59: Trunking 100mmx40mm per meter with end caps | E59: m | F59: 30 | I59: =H59+G59 -> 0 | J59: =I59*F59 -> 0
C60: 5.7.4 | D60: 150mm Galvanized Heavy Duty Perforated Cable Tray inclusive of covers, mounting accessories, hangers, brackets, etc. | E60: m | F60: 30 | I60: =H60+G60 -> 0 | J60: =I60*F60 -> 0
C61: 5.7.5 | D61: 100mm Wire mesh Cable tray inclusive of covers, mounting accessories, hangers, brackets, etc. | E61: m | F61: 30 | I61: =H61+G61 -> 0 | J61: =I61*F61 -> 0
C62: 5.7.6 | D62: P8000 Galvanized Trunking including all mounting accessories, end caps, hangers, brackets etc. | E62: m | F62: 30 | I62: =H62+G62 -> 0 | J62: =I62*F62 -> 0
C63: 6 | D63: Testing & Commissioning | E63: A | F63: B | G63: C | H63: D | I63: E | J63: F
E64: UNIT | F64: QUANTITY | G64: SUPPLY RATE | H64: INSTALL RATE | I64: RATE (C+D) | J64: TOTAL (BxE)
C65: 6.1 | D65: Perform Factory Acceptance Test (FAT) in line with OEM recommendations. Inclusive of travel, accomodation & subsistence for 2 x ACSA representatives & 2 x Engineers representatives | E65: Sum | F65: 1 | I65: =H65+G65 -> 0 | J65: =I65*F65 -> 0
C66: 6.2 | D66: Perform Site Acceptance Test (SAT) in accordance with OEM recommendations | E66: Sum | F66: 1 | I66: =H66+G66 -> 0 | J66: =I66*F66 -> 0
C67: 6.3 | D67: Issuing of CoC for new installation | E67: Sum | F67: 1 | I67: =H67+G67 -> 0 | J67: =I67*F67 -> 0
C68: 6.4 | D68: Thermal infrared scanning of all new cable connections. Report to be submitted. | E68: Sum | F68: 1 | I68: =H68+G68 -> 0 | J68: =I68*F68 -> 0
C69: 7 | D69: Decommissioning of Existing Equipment
C70: 7.1 | D70: Decommission and Discard existing PFC and Accessories in accordance with ACSA disposal policies and avail safe disposal certificates | E70: Sum | F70: 1 | I70: =H70+G70 -> 0 | J70: =I70*F70 -> 0
D71: Carried to the Summary page (Exclusive VAT) | J71: =SUM(J15:J70) -> 0
C72: The Bill of Quantities (BoQ) shall be submitted in PRINTED PDF format, duly completed, signed and shall form part of the NEC3 Engineering and Construction Contract (ECC).
C73: BIDDING ENTITY/COMPANY : ___________________________________________ SIGNATURE (Duly Authorised) : __________________________________________ DATE: _______________ NAME: ____________________________________________________

Sheet SECT 4- AIRSIDE SS 1
H1: #VALUE!
C6: BILL OF QUANTITIES
C7: ='SECTION 1-P&G'!C8 -> ACSA KSIA POWER FACTOR CORRECTION UPGRADE
C8: SECTION 4: Airside Substation 1
C9: ITEM No. | D9: DESCRIPTION | E9: UNIT | F9: QUANTITY | G9: SUPPLY RATE | H9: INSTALL RATE | I9: RATE (C+D) | J9: TOTAL (BxE)
D10: Supplementary Preamble
D11: The following items must be priced in strict accordance with the technical specification document and the applicable drawings
D12: The Contractor must provide a guarantee period of 36 months on all equipment & materials, starting from date of final commissioning
E13: A | F13: B | G13: C | H13: D | I13: E | J13: F
C14: 1 | D14: Power Quality Study | E14: UNIT | F14: QUANTITY | G14: SUPPLY RATE | H14: INSTALL RATE | I14: RATE (C+D) | J14: TOTAL (BxE)
C16: 1.1 | D16: Conduct a comprehensive Power Quality Study at the Main Incomer to the Airside SS 1 LV Switchroom. Power Quality Meter to be used is to be Class-A with high resolution sampling. The metering exercise is to be conducted for a period of 7 days. A detailed report should be provided on completion of the measurement excercise. This PQ Study will be done to confirm the sizing of the new PFC equipment. | E16: Sum | F16: 1 | I16: =H16+G16 -> 0 | J16: =I16*F16 -> 0
C17: 1.2 | D17: Conduct a comprehensive Power Quality Study at the Main Incomer to the Airside SS 1 LV Switchroom. Power Quality Meter to be used is to be Class-A with high resolution sampling. The metering exercise is to be conducted for a period of 7 days. A detailed report should be provided on completion of the measurement excercise. This PQ Study will be done post installation of the new PFC equipment, and is for the evaluation of the performance of the new PFC equipment | E17: Sum | F17: 1 | I17: =H17+G17 -> 0 | J17: =I17*F17 -> 0
C18: 2 | D18: Power Factor Correction Equipment If multiple units are to be installed in parallel, all items required to provide such functionality are to be fully priced for
C19: 2.1 | D19: Supply, Deliver, Rig, Install, Test & Commission a dynamic 200kVAr, 400V Power Factor Correction (PFC) equipment - Static VAr Generator type, to provide stepless PF correction and Harmonic mitigation. PFC switching mechanism is to be via IGBT switching (To Engineers approval). PFC equipment to fully comply with Technical specification.Installed on Airside Substation 1 LV DB to achieve total compensation of 400kVAr | E19: No. | F19: 2 | I19: =H19+G19 -> 0 | J19: =I19*F19 -> 0
C20: 2.2 | D20: Provide a rate only for the Supply, Deliver, Rig, Install, Test & Commission a dynamic 300kVAr, 400V Power Factor Correction (PFC) equipment - Static VAr Generator type, to provide stepless PF correction and Harmonic mitigation. PFC switching mechanism is to be via IGBT switching (To Engineers approval). PFC equipment to fully comply with Technical specification. | E20: Each | F20: Rate Only | I20: =H20+G20 -> 0
C21: 2.3 | D21: Provide a rate only for the Supply, Deliver, Rig, Install, Test & Commission a dynamic 200kVAr, 400V Power Factor Correction (PFC) equipment - Static VAr Generator type, to provide stepless PF correction and Harmonic mitigation. PFC switching mechanism is to be via IGBT switching (To Engineers approval). PFC equipment to fully comply with Technical specification. | E21: Each | F21: Rate Only | I21: =H21+G21 -> 0
C22: 2.4 | D22: Provide a rate only for the Supply, Deliver, Rig, Install, Test & Commission a dynamic 150kVAr, 400V Power Factor Correction (PFC) equipment - Static VAr Generator type, to provide stepless PF correction and Harmonic mitigation. PFC switching mechanism is to be via IGBT switching (To Engineers approval). PFC equipment to fully comply with Technical specification. | E22: Each | F22: Rate Only | I22: =H22+G22 -> 0
E23: A | F23: B | G23: C | H23: D | I23: E | J23: F
C24: 3 | D24: Metering & Control Equipment | E24: UNIT | F24: QUANTITY | G24: SUPPLY RATE | H24: INSTALL RATE | I24: RATE (C+D) | J24: TOTAL (BxE)
C25: 3.1 | D25: Supply, Deliver, Install & Test 400/5A Split Core Current Transformers suitable for use with proposed PFC equipment as per OEM guidelines | E25: Each | F25: =3*2 -> 6 | I25: =H25+G25 -> 0 | J25: =I25*F25 -> 0
C26: 3.2 | D26: Provide a rate only -Supply, Deliver, Install & Test 800/5A Split Core Current Transformers suitable for use with proposed PFC equipment as per OEM guidelines | E26: Each | F26: Rate only | I26: =H26+G26 -> 0
C27: 3.3 | D27: Provide a rate only -Supply, Deliver, Install & Test 600/5A Split Core Current Transformers suitable for use with proposed PFC equipment as per OEM guidelines | E27: Each | F27: Rate only | I27: =H27+G27 -> 0
C28: 3.4 | D28: Provide a rate only -Supply, Deliver, Install & Test 200/5A Split Core Current Transformers suitable for use with proposed PFC equipment as per OEM guidelines | E28: Each | F28: Rate only | I28: =H28+G28 -> 0
C29: 3.5 | D29: Supply, Deliver & Install a 13-way GEC Test Block | E29: No. | F29: 2 | I29: =H29+G29 -> 0 | J29: =I29*F29 -> 0
C30: 3.6 | D30: Supply, Deliver, Install & Commission a fixed Power Quality Analyzer (Elspec G4420 or equivalent to Engineer's approval). To be installed onto existing LV panel, inclusive of all modifications required to the existing panel. The pricing is to be inclusive of the following: - Current Transformers - Wiring - Clips and connectors - Components required for remote communication with the meter/analyzer - Software required to access and analyze the recorded data (3 year license to be included in price) | E30: No. | F30: 1 | I30: =H30+G30 -> 0 | J30: =I30*F30 -> 0
E31: A | F31: B | G31: C | H31: D | I31: E | J31: F
C32: 4 | D32: Switchgear (LV) & Accessories | E32: UNIT | F32: QUANTITY | G32: SUPPLY RATE | H32: INSTALL RATE | I32: RATE (C+D) | J32: TOTAL (BxE)
C33: 4.1 | D33: Supply, Deliver, Install, Test & Commission 400A, 50kA 3P MCCB with Electronic Trip Unit. To be installed into existing LV Panel. Inclusive of rotary handle mechanism | E33: No. | F33: 2 | I33: =H33+G33 -> 0 | J33: =I33*F33 -> 0
C34: 4.2 | D34: Provide a rate only for - Supply, Deliver, Install, Test & Commission 600A, 50kA 3P MCCB with Electronic Trip Unit. To be installed into existing LV Panel. Inclusive of rotary handle mechanism | E34: No. | F34: Rate only | I34: =H34+G34 -> 0
C35: 4.3 | D35: Supply, Deliver, Install, Test & Commission 800A, 50kA 3P MCCB with Electronic Trip Unit. To be installed into existing LV Panel. Inclusive of rotary handle mechanism | E35: No. | F35: 1 | I35: =H35+G35 -> 0 | J35: =I35*F35 -> 0
C36: 4.4 | D36: Provide a rate only for - Supply, Deliver, Install, Test & Commission 200A, 50kA 3P MCCB with Electronic Trip Unit. To be installed into existing LV Panel. Inclusive of rotary handle mechanism | E36: No. | F36: Rate only | I36: =H36+G36 -> 0
C37: 4.5 | D37: Modifications to the existing LV panel to install new MCCB | E37: Sum | F37: 1 | I37: =H37+G37 -> 0 | J37: =I37*F37 -> 0
C38: 5 | D38: Cabling
C39: 5.1 | D39: Quantities are re-measurable Supply, Deliver & Test & Install the following cables & accesories:
C40: 5.2 | D40: AC Cables - Supply, Deliver, Install & Test LV ECC CABLES (4 Core Cu PVC/SWA/PVC)
E41: A | F41: B | G41: C | H41: D | I41: E | J41: F
D42: Clamped to cable ladder or cable tray with K clamps at 1500mm spacing or to manufacturers recommendations. Type: Aberdare, Africa Cables or equal and approved by Engineer | E42: UNIT | F42: QUANTITY | G42: SUPPLY RATE | H42: INSTALL RATE | I42: RATE (C+D) | J42: TOTAL (BxE)
C43: 5.2.1 | D43: 95 mm² 4-core | E43: m | F43: =((2*20)*2)*1.1 -> 88 | I43: =H43+G43 -> 0 | J43: =I43*F43 -> 0
C44: 5.2.2 | D44: 70 mm² 4-core - rate only | E44: m | F44: 1 | I44: =H44+G44 -> 0
C45: 5.2.3 | D45: 70 mm² 1-Core Cu Earth Cable | E45: m | F45: =20*2 -> 40 | I45: =H45+G45 -> 0 | J45: =I45*F45 -> 0
C46: 5.3 | D46: Control Cable
D47: Supply, Deliver, Install & Test Control Cable
C48: 5.3.1 | D48: 4 mm² 7-Core Control cable for CT signals to PFC | E48: m | F48: =15*2 -> 30 | I48: =H48+G48 -> 0 | J48: =I48*F48 -> 0
C49: 5.4 | D49: Cable Terminations
D50: Supply, Deliver & Install Cable Terminations
D51: Cable terminations complete with compatible glands, lugs and shrouds to suite cable type to SABS requirements & Specifications:
C52: 5.4.1 | D52: 95 mm² 4-core | E52: Each | F52: =3*2*2 -> 12 | I52: =G52+H52 -> 0 | J52: =I52*F52 -> 0
C53: 5.4.2 | D53: 70 mm² 4-core - rate only | E53: m | F53: 1 | I53: =G53+H53 -> 0
C54: 5.4.3 | D54: 70 mm² 1-core | E54: Each | F54: =2*2 -> 4 | I54: =G54+H54 -> 0 | J54: =I54*F54 -> 0
C55: 5.4.4 | D55: 4 mm² 7-core | E55: Each | F55: =4*2 -> 8 | I55: =G55+H55 -> 0 | J55: =I55*F55 -> 0
E56: A | F56: B | G56: C | H56: D | I56: E | J56: F
C57: 5.5 | D57: SCADA | E57: UNIT | F57: QUANTITY | G57: SUPPLY RATE | H57: INSTALL RATE | I57: RATE (C+D) | J57: TOTAL (BxE)
C58: 5.5.1 | D58: Supply, deliver, Install & terminate CAT 6 communications cable (including connectors) as per scope of work | E58: m | F58: =20*2 -> 40 | I58: =H58+G58 -> 0 | J58: =I58*F58 -> 0
C59: 5.5.2 | D59: Connect the new PFC equipment to the existing SCADA system. Inclusive of all new hardware and components | E59: Sum | F59: 1 | I59: =H59+G59 -> 0 | J59: =I59*F59 -> 0
C60: 6 | D60: Cable Containment, Accessories & Support Structures
D61: Supply, Deliver & Install the following cable accessories & support structures
C62: 6.1 | D62: 25mm PVC Conduit inclusive of joins, bends, saddles, couplings, etc. | E62: m | F62: 20 | I62: =H62+G62 -> 0 | J62: =I62*F62 -> 0
C63: 6.2 | D63: 25mm Sprague PVC inclusive of bends, couplings, etc. | E63: m | F63: 20 | I63: =H63+G63 -> 0 | J63: =I63*F63 -> 0
C64: 6.3 | D64: Trunking 100mmx40mm per meter with end caps | E64: m | F64: 20 | I64: =H64+G64 -> 0 | J64: =I64*F64 -> 0
C65: 6.4 | D65: 150mm Galvanized Heavy Duty Perforated Cable Tray inclusive of covers, mounting accessories, hangers, brackets, etc. | E65: m | F65: 20 | I65: =H65+G65 -> 0 | J65: =I65*F65 -> 0
C66: 6.5 | D66: 100mm Wire mesh Cable tray inclusive of covers, mounting accessories, hangers, brackets, etc. | E66: m | F66: 20 | I66: =H66+G66 -> 0 | J66: =I66*F66 -> 0
C67: 6.6 | D67: P8000 Galvanized Trunking including all mounting accessories, end caps, hangers, brackets etc. | E67: m | F67: 20 | I67: =H67+G67 -> 0 | J67: =I67*F67 -> 0
E68: A | F68: B | G68: C | H68: D | I68: E | J68: F
C69: 7 | D69: Testing & Commissioning | E69: UNIT | F69: QUANTITY | G69: SUPPLY RATE | H69: INSTALL RATE | I69: RATE (C+D) | J69: TOTAL (BxE)
C70: 7.1 | D70: Perform Factory Acceptance Test (FAT) in line with OEM recommendations. Inclusive of travel, accomodation & subsistence for 2 x ACSA representatives & 2 x Engineers representatives | E70: Sum | F70: 1 | I70: =H70+G70 -> 0 | J70: =I70*F70 -> 0
C71: 7.2 | D71: Perform Site Acceptance Test (SAT) in accordance with OEM recommendations | E71: Sum | F71: 1 | I71: =H71+G71 -> 0 | J71: =I71*F71 -> 0
C72: 7.3 | D72: Issuing of CoC for new installation | E72: Sum | F72: 1 | I72: =H72+G72 -> 0 | J72: =I72*F72 -> 0
C73: 7.4 | D73: Thermal infrared scanning of all new cable connections. Report to be submitted. | E73: Sum | F73: 1 | I73: =H73+G73 -> 0 | J73: =I73*F73 -> 0
C74: 8 | D74: Decommissioning of Existing Equipment
C75: 8.1 | D75: Decommission and Discard existing PFC and Accessories in accordance with ACSA disposal policies and avail safe disposal certificates | E75: Sum | F75: 1 | G75: 0 | I75: =H75+G75 -> 0 | J75: =I75*F75 -> 0
D76: Carried to the Summary page (Exclusive VAT) | J76: =SUM(J16:J75) -> 0
